Workbook

Sheet PORTADA
A58: APUS DE OTROS DEPARTAMENTOS EN: https: //www.invias.gov.co/index.php/informacion-institucional/hechos-de-transparencia/analisis-de-precio-unitarios

Sheet ACLARACION

Sheet INDICE
A1: INSTITUTO NACIONAL DE VÍAS DIRECCIÓN TÉCNICA
A2: ITEM | B2: DESCRIPCION ACTIVIDAD | C2: UNIDAD | D2: COSTO TOTAL (Moneda $ Pesos)
A3: 200.1 | B3: DESMONTE Y LIMPIEZA EN BOSQUE | C3: ='200.1'!L31 -> Ha | D3: =VLOOKUP('200.1'!A88,'200.1'!A36:N107,14,FALSE) -> 3713661.6
A4: 200.2 | B4: DESMONTE Y LIMPIEZA EN ZONAS NO BOSCOSAS | C4: Ha | D4: =VLOOKUP('200.2'!A88,'200.2'!A37:N108,14,FALSE) -> 204791.84
A5: 201.1 | B5: DEMOLICIÓN DE EDIFICACIONES | C5: gl | D5: =VLOOKUP('201.1'!A88,'201.1'!A38:N109,14,FALSE) -> 171748.84
A6: 201.2 | B6: DEMOLICIÓN DE ESTRUCTURAS | C6: gl | D6: =VLOOKUP('201.2'!A88,'201.2'!A39:N110,14,FALSE) -> 137314.14
A7: 201.3 | B7: DEMOLICIÓN DE PAVIMENTOS RÍGIDOS, PISOS, ANDENES Y BORDILLOS DE CONCRETO | C7: gl | D7: =VLOOKUP('201.3'!A88,'201.3'!A40:N111,14,FALSE) -> 42627.445
A8: 201.4 | B8: DEMOLICIÓN DE OBSTÁCULOS | C8: gl | D8: =VLOOKUP('201.4'!A88,'201.4'!A41:N112,14,FALSE) -> 53241.929
A9: 201.5 | B9: DEMOLICIÓN DE EDIFICACIONES | C9: Unidad | D9: =VLOOKUP('201.5'!A88,'201.5'!A42:N113,14,FALSE) -> 171748.84
A10: 201.6 | B10: DEMOLICIÓN DE ESTRUCTURAS | C10: Unidad | D10: =VLOOKUP('201.6'!A88,'201.6'!A43:N114,14,FALSE) -> 137314.14
A11: 201.7 | B11: DEMOLICIÓN DE ESTRUCTURAS | C11: m3 | D11: =VLOOKUP('201.7'!A88,'201.7'!A44:N115,14,FALSE) -> 134790.41
A12: 201.8 | B12: DEMOLICIÓN DE PAVIMENTOS RÍGIDOS | C12: m2 | D12: =VLOOKUP('201.8'!A88,'201.8'!A45:N116,14,FALSE) -> 17922.344
A13: 201.9 | B13: DEMOLICIÓN DE PISOS Y ANDENES DE CONCRETO | C13: m2 | D13: =VLOOKUP('201.9'!A88,'201.9'!A46:N117,14,FALSE) -> 17663.821
A14: 201.10 | B14: DEMOLICIÓN DE BORDILLOS DE CONCRETO | C14: m | D14: =VLOOKUP('201.10'!A88,'201.10'!A47:N118,14,FALSE) -> 5786.6641
A15: 201.11 | B15: DESMONTAJE Y TRASLADO DE ESTRUCTURAS METÁLICAS | C15: Kg | D15: =VLOOKUP('201.11'!A88,'201.11'!A48:N119,14,FALSE) -> 1411.5852
A16: 201.12 | B16: REMOCIÓN DE ESPECIES VEGETALES | C16: Unidad | D16: =VLOOKUP('201.12'!A88,'201.12'!A49:N120,14,FALSE) -> 90316.67
A17: 201.13 | B17: REMOCIÓN DE OBSTÁCULOS (SE DEBERÁ HACER UN ÍTEM DE PAGO PARA CADA TIPO DE OBSTÁCULO) | C17: Unidad | D17: =VLOOKUP('201.13'!A88,'201.13'!A50:N121,14,FALSE) -> 109183.22
A18: 201.14 | B18: REMOCIÓN DE DUCTOS DE SERVICIOS EXISTENTES | C18: m | D18: =VLOOKUP('201.14'!A88,'201.14'!A51:N122,14,FALSE) -> 36128.9
A19: 201.15 | B19: REMOCIÓN DE ALCANTARILLAS | C19: m | D19: =VLOOKUP('201.15'!A88,'201.15'!A52:N123,14,FALSE) -> 44040.788
A20: 201.16 | B20: REMOCIÓN DE CERCAS DE ALAMBRE | C20: m | D20: =VLOOKUP('201.16'!A88,'201.16'!A53:N124,14,FALSE) -> 1734.7825
A21: 201.17 | B21: TRASLADO DE POSTES | C21: Unidad | D21: =VLOOKUP('201.17'!A88,'201.17'!A54:N125,14,FALSE) -> 59753.217
A22: 201.18 | B22: TRASLADO DE TORRES | C22: Unidad | D22: =VLOOKUP('201.18'!A88,'201.18'!A55:N126,14,FALSE) -> 59753.217
A23: 201.19 | B23: REMOCIÓN DE RIELES | C23: m | D23: =VLOOKUP('201.19'!A88,'201.19'!A56:N127,14,FALSE) -> 4478.3692
A24: 201.20 | B24: REMOCIÓN DE DEFENSAS METÁLICAS | C24: m | D24: =VLOOKUP('201.20'!A88,'201.20'!A57:N128,14,FALSE) -> 726.78279
A25: 201.21 | B25: REMOCIÓN DE BARRERAS DE SEGURIDAD | C25: m | D25: =VLOOKUP('201.21'!A88,'201.21'!A58:N129,14,FALSE) -> 5644.6688
A26: 203.1 | B26: TRANSPLANTE DE ARBOLES TIPO I TRASLADO CORTO | C26: Unidad | D26: =VLOOKUP('203.1'!A88,'203.1'!A59:N130,14,FALSE) -> 870610.74
A27: 203.2 | B27: TRANSPLANTE DE ARBOLES TIPO I TRASLADO LARGO | C27: Unidad | D27: =VLOOKUP('203.2'!A88,'203.2'!A60:N131,14,FALSE) -> 1064812
A28: 203.3 | B28: TRANSPLANTE DE ARBOLES TIPO I TRASLADO ESPECIAL | C28: Unidad | D28: =VLOOKUP('203.3'!A88,'203.3'!A61:N132,14,FALSE) -> 1203527.1
A29: 203.4 | B29: TRANSPLANTE DE ARBOLES TIPO II TRASLADO CORTO | C29: Unidad | D29: =VLOOKUP('203.4'!A88,'203.4'!A62:N133,14,FALSE) -> 565927.05
A30: 203.5 | B30: TRANSPLANTE DE ARBOLES TIPO II. TRASLADO LARGO | C30: Unidad | D30: =VLOOKUP('203.5'!A88,'203.5'!A63:N134,14,FALSE) -> 656925.31
A31: 203.6 | B31: TRANSPLANTE DE ARBOLES TIPO II TRASLADO ESPECIAL | C31: Unidad | D31: =VLOOKUP('203.6'!A88,'203.6'!A64:N135,14,FALSE) -> 714833.3
A32: 203.7 | B32: TRANSPLANTE DE ARBOLES TIPO III TRASLADO CORTO | C32: Unidad | D32: =VLOOKUP('203.7'!A88,'203.7'!A65:N136,14,FALSE) -> 213484.93
A33: 203.8 | B33: TRANSPLANTE DE ARBOLES TIPO III TRASLADO LARGO | C33: Unidad | D33: =VLOOKUP('203.8'!A88,'203.8'!A66:N137,14,FALSE) -> 318928.36
A34: 203.9 | B34: TRANSPLANTE DE ARBOLES TIPO III TRASLADO ESPECIAL | C34: Unidad | D34: =VLOOKUP('203.9'!A88,'203.9'!A67:N138,14,FALSE) -> 338861.08
A35: 203.10 | B35: TRANSPLANTE DE ARBOLES TIPO IV TRASLADO CORTO | C35: Unidad | D35: =VLOOKUP('203.10'!A88,'203.10'!A68:N139,14,FALSE) -> 165098.06
A36: 203.11 | B36: TRANSPLANTE DE ARBOLES TIPO IV TRASLADO LARGO | C36: Unidad | D36: =VLOOKUP('203.11'!A88,'203.11'!A69:N140,14,FALSE) -> 237385.39
A37: 203.12 | B37: TRANSPLANTE DE ARBOLES TIPO IV TRASLADO ESPECIAL | C37: Unidad | D37: =VLOOKUP('203.12'!A88,'203.12'!A70:N141,14,FALSE) -> 247740.05
A38: 210.1.1 | B38: EXCAVACIÓN SIN CLASIFICAR DE LA EXPLANACIÓN Y CANALES | C38: m3 | D38: =VLOOKUP('210.1.1'!A88,'210.1.1'!A71:N142,14,FALSE) -> 9216.9343
A39: 210.1.2 | B39: EXCAVACIÓN SIN CLASIFICAR DE PRÉSTAMOS | C39: m3 | D39: =VLOOKUP('210.1.2'!A88,'210.1.2'!A72:N143,14,FALSE) -> 3044.0373
A40: 210.2.1 | B40: EXCAVACIÓN EN ROCA DE LA EXPLANACIÓN Y CANALES | C40: m3 | D40: =VLOOKUP('210.2.1'!A90,'210.2.1'!A73:N144,14,FALSE) -> 20411.529
A41: 210.2.2 | B41: EXCAVACIÓN EN MATERIAL COMÚN DE LA EXPLANACIÓN Y CANALES | C41: m3 | D41: =VLOOKUP('210.2.2'!A88,'210.2.2'!A74:N145,14,FALSE) -> 9216.9343
A42: 210.2.3 | B42: EXCAVACIÓN EN ROCA DE PRÉSTAMOS | C42: m3 | D42: =VLOOKUP('210.2.3'!A91,'210.2.3'!A91:N146,14,FALSE) -> 14238.632
A43: 210.2.4 | B43: EXCAVACIÓN EN MATERIAL COMÚN DE PRÉSTAMOS | C43: m3 | D43: =VLOOKUP('210.2.4'!A88,'210.2.4'!A88:N147,14,FALSE) -> 3044.0373
A44: 211.1 | B44: REMOCIÓN DE DERRUMBES | C44: m3 | D44: =VLOOKUP('211.1'!A88,'211.1'!A88:N148,14,FALSE) -> 8317.0279
A45: 220.1 | B45: TERRAPLENES | C45: m3 | D45: =VLOOKUP('220.1'!A88,'220.1'!A88:N149,14,FALSE) -> 13476.56
A46: 221.1 | B46: PEDRAPLÉN COMPACTO | C46: m3 | D46: =VLOOKUP('221.1'!A88,'221.1'!A88:N150,14,FALSE) -> 9640.4498
A47: 221.2 | B47: PEDRAPLÉN SUELTO | C47: m3 | D47: =VLOOKUP('221.2'!A88,'221.2'!A88:N151,14,FALSE) -> 6935.8154
A48: 223.1 | B48: GEOTEXTIL DE REFUERZO TIPO NT-2500 PARA TERRAPLENES REFORZADOS POR GEOSINTETICOS | C48: m2 | D48: =VLOOKUP('223.1'!A88,'223.1'!A88:N152,14,FALSE) -> 8296.8469
A49: 223.2 | B49: GEOMALLA DE REFUERZO TIPOS ASPHALT | C49: m2 | D49: =VLOOKUP('223.2'!A88,'223.2'!A88:N153,14,FALSE) -> 14352.117
A50: 223.3.1 | B50: RELLENO SELECCIONADO PARA TERRAPLENES REFORZADOS CON GEOSINTETICOS | C50: m3 | D50: =VLOOKUP('223.3.1'!A88,'223.3.1'!A88:N154,14,FALSE) -> 39134
A51: 223.3.2 | B51: RELLENO TIPO SUB BASE GRANULAR PARA TERRAPLENES REFORZADOS CON GEOSINTETICOS | C51: m3 | D51: =VLOOKUP('223.3.2'!A88,'223.3.2'!A88:N155,14,FALSE) -> 82134.106
A52: 223.3.3 | B52: RELLENO TIPO BASE GRANULAR PARA TERRAPLENES REFORZADOS CON GEOSINTETICOS | C52: m3 | D52: =VLOOKUP('223.3.3'!A88,'223.3.3'!A88:N156,14,FALSE) -> 88953.592
A53: 230.1 | B53: MEJORAMIENTO DE LA SUBRASANTE CON ADICION DE MATERIALES | C53: m2 | D53: =VLOOKUP('230.1'!A88,'230.1'!A88:N157,14,FALSE) -> 2770.9222
A54: 231.1 | B54: GEOTEXTIL PARA SEPARACIÓN DE SUELOS DE SUBRASANTE Y CAPAS GRANULARES | C54: m2 | D54: =VLOOKUP('231.1'!A88,'231.1'!A88:N159,14,FALSE) -> 8530.3269
A55: 232.1 | B55: GEOTEXTIL PARA ESTABILIZACIÓN DE LA SUBRASANTE | C55: m2 | D55: =VLOOKUP('232.1'!A88,'232.1'!A88:N160,14,FALSE) -> 7499.8949
A56: 233.1 | B56: GEOMALLA PARA ESTABILIZACIÒN DE SUELOS DE SUBRASANTE | C56: m2 | D56: =VLOOKUP('233.1'!A88,'233.1'!A88:N161,14,FALSE) -> 9147.3069
A57: 233.10 | B57: GEOMALLA PARA REFUERZO DE CAPAS GRANULARES | C57: m2 | D57: =VLOOKUP('233.10'!A88,'233.10'!A88:N162,14,FALSE) -> 13879.237
A58: 234.1 | B58: CONFORMACIÓN DE TALUDES EXISTENTES | C58: m2 | D58: =VLOOKUP('234.1'!A88,'234.1'!A88:N163,14,FALSE) -> 1032.1419
A59: 235.1 | B59: SUBRASANTE ESTABILIZADA CON CEMENTO (INCLUYE EL SUMINISTRO DE CEMENTO) | C59: m3 | D59: =VLOOKUP('235.1'!A88,'235.1'!A88:N164,14,FALSE) -> 62226.177
A60: 235.10 | B60: SUBRASANTE ESTABILIZADA CON CEMENTO (NO INCLUYE EL SUMINISTRO DE CEMENTO) | C60: m3 | D60: =VLOOKUP('235.10'!A88,'235.10'!A88:N165,14,FALSE) -> 13346.177
A61: 235.11 | B61: CEMENTO PARA ESTABILIZACION DE SUBRASANTE | C61: kg | D61: =VLOOKUP('235.11'!A88,'235.11'!A88:N166,14,FALSE) -> 611
A62: 236.1 | B62: SUBRASANTE ESTABILIZADA CON CAL (INCLUYE SUMINISTRO DE CAL) | C62: m3 | D62: =VLOOKUP('236.1'!A88,'236.1'!A88:N167,14,FALSE) -> 137730.18
A63: 236.10 | B63: SUBRASANTE ESTABILIZADA CON CAL (NO INCLUYE SUMINISTRO DE CAL) | C63: m3 | D63: =VLOOKUP('236.10'!A87,'236.10'!A87:N168,14,FALSE) -> 13346.177
A64: 236.11 | B64: CAL HIDRATADA PARA ESTABILIZACION DE SUBRASANTE | C64: kg | D64: =VLOOKUP('236.11'!A88,'236.11'!A88:N169,14,FALSE) -> 1554.8
A65: 310.1 | B65: CONFORMACIÓN DE LA CALZADA EXISTENTE | C65: m2 | D65: =VLOOKUP('310.1'!A87,'310.1'!A87:N170,14,FALSE) -> 849.4957
A66: 311.1 | B66: AFIRMADO | C66: m3 | D66: =VLOOKUP('311.1'!A87,'311.1'!A87:N171,14,FALSE) -> 33383.583
A67: 312.1 | B67: TRATAMIENTO PALIATIVO DE POLVO APLICADO EN FORMA SÓLIDA EN HOJUELAS | C67: Kg | D67: =VLOOKUP('312.1'!A88,'312.1'!A88:N172,14,FALSE) -> 4054.6331
A68: 312.2 | B68: TRATAMIENTO PALIATIVO DE POLVO APLICADO EN FORMA SÓLIDA EN ESFERAS | C68: Kg | D68: =VLOOKUP('312.2'!A88,'312.2'!A88:N173,14,FALSE) -> 4261.4
A69: 312.3 | B69: TRATAMIENTO PALIATIVO DE POLVO APLICADO EN FORMA LÍQUIDA | C69: Lt | D69: =VLOOKUP('312.3'!A87,'312.3'!A87:N174,14,FALSE) -> 1580.4574
A70: 312.4 | B70: MATERIAL GRANULAR DE ADICIÓN | C70: m3 | D70: =VLOOKUP('312.4'!A88,'312.4'!A88:N175,14,FALSE) -> 33377.012
A71: 320.1 | B71: SUBBASE GRANULAR CLASE A | C71: m3 | D71: =VLOOKUP('320.1'!A88,'320.1'!A88:N176,14,FALSE) -> 78588.783
A72: 320.2 | B72: SUBBASE GRANULAR CLASE B | C72: m3 | D72: =VLOOKUP('320.2'!A88,'320.2'!A88:N177,14,FALSE) -> 79317.427
A73: 320.3 | B73: SUBBASE GRANULAR CLASE C | C73: m3 | D73: =VLOOKUP('320.3'!A88,'320.3'!A88:N178,14,FALSE) -> 80246.993
A74: 320.4 | B74: SUB-BASE GRANULAR PARA BACHEO CLASE A | C74: m3 | D74: =VLOOKUP('320.4'!A88,'320.4'!A88:N179,14,FALSE) -> 91645.51
A75: 320.5 | B75: SUB-BASE GRANULAR PARA BACHEO CLASE B | C75: m3 | D75: =VLOOKUP('320.5'!A88,'320.5'!A88:N180,14,FALSE) -> 92374.153
A76: 320.6 | B76: SUB-BASE GRANULAR PARA BACHEO CLASE C | C76: m3 | D76: =VLOOKUP('320.6'!A88,'320.6'!A88:N181,14,FALSE) -> 93303.72
A77: 330.1 | B77: BASE GRANULAR CLASE A | C77: m3 | D77: =VLOOKUP('330.1'!A88,'330.1'!A88:N182,14,FALSE) -> 93892.576
A78: 330.2 | B78: BASE GRANULAR CLASE B | C78: m3 | D78: =VLOOKUP('330.2'!A88,'330.1'!A88:N183,14,FALSE) -> 93892.576
A79: 330.3 | B79: BASE GRANULAR CLASE C | C79: m3 | D79: =VLOOKUP('330.3'!A88,'330.3'!A88:N184,14,FALSE) -> 88641.59
A80: 330.4 | B80: BASE GRANULAR PARA BACHEO CLASE A | C80: m3 | D80: =VLOOKUP('330.4'!A88,'330.4'!A88:N185,14,FALSE) -> 106949.3
A81: 330.5 | B81: BASE GRANULAR PARA BACHEO CLASE B | C81: m3 | D81: =VLOOKUP('330.5'!A88,'330.5'!A88:N186,14,FALSE) -> 105678.86
A82: 330.6 | B82: BASE GRANULAR PARA BACHEO CLASE C | C82: m3 | D82: =VLOOKUP('330.6'!A88,'330.6'!A88:N187,14,FALSE) -> 101698.32
A83: 340.1 | B83: BASE ESTABILIZADA CON EMULSIÓN ASFÁLTICA TIPO BEE-38 | C83: m3 | D83: =VLOOKUP('340.1'!A88,'340.1'!A88:N188,14,FALSE) -> 94177.823
A84: 340.2 | B84: BASE ESTABILIZADA CON EMULSIÓN ASFÁLTICA TIPO BEE-25 | C84: m3 | D84: =VLOOKUP('340.2'!A88,'340.2'!A88:N190,14,FALSE) -> 89128.797
A85: 340.3 | B85: BASE ESTABILIZADA CON EMULSIÓN ASFÁLTICA TIPO BEE-5 | C85: m3 | D85: =VLOOKUP('340.3'!A88,'340.3'!A88:N191,14,FALSE) -> 89128.797
A86: 350.1 | B86: SUELO-CEMENTO CLASE SC-D GRADACION TIPO A (INCLUYE SUMINISTRO DEL CEMENTO) | C86: m3 | D86: =VLOOKUP('350.1'!A88,'350.1'!A88:N192,14,FALSE) -> 147770.09
A87: 350.2 | B87: SUELO-CEMENTO CLASE SC-D GRADACION TIPO B (INCLUYE SUMINISTRO DEL CEMENTO) | C87: m3 | D87: =VLOOKUP('350.2'!A88,'350.2'!A88:N193,14,FALSE) -> 146499.65
A88: 350.3 | B88: SUELO-CEMENTO CLASE SC-R GRADACION TIPO A (INCLUYE SUMINISTRO DEL CEMENTO) | C88: m3 | D88: =VLOOKUP('350.3'!A88,'350.3'!A88:N194,14,FALSE) -> 147770.09
A89: 350.4 | B89: SUELO-CEMENTO CLASE SC-R GRADACION TIPO B (INCLUYE SUMINISTRO DEL CEMENTO) | C89: m3 | D89: =VLOOKUP('350.4'!A88,'350.4'!A88:N195,14,FALSE) -> 146499.65
A90: 350.10 | B90: SUELO-CEMENTO CLASE SC-D GRADACION TIPO A (NO INCLUYE SUMINISTRO DEL CEMENTO) | C90: m3 | D90: =VLOOKUP('350.10'!A88,'350.10'!A88:N196,14,FALSE) -> 92780.094
A91: 350.11 | B91: SUELO-CEMENTO CLASE SC-D GRADACION TIPO B (NO INCLUYE SUMINISTRO DEL CEMENTO) | C91: m3 | D91: =VLOOKUP('350.11'!A88,'350.11'!A88:N197,14,FALSE) -> 91509.654
A92: 350.12 | B92: SUELO-CEMENTO CLASE SC-R GRADACION TIPO A (NO INCLUYE SUMINISTRO DEL CEMENTO) | C92: m3 | D92: =VLOOKUP('350.12'!A88,'350.12'!A88:N198,14,FALSE) -> 92780.094
A93: 350.13 | B93: SUELO-CEMENTO CLASE SC-R GRADACION TIPO B (NO INCLUYE SUMINISTRO DEL CEMENTO) | C93: m3 | D93: =VLOOKUP('350.13'!A88,'350.13'!A88:N199,14,FALSE) -> 91509.654
A94: 350.14 | B94: CEMENTO HIDRAULICO PARA SUELO-CEMENTO | C94: Kg | D94: =VLOOKUP('350.14'!A88,'350.14'!A88:N200,14,FALSE) -> 611
A95: 351.1 | B95: BASE TRATADA CON CEMENTO RESISTENCIA R-3.5 (INCLUYE SUMINISTRO DE CEMENTO) | C95: m3 | D95: =VLOOKUP('351.1'!A88,'351.1'!A88:N201,14,FALSE) -> 146499.65
A96: 351.2 | B96: BASE TRATADA CON CEMENTO RESISTENCIA R-5.2 (INCLUYE SUMINISTRO DE CEMENTO) | C96: m3 | D96: =VLOOKUP('351.2'!A88,'351.2'!A88:N202,14,FALSE) -> 146499.65
A97: 351.10 | B97: BASE TRATADA CON CEMENTO RESISTENCIA R-3.5 (NO INCLUYE SUMINISTRO DE CEMENTO) | C97: m3 | D97: =VLOOKUP('351.10'!A88,'351.10'!A88:N203,14,FALSE) -> 91509.654
A98: 351.11 | B98: BASE TRATADA CON CEMENTO RESISTENCIA R-5.2 (NO INCLUYE SUMINISTRO DE CEMENTO) | C98: m3 | D98: =VLOOKUP('351.11'!A88,'351.11'!A88:N204,14,FALSE) -> 91509.654
A99: 351.12 | B99: CEMENTO HIDRAULICO PARA BASE TRATADA CON CEMENTO | C99: Kg | D99: =VLOOKUP('351.12'!A88,'351.12'!A88:N205,14,FALSE) -> 611
A100: 410.1 | B100: CEMENTO ASFÁLTICO DE PENETRACIÓN 40-50 | C100: Kg | D100: =VLOOKUP('410.1'!A88,'410.1'!A88:N206,14,FALSE) -> 1718.4375
...

Sheet MANO DE OBRA
A1: INSTITUTO NACIONAL DE VÍAS DIRECCIÓN TÉCNICA
A3: MANO DE OBRA INCLUIDO FACTOR PRESTACIONAL
D7: Moneda (Pesos $)
A8: A0100130 | B8: día | C8: Armador | D8: 50041.803
A9: A0100150 | B9: día | C9: Ayudante | D9: 45492.548
A10: A0010010 | B10: día | C10: Cadenero | D10: 59140.313
A11: A0100181 | B11: día | C11: Calculista | D11: 343360
A12: A0100140 | B12: día | C12: Cortador | D12: 68238.822
A13: A0100010 | B13: día | C13: Cuadrilla de desmontaje (10 personas) | D13: 500418.03
A14: A0100180 | B14: día | C14: Cuadrilla de fabricación | D14: 272955.29
A15: A0041004 | B15: día | C15: Cuadrilla de Un Oficial y (2) Obreros. | D15: 181970.19
A16: A0041006 | B16: día | C16: Cuadrilla de un oficial y (4) Obreros. | D16: 272955.29
A17: A0100170 | B17: día | C17: Dibujante | D17: 90985.097
A18: A0100182 | B18: día | C18: Dibujante 2 | D18: 81886.587
A19: A0100120 | B19: u | C19: Estudios, análisis e informes | D19: 1819701.9
... A67: A0040110 | B67: día | C67: Celador | D67: 45492.548

Sheet EQUIPOS
A1: INSTITUTO NACIONAL DE VÍAS DIRECCIÓN TÉCNICA
A3: EQUIPOS
C6: EQUIPOS VARIOS | D6: Moneda ($ Pesos)
A7: C0010011 | B7: u | C7: Andamiaje para Aplicar la Carga (Equipos Sustituto de la Tara) | D7: 47481.75
A8: C0010010 | B8: h | C8: Aspersor manual | D8: 1852.7263
A9: C0010020 | B9: h | C9: Barredora mecánica de cepillo de 3658 mm ; 6 m3 | D9: 47726.474
A10: C0010030 | B10: h | C10: Bomba de concreto, Producción: 30 m3/h, POTENCIA: 67 HP, MAX PRESION DE CONCRETO: 1150 PSI | D10: 45220
A11: C0010040 | B11: h | C11: Bomba de inyección de lechada | D11: 19035
A12: C0010034 | B12: h | C12: Bomba eléctrica para accionar la celda | D12: 46300
A13: C0010050 | B13: h | C13: Bomba para gato de tensionamiento | D13: 47587.5
A14: C0010053 | B14: h | C14: Buldozer Potencia al volante de 305 HP, motor de 2100 RPM, longitud de hoja 6,39m. | D14: 206212.5
A15: C0010052 | B15: h | C15: Buldozer, Potencia al volante de 140 HP, motor de 2200 RPM, longitud de hoja 4,80m. | D15: 196350
A16: C0010051 | B16: h | C16: Buldozer, Potencia al volante de 80 HP, motor de 2400 RPM, longitud de hoja 3,99m, | D16: 130900
A17: C0010961 | B17: h | C17: Caldera para pintura termoplástica | D17: 60277.5
A18: C0010090 | B18: h | C18: Calentador a gas | D18: 64375
... A154: C0010960 | B154: h | C154: Volqueta 6 m3 | D154: 62500

Sheet MATERIALES
A1: INSTITUTO NACIONAL DE VÍAS DIRECCIÓN TÉCNICA
A2: MATERIALES
C4: MATERIALES
D5: Moneda ($ Pesos)
A6: B0020001 | B6: kg | C6: Acero A-36 para estructura metálica | D6: 3719.49
A7: B0020004 | B7: kg | C7: Acero A-37 | D7: 3124
A8: B0020002 | B8: kg | C8: Acero A-40 | D8: 3147.7124
A9: B0020003 | B9: kg | C9: Acero PDR-60 | D9: 2856
A10: B002001 | B10: kg | C10: Acero suministrado y figurado PDR 60 | D10: 3000
A11: B003003 | B11: kg | C11: Aditivo Acelerante de Fraguado | D11: 12100
A12: B0030001 | B12: kg | C12: Aditivo curador | D12: 6297.9898
A13: B0043070 | B13: u | C13: Adoquín color 10X20X6 | D13: 950
A14: B0043080 | B14: m2 | C14: Adoquín e=8cm | D14: 43710
A15: B0043090 | B15: u | C15: Adoquín grama 10X20X6 | D15: 740.86608
A16: B0043071 | B16: m2 | C16: Adoquín Gris E=10 Cm | D16: 47500
A17: B0063201 | B17: lt | C17: Aglomerante Estabilizador | D17: 10252.549
... A372: B0015361 | B372: kg | C372: Varilla 5/8 | D372: 2500

Sheet TRANSPORTE
A1: INSTITUTO NACIONAL DE VÍAS DIRECCIÓN TÉCNICA
A2: TRANSPORTE
A6: T0010031 | B6: m3k | C6: Transporte de Material de Remoción | D6: =+'900.2'!$N$78 -> 946.9697
A7: T0010234 | B7: m3k | C7: Transporte de Mezcla Abierta en Frio MAF-38 | D7: =+'900.2'!$N$78 -> 946.9697
A8: T0010272 | B8: m3k | C8: Transporte de Mezcla densa en Caliente MDC-25 | D8: =+'900.2'!$N$78 -> 946.9697
A9: T0010002 | B9: tkm | C9: Transporte de agregado | D9: =+'900.2'!$N$78 -> 946.9697
A10: T0010400 | B10: m3k | C10: Transporte de agregado pétreo | D10: =+'900.2'!$N$78 -> 946.9697
A11: T0010170 | B11: m3k | C11: Transporte de agregado tipo LA-1 | D11: =+'900.2'!$N$78 -> 946.9697
A12: T0010180 | B12: m3k | C12: Transporte de agregado tipo LA-2 | D12: =+'900.2'!$N$78 -> 946.9697
A13: T0010190 | B13: m3k | C13: Transporte de agregado tipo LA-3 | D13: =+'900.2'!$N$78 -> 946.9697
A14: T0010200 | B14: m3k | C14: Transporte de agregado tipo LA-4 | D14: =+'900.2'!$N$78 -> 946.9697
A15: T0010110 | B15: m3k | C15: Transporte de agregados pétreos | D15: =+'900.2'!$N$78 -> 946.9697
A16: T0010003 | B16: m3k | C16: Transporte de Arena | D16: =+'900.2'!$N$78 -> 946.9697
A17: T0010004 | B17: m3k | C17: Transporte de arena | D17: =+'900.2'!$N$78 -> 946.9697
... A92: T0010038 | B92: m3k | C92: Trasporte de material Remoción de Postes | D92: =+'900.2'!$N$78 -> 946.9697
A93: T0015012 | B93: km | C93: Equipo de Transporte (Camiones Grúas | D93: 54.73806
A94: T0010440 | B94: u | C94: Pasajes aéreos | D94: 300000
A95: T0010001 | B95: tkm | C95: Transporte de acero | D95: 0.29694158
A96: T0010011 | B96: m3k | C96: Transporte de Adoquín e=8cm | D96: 1172.1089
A97: T0010053 | B97: m3k | C97: Transporte de barrera de seguridad | D97: 1120
A98: T0010008 | B98: u | C98: Transporte de defensa | D98: 22100
A99: T0010021 | B99: m3k | C99: Transporte de Defensa Metálica | D99: 1015
A100: T0010120 | B100: m3t | C100: Transporte de emulsión | D100: 1050
A101: T0010420 | B101: m3k | C101: Transporte de equipos | D101: 3631.2924
A102: T0010421 | B102: g | C102: Transporte de Equipos para Prueba (1) | D102: 129350
A103: T0010162 | B103: kgk | C103: Transporte de estructura metálica (En Obra) | D103: 0.448
A104: T0010160 | B104: kgk | C104: Transporte de estructuras metálicas | D104: 0.29694158
... A117: T0010081 | B117: u | C117: Trasporte de Torre | D117: 503370

Sheet MINFRA-MN-IN-10-FR-1
J1: CÓDIGO | K1: MINFRA-MN-IN-10-FR-1
B2: INSTITUTO NACIONAL DE VIAS
B3: PROCESO GESTIÓN DE LA INFRAESTRUCTURA VIAL | J3: VERSIÓN | K3: 1
B4: MANUAL DE INTERVENTORÍA OBRA PÚBLICA
B5: ANÁLISIS DE PRECIOS UNITARIOS | J5: PÁGINA | L5: DE
J8: FECHA
K9: (Día) | L9: (Mes) | M9: (Año)
A10: ITEMS DE LA PROPUESTA ECONÓMICA | E10: □ | H10: ITEMS NO PREVISTOS | J10: □
A11: UNIDAD EJECUTORA: | I11: DIRECCIÓN TERRITORIAL:
A14: CONTRATO No. | C14: DE
A15: OBJETO DEL CONTRATO:
A18: CARRETERA: | I18: SECTOR:
A20: CONTRATISTA:
A22: INTERVENTOR: | J22: CTO No.: | L22: DE
A24: FECHA CIERRE PROCESO DE SELECCIÓN CONTRATO DE OBRA:
E25: (Día) | H25: (Mes) | I25: (Año)
A27: DATOS ESPECÍFICOS
A29: ITEM | B29: DESCRIPCIÓN | J29: GRUPO DE AJUSTE | K29: UNIDAD | M29: CANTIDAD
A32: I. EQUIPO
A34: DESCRIPCIÓN | H34: TIPO | J34: TARIFA/HORA | K34: RENDIMIENTO | M34: Vr. UNITARIO
A37: SUBTOTAL $ | M37: 0
A39: II. MATERIALES
A41: DESCRIPCIÓN | I41: UNIDAD | J41: CANTIDAD | K41: PRECIO UNIT. | M41: Vr. UNITARIO
A44: SUBTOTAL $ | M44: 0
A46: III. TRANSPORTES
A48: MATERIAL | G48: UNIDAD | H48: CANTIDAD (1) | I48: DISTANCIA (2) | J48: CANTIDAD * DISTANCIA (1) * (2) | K48: TARIFA | M48: Vr. UNITARIO
A51: SUBTOTAL $ | M51: 0
A53: IV. MANO DE OBRA
A55: DESCRIPCIÓN | H55: JORNAL | I55: PRESTACIONES | J55: JORNAL TOTAL | K55: RENDIMIENTO | M55: Vr. UNITARIO
A58: SUBTOTAL $ | M58: 0
A60: TOTAL COSTO DIRECTO $ | M60: 0
A62: V. COSTOS INDIRECTOS
A64: DESCRIPCIÓN | J64: Porcentaje | K64: Valor Total
A65: ADMINISTRACIÓN
A66: IMPREVISTOS
A67: UTILIDAD
A68: SUBTOTAL $ | M68: 0
A70: Precio Unitario Total Aproximado al peso $ | M70: =ROUND(M60+M68,0) -> 0
D75: Firma
D76: Nombre:
D77: Representante Legal del Contratista o su Apoderado
D78: Matricula No. :
A80: OBSERVACIONES INTERVENTORÍA:
A86: APROBACIÓN POR INTERVENTORÍA
A87: Nota 1: Cuando se trate de Análisis de precios unitarios correspondientes a ítems de la propuesta económica aprobada, el Interventor aprueba el desglose de los componentes manteniendo el mismo precio unitario de cada ítem, cumpliendo con las especificaciones de construcción vigentes para el proyecto.
A89: Nota 2: Cuando se trate de Análisis de precios unitarios de ítems no previstos, el Interventor aprueba el desglose y precio unitario de cada ítem no previsto, exigiendo la aplicación de los costos correspondientes a insumos y tarifas de la propuesta económica inicial cuando estén contemplados, cumpliendo con las especificaciones de construcción vigente para el proyecto.
D95: Firma
D96: Nombre:
D97: Representante Legal del Interventor o su Apoderado
D98: Matricula No. :
A100: Original: Archivo de Gestión del Contrato (Subdirección Administrativa).
A101: Copias: Unidad Ejecutora, Contratista, Interventor y Dirección Territorial.

Sheet 200.1
K1: CÓDIGO | L1: MINFRA-MN-IN-10-FR-1
C2: INSTITUTO NACIONAL DE VIAS
C3: PROCESO GESTIÓN DE LA INFRAESTRUCTURA VIAL | K3: VERSIÓN | L3: 1
C4: MANUAL DE INTERVENTORÍA OBRA PÚBLICA
C5: ANÁLISIS DE PRECIOS UNITARIOS | K5: PÁGINA | M5: DE
K8: FECHA
L9: (Día) | M9: (Mes) | N9: (Año)
B10: ITEMS DE LA PROPUESTA ECONÓMICA | F10: □ | I10: ITEMS NO PREVISTOS | K10: □
B11: UNIDAD EJECUTORA: | J11: DIRECCIÓN TERRITORIAL:
B14: CONTRATO No. | D14: DE
B15: OBJETO DEL CONTRATO:
B18: CARRETERA: | J18: SECTOR:
B20: CONTRATISTA:
B22: INTERVENTOR: | K22: CTO No.: | M22: DE
B24: FECHA CIERRE PROCESO DE SELECCIÓN CONTRATO DE OBRA:
F25: (Día) | I25: (Mes) | J25: (Año)
B27: DATOS ESPECÍFICOS
B29: ITEM | C29: DESCRIPCIÓN | K29: GRUPO DE AJUSTE | L29: UNIDAD | N29: CANTIDAD
B30: ITEM | C30: DESCRIPCIÓN | L30: UNIDAD | N30: CANTIDAD
A31: Unidad | B31: 200.1 | C31: DESMONTE Y LIMPIEZA EN BOSQUE | L31: Ha
B33: I. EQUIPO
B35: DESCRIPCIÓN | I35: TIPO | K35: TARIFA/HORA | L35: RENDIMIENTO | N35: Vr. UNITARIO
A36: C0010052 | B36: =VLOOKUP(A36,EQUIPOS!A6:D154,3,FALSE) -> Buldozer, Potencia al volante de 140 HP, motor de 2200 RPM, longitud de hoja 4,80m. | K36: =VLOOKUP(A36,EQUIPOS!A6:D161,4,FALSE) -> 196350 | M36: 0.15 | N36: =K36/M36 -> 1309000
A37: C0010140 | B37: =VLOOKUP(A37,EQUIPOS!A7:D154,3,FALSE) -> Cargador : Potencia en el volante 125 hp, Clasificación de RPM del motor 2300. | K37: =VLOOKUP(A37,EQUIPOS!A7:D162,4,FALSE) -> 196350 | M37: 0.15 | N37: =K37/M37 -> 1309000
A38: C0010620 | B38: =VLOOKUP(A38,EQUIPOS!A8:D154,3,FALSE) -> Motosierra, 93.6 cm3 - 7.1 HP, 45-90 cm - 7.9 kg | K38: =VLOOKUP(A38,EQUIPOS!A8:D163,4,FALSE) -> 6752.2472 | M38: 0.15 | N38: =K38/M38 -> 45014.981
B42: HERRAMIENTA MENOR (%) | L42: 0.05 | N42: =N76*L42 -> 7582.0914
B43: SUBTOTAL $ | N43: =SUM(N36:N42) -> 2670597.1
B45: II. MATERIALES
B47: DESCRIPCIÓN | J47: UNIDAD | K47: CANTIDAD | L47: PRECIO UNIT. | N47: Vr. UNITARIO
B54: SUBTOTAL $
B56: III. TRANSPORTES
B58: MATERIAL | H58: UNIDAD | I58: CANTIDAD (1) | J58: DISTANCIA (2) | K58: (1) * (2) | L58: TARIFA | N58: Vr. UNITARIO
A59: T0010040 | B59: =VLOOKUP(A59,TRANSPORTE!A5:D94,3,FALSE) -> Transporte de material desmontado | H59: =VLOOKUP(A59,TRANSPORTE!A6:D120,2,FALSE) -> tkm | I59: 35 | J59: 1 | K59: =I59*J59 -> 35 | L59: 983.54 | N59: =K59*L59 -> 34423.9
B65: SUBTOTAL $ | N65: =N59+N60+N61+N62+N63 -> 34423.9
B67: IV. MANO DE OBRA
B69: TRABAJADOR | I69: JORNAL | J69: PRESTACIONES (%) | K69: JORNAL TOTAL | L69: RENDIMIENTO | N69: Vr. UNITARIO
A70: A0030040 | B70: =VLOOKUP(A70,'MANO DE OBRA'!A8:D68,3,FALSE) -> Obrero (4) | I70: =K70/J70*100 -> 98362.267 | J70: 185 | K70: =VLOOKUP(A70,'MANO DE OBRA'!A8:D99,4,FALSE) -> 181970.19 | M70: 1.2 | N70: =K70/M70 -> 151641.83
B76: SUBTOTAL $ | N76: =N70+N71+N72+N73+N74 -> 151641.83
B78: TOTAL COSTO DIRECTO $ | N78: =N43+N54+N65+N76 -> 2856662.8
B80: V. COSTOS INDIRECTOS
B82: Descripción | K82: Porcentaje | L82: Valor Total
B83: ADMINISTRACION | K83: 0.2 | L83: =N78*K83 -> 571332.56
B84: IMPREVISTOS | K84: 0.05 | L84: =N78*K84 -> 142833.14
B85: UTILIDAD | K85: 0.05 | L85: =N78*K85 -> 142833.14
B86: SUBTOTAL $ | N86: =L83+L84+L85 -> 856998.84
A88: Pfinal01 | B88: Precio Unitario Total Aproximado al Peso $ | N88: =N78+N86 -> 3713661.6
E93: Firma
E94: Nombre:
E95: Representante Legal del Contratista o su Apoderado
E96: Matricula No. :
B98: OBSERVACIONES INTERVENTORÍA:
B104: APROBACIÓN POR INTERVENTORÍA
B105: Nota 1: Cuando se trate de Análisis de precios unitarios correspondientes a ítems de la propuesta económica aprobada, el Interventor aprueba el desglose de los componentes manteniendo el mismo precio unitario de cada ítem, cumpliendo con las especificaciones de construcción vigentes para el proyecto.
B107: Nota 2: Cuando se trate de Análisis de precios unitarios de ítems no previstos, el Interventor aprueba el desglose y precio unitario de cada ítem no previsto, exigiendo la aplicación de los costos correspondientes a insumos y tarifas de la propuesta económica inicial cuando estén contemplados, cumpliendo con las especificaciones de construcción vigente para el proyecto.
E113: Firma
E114: Nombre:
E115: Representante Legal del Interventor o su Apoderado
E116: Matricula No. :
B118: Original: Archivo de Gestión del Contrato (Subdirección Administrativa).
B119: Copias: Unidad Ejecutora, Contratista, Interventor y Dirección Territorial.

Sheet 200.2
K1: CÓDIGO | L1: MINFRA-MN-IN-10-FR-1
C2: INSTITUTO NACIONAL DE VIAS
C3: PROCESO GESTIÓN DE LA INFRAESTRUCTURA VIAL | K3: VERSIÓN | L3: 1
C4: MANUAL DE INTERVENTORÍA OBRA PÚBLICA
C5: ANÁLISIS DE PRECIOS UNITARIOS | K5: PÁGINA | M5: DE
K8: FECHA
L9: (Día) | M9: (Mes) | N9: (Año)
B10: ITEMS DE LA PROPUESTA ECONÓMICA | F10: □ | I10: ITEMS NO PREVISTOS | K10: □
B11: UNIDAD EJECUTORA: | J11: DIRECCIÓN TERRITORIAL:
B14: CONTRATO No. | D14: DE
B15: OBJETO DEL CONTRATO:
B18: CARRETERA: | J18: SECTOR:
B20: CONTRATISTA:
B22: INTERVENTOR: | K22: CTO No.: | M22: DE
B24: FECHA CIERRE PROCESO DE SELECCIÓN CONTRATO DE OBRA:
F25: (Día) | I25: (Mes) | J25: (Año)
B27: DATOS ESPECÍFICOS
B29: ITEM | C29: DESCRIPCIÓN | K29: GRUPO DE AJUSTE | L29: UNIDAD | N29: CANTIDAD
B30: ITEM | C30: DESCRIPCIÓN | L30: UNIDAD | N30: CANTIDAD
A31: Unidad | B31: 200.2 | C31: DESMONTE Y LIMPIEZA EN ZONAS NO BOSCOSAS | L31: Ha
B33: I. EQUIPO
B35: DESCRIPCIÓN | I35: TIPO | K35: TARIFA/HORA | L35: RENDIMIENTO | N35: Vr. UNITARIO
A36: C0010530 | B36: =VLOOKUP(A36,EQUIPOS!A6:D154,3,FALSE) -> Guadañadora, Cilindraje 41.5 cm3, Longitud del mango 1450 mm, Peso 7.4 kg | K36: =VLOOKUP(A36,EQUIPOS!A6:D161,4,FALSE) -> 4124.25 | M36: 0.36 | N36: =K36/M36 -> 11456.25
A37: C0010620 | B37: =VLOOKUP(A37,EQUIPOS!A7:D154,3,FALSE) -> Motosierra, 93.6 cm3 - 7.1 HP, 45-90 cm - 7.9 kg | K37: =VLOOKUP(A37,EQUIPOS!A7:D162,4,FALSE) -> 6752.2472 | M37: 0.103 | N37: =K37/M37 -> 65555.798
B42: HERRAMIENTA MENOR (%) | L42: 0.05 | N42: =N76*L42 -> 1579.6024
B43: SUBTOTAL $ | N43: =SUM(N36:N42) -> 78591.651
B45: II. MATERIALES
B47: DESCRIPCIÓN | J47: UNIDAD | K47: CANTIDAD | L47: PRECIO UNIT. | N47: Vr. UNITARIO
B54: SUBTOTAL $
B56: III. TRANSPORTES
B58: MATERIAL | H58: UNIDAD | I58: CANTIDAD (1) | J58: DISTANCIA (2) | K58: (1) * (2) | L58: TARIFA | N58: Vr. UNITARIO
A59: T0010040 | B59: =VLOOKUP(A59,TRANSPORTE!A5:D94,3,FALSE) -> Transporte de material desmontado | H59: =VLOOKUP(A59,TRANSPORTE!A6:D120,2,FALSE) -> tkm | I59: 50 | J59: 1 | K59: =I59*J59 -> 50 | L59: ='900.2'!N78 -> 946.9697 | N59: =K59*L59 -> 47348.485
B65: SUBTOTAL $ | N65: =N59+N60+N61+N62+N63 -> 47348.485
B67: IV. MANO DE OBRA
B69: TRABAJADOR | I69: JORNAL | J69: PRESTACIONES (%) | K69: JORNAL TOTAL | L69: RENDIMIENTO | N69: Vr. UNITARIO
A70: A0030020 | B70: =VLOOKUP(A70,'MANO DE OBRA'!A8:D68,3,FALSE) -> Obrero (2) | I70: =K70/J70*100 -> 49181.133 | J70: 185 | K70: =VLOOKUP(A70,'MANO DE OBRA'!A8:D99,4,FALSE) -> 90985.097 | M70: 2.88 | N70: =K70/M70 -> 31592.047
B76: SUBTOTAL $ | N76: =N70+N71+N72+N73+N74 -> 31592.047
B78: TOTAL COSTO DIRECTO $ | N78: =N43+N54+N65+N76 -> 157532.18
B80: V. COSTOS INDIRECTOS
B82: Descripción | K82: Porcentaje | L82: Valor Total
B83: ADMINISTRACION | K83: 0.2 | L83: =N78*K83 -> 31506.437
B84: IMPREVISTOS | K84: 0.05 | L84: =N78*K84 -> 7876.6091
B85: UTILIDAD | K85: 0.05 | L85: =N78*K85 -> 7876.6091
B86: SUBTOTAL $ | N86: =L83+L84+L85 -> 47259.655
A88: Pfinal01 | B88: Precio Unitario Total Aproximado al Peso $ | N88: =N78+N86 -> 204791.84
E93: Firma
E94: Nombre:
E95: Representante Legal del Contratista o su Apoderado
E96: Matricula No. :
B98: OBSERVACIONES INTERVENTORÍA:
B104: APROBACIÓN POR INTERVENTORÍA
B105: Nota 1: Cuando se trate de Análisis de precios unitarios correspondientes a ítems de la propuesta económica aprobada, el Interventor aprueba el desglose de los componentes manteniendo el mismo precio unitario de cada ítem, cumpliendo con las especificaciones de construcción vigentes para el proyecto.
B107: Nota 2: Cuando se trate de Análisis de precios unitarios de ítems no previstos, el Interventor aprueba el desglose y precio unitario de cada ítem no previsto, exigiendo la aplicación de los costos correspondientes a insumos y tarifas de la propuesta económica inicial cuando estén contemplados, cumpliendo con las especificaciones de construcción vigente para el proyecto.
E113: Firma
E114: Nombre:
E115: Representante Legal del Interventor o su Apoderado
E116: Matricula No. :
B118: Original: Archivo de Gestión del Contrato (Subdirección Administrativa).
B119: Copias: Unidad Ejecutora, Contratista, Interventor y Dirección Territorial.

Sheet 201.1
K1: CÓDIGO | L1: MINFRA-MN-IN-10-FR-1
C2: INSTITUTO NACIONAL DE VIAS
C3: PROCESO GESTIÓN DE LA INFRAESTRUCTURA VIAL | K3: VERSIÓN | L3: 1
C4: MANUAL DE INTERVENTORÍA OBRA PÚBLICA
C5: ANÁLISIS DE PRECIOS UNITARIOS | K5: PÁGINA | M5: DE
K8: FECHA
L9: (Día) | M9: (Mes) | N9: (Año)
B10: ITEMS DE LA PROPUESTA ECONÓMICA | F10: □ | I10: ITEMS NO PREVISTOS | K10: □
B11: UNIDAD EJECUTORA: | J11: DIRECCIÓN TERRITORIAL:
B14: CONTRATO No. | D14: DE
B15: OBJETO DEL CONTRATO:
B18: CARRETERA: | J18: SECTOR:
B20: CONTRATISTA:
B22: INTERVENTOR: | K22: CTO No.: | M22: DE
B24: FECHA CIERRE PROCESO DE SELECCIÓN CONTRATO DE OBRA:
F25: (Día) | I25: (Mes) | J25: (Año)
B27: DATOS ESPECÍFICOS
B29: ITEM | C29: DESCRIPCIÓN | K29: GRUPO DE AJUSTE | L29: UNIDAD | N29: CANTIDAD
B30: ITEM | C30: DESCRIPCIÓN | L30: UNIDAD | N30: CANTIDAD
A31: Unidad | B31: 201.1 | C31: DEMOLICIÓN DE EDIFICACIONES | L31: gl
B33: I. EQUIPO
B35: DESCRIPCIÓN | I35: TIPO | K35: TARIFA/HORA | L35: RENDIMIENTO | N35: Vr. UNITARIO
A36: C0010140 | B36: =VLOOKUP(A36,EQUIPOS!A6:D154,3,FALSE) -> Cargador : Potencia en el volante 125 hp, Clasificación de RPM del motor 2300. | K36: =VLOOKUP(A36,EQUIPOS!A6:D161,4,FALSE) -> 196350 | M36: 2.375 | N36: =K36/M36 -> 82673.684
A37: C0010270 | B37: =VLOOKUP(A37,EQUIPOS!A7:D154,3,FALSE) -> Compresor 120 HP, con martillo. | K37: =VLOOKUP(A37,EQUIPOS!A7:D162,4,FALSE) -> 75000 | M37: 2.375 | N37: =K37/M37 -> 31578.947
A38: C0010330 | B38: =VLOOKUP(A38,EQUIPOS!A7:D154,3,FALSE) -> Equipo de oxicorte, Capacidad de corte: hasta 6´´ (152mm) | K38: =VLOOKUP(A38,EQUIPOS!A7:D162,4,FALSE) -> 8896.7365 | M38: 2.375 | N38: =K38/M38 -> 3745.9943
B42: HERRAMIENTA MENOR (%) | L42: 0.1 | N42: =N76*L42 -> 1197.1723
B43: SUBTOTAL $ | N43: =SUM(N36:N42) -> 119195.8
B45: II. MATERIALES
B47: DESCRIPCIÓN | J47: UNIDAD | K47: CANTIDAD | L47: PRECIO UNIT. | N47: Vr. UNITARIO
B54: SUBTOTAL $
B56: III. TRANSPORTES
B58: MATERIAL | H58: UNIDAD | I58: CANTIDAD (1) | J58: DISTANCIA (2) | K58: (1) * (2) | L58: TARIFA | N58: Vr. UNITARIO
A59: T0010032 | B59: =VLOOKUP(A59,TRANSPORTE!A5:D94,3,FALSE) -> Transporte de material de demolición | H59: =VLOOKUP(A59,TRANSPORTE!A6:D120,2,FALSE) -> m3k | I59: 1 | J59: 1 | K59: =I59*J59 -> 1 | L59: ='900.2'!N78 -> 946.9697 | N59: =K59*L59 -> 946.9697
B65: SUBTOTAL $ | N65: =N59+N60+N61+N62+N63 -> 946.9697
B67: IV. MANO DE OBRA
B69: TRABAJADOR | I69: JORNAL | J69: PRESTACIONES (%) | K69: JORNAL TOTAL | L69: RENDIMIENTO | N69: Vr. UNITARIO
A70: A0030030 | B70: =VLOOKUP(A70,'MANO DE OBRA'!A8:D68,3,FALSE) -> Obrero (3) | I70: =K70/J70*100 -> 73771.7 | J70: 185 | K70: =VLOOKUP(A70,'MANO DE OBRA'!A8:D99,4,FALSE) -> 136477.64 | M70: 19 | N70: =K70/M70 -> 7183.0339
A71: A0040010 | B71: =VLOOKUP(A71,'MANO DE OBRA'!A8:D68,3,FALSE) -> Oficial | I71: =K71/J71*100 -> 49181.133 | J71: 185 | K71: =VLOOKUP(A71,'MANO DE OBRA'!A8:D99,4,FALSE) -> 90985.097 | M71: 19 | N71: =K71/M71 -> 4788.6893
B76: SUBTOTAL $ | N76: =N70+N71+N72+N73+N74 -> 11971.723
B78: TOTAL COSTO DIRECTO $ | N78: =N43+N54+N65+N76 -> 132114.49
B80: V. COSTOS INDIRECTOS
B82: Descripción | K82: Porcentaje | L82: Valor Total
B83: ADMINISTRACION | K83: 0.2 | L83: =N78*K83 -> 26422.898
B84: IMPREVISTOS | K84: 0.05 | L84: =N78*K84 -> 6605.7246
B85: UTILIDAD | K85: 0.05 | L85: =N78*K85 -> 6605.7246
B86: SUBTOTAL $ | N86: =L83+L84+L85 -> 39634.347
A88: Pfinal01 | B88: Precio Unitario Total Aproximado al Peso $ | N88: =N78+N86 -> 171748.84
E93: Firma
E94: Nombre:
E95: Representante Legal del Contratista o su Apoderado
E96: Matricula No. :
B98: OBSERVACIONES INTERVENTORÍA:
B104: APROBACIÓN POR INTERVENTORÍA
B105: Nota 1: Cuando se trate de Análisis de precios unitarios correspondientes a ítems de la propuesta económica aprobada, el Interventor aprueba el desglose de los componentes manteniendo el mismo precio unitario de cada ítem, cumpliendo con las especificaciones de construcción vigentes para el proyecto.
B107: Nota 2: Cuando se trate de Análisis de precios unitarios de ítems no previstos, el Interventor aprueba el desglose y precio unitario de cada ítem no previsto, exigiendo la aplicación de los costos correspondientes a insumos y tarifas de la propuesta económica inicial cuando estén contemplados, cumpliendo con las especificaciones de construcción vigente para el proyecto.
E113: Firma
E114: Nombre:
E115: Representante Legal del Interventor o su Apoderado
E116: Matricula No. :
B118: Original: Archivo de Gestión del Contrato (Subdirección Administrativa).
B119: Copias: Unidad Ejecutora, Contratista, Interventor y Dirección Territorial.

Sheet 201.2
K1: CÓDIGO | L1: MINFRA-MN-IN-10-FR-1
C2: INSTITUTO NACIONAL DE VIAS
C3: PROCESO GESTIÓN DE LA INFRAESTRUCTURA VIAL | K3: VERSIÓN | L3: 1
C4: MANUAL DE INTERVENTORÍA OBRA PÚBLICA
C5: ANÁLISIS DE PRECIOS UNITARIOS | K5: PÁGINA | M5: DE
K8: FECHA
L9: (Día) | M9: (Mes) | N9: (Año)
B10: ITEMS DE LA PROPUESTA ECONÓMICA | F10: □ | I10: ITEMS NO PREVISTOS | K10: □
B11: UNIDAD EJECUTORA: | J11: DIRECCIÓN TERRITORIAL:
B14: CONTRATO No. | D14: DE
B15: OBJETO DEL CONTRATO:
B18: CARRETERA: | J18: SECTOR:
B20: CONTRATISTA:
B22: INTERVENTOR: | K22: CTO No.: | M22: DE
B24: FECHA CIERRE PROCESO DE SELECCIÓN CONTRATO DE OBRA:
F25: (Día) | I25: (Mes) | J25: (Año)
B27: DATOS ESPECÍFICOS
B29: ITEM | C29: DESCRIPCIÓN | K29: GRUPO DE AJUSTE | L29: UNIDAD | N29: CANTIDAD
B30: ITEM | C30: DESCRIPCIÓN | L30: UNIDAD | N30: CANTIDAD
A31: Unidad | B31: 201.2 | C31: DEMOLICIÓN DE ESTRUCTURAS | L31: gl
B33: I. EQUIPO
B35: DESCRIPCIÓN | I35: TIPO | K35: TARIFA/HORA | L35: RENDIMIENTO | N35: Vr. UNITARIO
A36: C0010790 | B36: =VLOOKUP(A36,EQUIPOS!A6:D154,3,FALSE) -> Retroexcavadora sobre oruga, potencia 138 HP, balde de 1,5 m3. | K36: =VLOOKUP(A36,EQUIPOS!A6:D161,4,FALSE) -> 148800 | M36: 2.5 | N36: =K36/M36 -> 59520
A37: C0010270 | B37: =VLOOKUP(A37,EQUIPOS!A7:D154,3,FALSE) -> Compresor 120 HP, con martillo. | K37: =VLOOKUP(A37,EQUIPOS!A7:D162,4,FALSE) -> 75000 | M37: 2.5 | N37: =K37/M37 -> 30000
A38: C0010330 | B38: =VLOOKUP(A38,EQUIPOS!A8:D154,3,FALSE) -> Equipo de oxicorte, Capacidad de corte: hasta 6´´ (152mm) | K38: =VLOOKUP(A38,EQUIPOS!A8:D163,4,FALSE) -> 8896.7365 | M38: 2.5 | N38: =K38/M38 -> 3558.6946
B42: HERRAMIENTA MENOR (%) | L42: 0.02 | N42: =N76*L42 -> 227.46274
B43: SUBTOTAL $ | N43: =SUM(N36:N42) -> 93306.157
B45: II. MATERIALES
B47: DESCRIPCIÓN | J47: UNIDAD | K47: CANTIDAD | L47: PRECIO UNIT. | N47: Vr. UNITARIO
B54: SUBTOTAL $
B56: III. TRANSPORTES
B58: MATERIAL | H58: UNIDAD | I58: CANTIDAD (1) | J58: DISTANCIA (2) | K58: (1) * (2) | L58: TARIFA | N58: Vr. UNITARIO
A59: T0010032 | B59: =VLOOKUP(A59,TRANSPORTE!A5:D94,3,FALSE) -> Transporte de material de demolición | H59: =VLOOKUP(A59,TRANSPORTE!A6:D120,2,FALSE) -> m3k | I59: 1 | J59: 1 | K59: =I59*J59 -> 1 | L59: ='900.2'!N78 -> 946.9697 | N59: =K59*L59 -> 946.9697
B65: SUBTOTAL $ | N65: =N59+N60+N61+N62+N63 -> 946.9697
B67: IV. MANO DE OBRA
B69: TRABAJADOR | I69: JORNAL | J69: PRESTACIONES (%) | K69: JORNAL TOTAL | L69: RENDIMIENTO | N69: Vr. UNITARIO
A70: A0030030 | B70: =VLOOKUP(A70,'MANO DE OBRA'!A8:D68,3,FALSE) -> Obrero (3) | I70: =K70/J70*100 -> 73771.7 | J70: 185 | K70: =VLOOKUP(A70,'MANO DE OBRA'!A8:D99,4,FALSE) -> 136477.64 | M70: 20 | N70: =K70/M70 -> 6823.8822
A71: A0040010 | B71: =VLOOKUP(A71,'MANO DE OBRA'!A8:D69,3,FALSE) -> Oficial | I71: =K71/J71*100 -> 49181.133 | J71: 185 | K71: =VLOOKUP(A71,'MANO DE OBRA'!A8:D100,4,FALSE) -> 90985.097 | M71: 20 | N71: =K71/M71 -> 4549.2548
B76: SUBTOTAL $ | N76: =N70+N71+N72+N73+N74 -> 11373.137
B78: TOTAL COSTO DIRECTO $ | N78: =N43+N54+N65+N76 -> 105626.26
B80: V. COSTOS INDIRECTOS
B82: Descripción | K82: Porcentaje | L82: Valor Total
B83: ADMINISTRACION | K83: 0.2 | L83: =N78*K83 -> 21125.253
B84: IMPREVISTOS | K84: 0.05 | L84: =N78*K84 -> 5281.3132
B85: UTILIDAD | K85: 0.05 | L85: =N78*K85 -> 5281.3132
B86: SUBTOTAL $ | N86: =L83+L84+L85 -> 31687.879
A88: PFinal01 | B88: Precio Unitario Total Aproximado al Peso $ | N88: =N78+N86 -> 137314.14
E93: Firma
E94: Nombre:
E95: Representante Legal del Contratista o su Apoderado
E96: Matricula No. :
B98: OBSERVACIONES INTERVENTORÍA:
B104: APROBACIÓN POR INTERVENTORÍA
B105: Nota 1: Cuando se trate de Análisis de precios unitarios correspondientes a ítems de la propuesta económica aprobada, el Interventor aprueba el desglose de los componentes manteniendo el mismo precio unitario de cada ítem, cumpliendo con las especificaciones de construcción vigentes para el proyecto.
B107: Nota 2: Cuando se trate de Análisis de precios unitarios de ítems no previstos, el Interventor aprueba el desglose y precio unitario de cada ítem no previsto, exigiendo la aplicación de los costos correspondientes a insumos y tarifas de la propuesta económica inicial cuando estén contemplados, cumpliendo con las especificaciones de construcción vigente para el proyecto.
E113: Firma
E114: Nombre:
E115: Representante Legal del Interventor o su Apoderado
E116: Matricula No. :
B118: Original: Archivo de Gestión del Contrato (Subdirección Administrativa).
B119: Copias: Unidad Ejecutora, Contratista, Interventor y Dirección Territorial.

Sheet 201.3
K1: CÓDIGO | L1: MINFRA-MN-IN-10-FR-1
C2: INSTITUTO NACIONAL DE VIAS
C3: PROCESO GESTIÓN DE LA INFRAESTRUCTURA VIAL | K3: VERSIÓN | L3: 1
C4: MANUAL DE INTERVENTORÍA OBRA PÚBLICA
C5: ANÁLISIS DE PRECIOS UNITARIOS | K5: PÁGINA | M5: DE
K8: FECHA
L9: (Día) | M9: (Mes) | N9: (Año)
B10: ITEMS DE LA PROPUESTA ECONÓMICA | F10: □ | I10: ITEMS NO PREVISTOS | K10: □
B11: UNIDAD EJECUTORA: | J11: DIRECCIÓN TERRITORIAL:
B14: CONTRATO No. | D14: DE
B15: OBJETO DEL CONTRATO:
B18: CARRETERA: | J18: SECTOR:
B20: CONTRATISTA:
B22: INTERVENTOR: | K22: CTO No.: | M22: DE
B24: FECHA CIERRE PROCESO DE SELECCIÓN CONTRATO DE OBRA:
F25: (Día) | I25: (Mes) | J25: (Año)
B27: DATOS ESPECÍFICOS
B29: ITEM | C29: DESCRIPCIÓN | K29: GRUPO DE AJUSTE | L29: UNIDAD | N29: CANTIDAD
B30: ITEM | C30: DESCRIPCIÓN | L30: UNIDAD | N30: CANTIDAD
A31: Unidad | B31: 201.3 | C31: DEMOLICIÓN DE PAVIMENTOS RÍGIDOS, PISOS, ANDENES Y BORDILLOS DE CONCRETO | L31: gl
B33: I. EQUIPO
B35: DESCRIPCIÓN | I35: TIPO | K35: TARIFA/HORA | L35: RENDIMIENTO | N35: Vr. UNITARIO
A36: C0010140 | B36: =VLOOKUP(A36,EQUIPOS!A6:D154,3,FALSE) -> Cargador : Potencia en el volante 125 hp, Clasificación de RPM del motor 2300. | K36: =VLOOKUP(A36,EQUIPOS!A6:D161,4,FALSE) -> 196350 | M36: 9.25 | N36: =K36/M36 -> 21227.027
A37: C0010270 | B37: =VLOOKUP(A37,EQUIPOS!A7:D154,3,FALSE) -> Compresor 120 HP, con martillo. | K37: =VLOOKUP(A37,EQUIPOS!A7:D162,4,FALSE) -> 75000 | M37: 9.25 | N37: =K37/M37 -> 8108.1081
B42: HERRAMIENTA MENOR (%) | L42: 0.02 | N42: =N76*L42 -> 49.181133
B43: SUBTOTAL $ | N43: =SUM(N36:N42) -> 29384.316
B45: II. MATERIALES
B47: DESCRIPCIÓN | J47: UNIDAD | K47: CANTIDAD | L47: PRECIO UNIT. | N47: Vr. UNITARIO
B54: SUBTOTAL $
B56: III. TRANSPORTES
B58: MATERIAL | H58: UNIDAD | I58: CANTIDAD (1) | J58: DISTANCIA (2) | K58: (1) * (2) | L58: TARIFA | N58: Vr. UNITARIO
A59: T0010032 | B59: =VLOOKUP(A59,TRANSPORTE!A5:D94,3,FALSE) -> Transporte de material de demolición | H59: =VLOOKUP(A59,TRANSPORTE!A6:D120,2,FALSE) -> m3k | I59: 1 | J59: 1 | K59: =I59*J59 -> 1 | L59: ='900.2'!N78 -> 946.9697 | N59: =K59*L59 -> 946.9697
B65: SUBTOTAL $ | N65: =N59+N60+N61+N62+N63 -> 946.9697
B67: IV. MANO DE OBRA
B69: TRABAJADOR | I69: JORNAL | J69: PRESTACIONES (%) | K69: JORNAL TOTAL | L69: RENDIMIENTO | N69: Vr. UNITARIO
A70: A0030020 | B70: =VLOOKUP(A70,'MANO DE OBRA'!A8:D68,3,FALSE) -> Obrero (2) | I70: =K70/J70*100 -> 49181.133 | J70: 185 | K70: =VLOOKUP(A70,'MANO DE OBRA'!A8:D99,4,FALSE) -> 90985.097 | M70: 74 | N70: =K70/M70 -> 1229.5283
A71: A0040010 | B71: =VLOOKUP(A71,'MANO DE OBRA'!A8:D69,3,FALSE) -> Oficial | I71: =K71/J71*100 -> 49181.133 | J71: 185 | K71: =VLOOKUP(A71,'MANO DE OBRA'!A8:D100,4,FALSE) -> 90985.097 | M71: 74 | N71: =K71/M71 -> 1229.5283
B76: SUBTOTAL $ | N76: =N70+N71+N72+N73+N74 -> 2459.0567
B78: TOTAL COSTO DIRECTO $ | N78: =N43+N54+N65+N76 -> 32790.343
B80: V. COSTOS INDIRECTOS
B82: Descripción | K82: Porcentaje | L82: Valor Total
B83: ADMINISTRACION | K83: 0.2 | L83: =N78*K83 -> 6558.0685
B84: IMPREVISTOS | K84: 0.05 | L84: =N78*K84 -> 1639.5171
B85: UTILIDAD | K85: 0.05 | L85: =N78*K85 -> 1639.5171
B86: SUBTOTAL $ | N86: =L83+L84+L85 -> 9837.1028
A88: PFinal01 | B88: Precio Unitario Total Aproximado al Peso $ | N88: =N78+N86 -> 42627.445
E93: Firma
E94: Nombre:
E95: Representante Legal del Contratista o su Apoderado
E96: Matricula No. :
B98: OBSERVACIONES INTERVENTORÍA:
B104: APROBACIÓN POR INTERVENTORÍA
B105: Nota 1: Cuando se trate de Análisis de precios unitarios correspondientes a ítems de la propuesta económica aprobada, el Interventor aprueba el desglose de los componentes manteniendo el mismo precio unitario de cada ítem, cumpliendo con las especificaciones de construcción vigentes para el proyecto.
B107: Nota 2: Cuando se trate de Análisis de precios unitarios de ítems no previstos, el Interventor aprueba el desglose y precio unitario de cada ítem no previsto, exigiendo la aplicación de los costos correspondientes a insumos y tarifas de la propuesta económica inicial cuando estén contemplados, cumpliendo con las especificaciones de construcción vigente para el proyecto.
E113: Firma
E114: Nombre:
E115: Representante Legal del Interventor o su Apoderado
E116: Matricula No. :
B118: Original: Archivo de Gestión del Contrato (Subdirección Administrativa).
B119: Copias: Unidad Ejecutora, Contratista, Interventor y Dirección Territorial.

Sheet 201.4
K1: CÓDIGO | L1: MINFRA-MN-IN-10-FR-1
C2: INSTITUTO NACIONAL DE VIAS
C3: PROCESO GESTIÓN DE LA INFRAESTRUCTURA VIAL | K3: VERSIÓN | L3: 1
C4: MANUAL DE INTERVENTORÍA OBRA PÚBLICA
C5: ANÁLISIS DE PRECIOS UNITARIOS | K5: PÁGINA | M5: DE
K8: FECHA
L9: (Día) | M9: (Mes) | N9: (Año)
B10: ITEMS DE LA PROPUESTA ECONÓMICA | F10: □ | I10: ITEMS NO PREVISTOS | K10: □
B11: UNIDAD EJECUTORA: | J11: DIRECCIÓN TERRITORIAL:
B14: CONTRATO No. | D14: DE
B15: OBJETO DEL CONTRATO:
B18: CARRETERA: | J18: SECTOR:
B20: CONTRATISTA:
B22: INTERVENTOR: | K22: CTO No.: | M22: DE
B24: FECHA CIERRE PROCESO DE SELECCIÓN CONTRATO DE OBRA:
F25: (Día) | I25: (Mes) | J25: (Año)
B27: DATOS ESPECÍFICOS
B29: ITEM | C29: DESCRIPCIÓN | K29: GRUPO DE AJUSTE | L29: UNIDAD | N29: CANTIDAD
B30: ITEM | C30: DESCRIPCIÓN | L30: UNIDAD | N30: CANTIDAD
A31: Unidad | B31: 201.4 | C31: DEMOLICIÓN DE OBSTÁCULOS | L31: gl
B33: I. EQUIPO
B35: DESCRIPCIÓN | I35: TIPO | K35: TARIFA/HORA | L35: RENDIMIENTO | N35: Vr. UNITARIO
A36: C0010270 | B36: =VLOOKUP(A36,EQUIPOS!A6:D154,3,FALSE) -> Compresor 120 HP, con martillo. | K36: =VLOOKUP(A36,EQUIPOS!A6:D161,4,FALSE) -> 75000 | M36: 2.5 | N36: =K36/M36 -> 30000
B42: HERRAMIENTA MENOR (%) | L42: 0.1 | N42: =N76*L42 -> 909.85097
B43: SUBTOTAL $ | N43: =SUM(N36:N42) -> 30909.851
B45: II. MATERIALES
B47: DESCRIPCIÓN | J47: UNIDAD | K47: CANTIDAD | L47: PRECIO UNIT. | N47: Vr. UNITARIO
B54: SUBTOTAL $
B56: III. TRANSPORTES
B58: MATERIAL | H58: UNIDAD | I58: CANTIDAD (1) | J58: DISTANCIA (2) | K58: (1) * (2) | L58: TARIFA | N58: Vr. UNITARIO
A59: T0010032 | B59: =VLOOKUP(A59,TRANSPORTE!A5:D94,3,FALSE) -> Transporte de material de demolición | H59: =VLOOKUP(A59,TRANSPORTE!A6:D120,2,FALSE) -> m3k | I59: 1 | J59: 1 | K59: =I59*J59 -> 1 | L59: ='900.2'!N78 -> 946.9697 | N59: =K59*L59 -> 946.9697
B65: SUBTOTAL $ | N65: =N59+N60+N61+N62+N63 -> 946.9697
B67: IV. MANO DE OBRA
B69: TRABAJADOR | I69: JORNAL | J69: PRESTACIONES (%) | K69: JORNAL TOTAL | L69: RENDIMIENTO | N69: Vr. UNITARIO
A70: A0030040 | B70: =VLOOKUP(A70,'MANO DE OBRA'!A8:D68,3,FALSE) -> Obrero (4) | I70: =K70/J70*100 -> 98362.267 | J70: 185 | K70: =VLOOKUP(A70,'MANO DE OBRA'!A8:D99,4,FALSE) -> 181970.19 | M70: 20 | N70: =K70/M70 -> 9098.5097
B76: SUBTOTAL $ | N76: =N70+N71+N72+N73+N74 -> 9098.5097
B78: TOTAL COSTO DIRECTO $ | N78: =N43+N54+N65+N76 -> 40955.33
B80: V. COSTOS INDIRECTOS
B82: Descripción | K82: Porcentaje | L82: Valor Total
B83: ADMINISTRACION | K83: 0.2 | L83: =N78*K83 -> 8191.0661
B84: IMPREVISTOS | K84: 0.05 | L84: =N78*K84 -> 2047.7665
B85: UTILIDAD | K85: 0.05 | L85: =N78*K85 -> 2047.7665
B86: SUBTOTAL $ | N86: =L83+L84+L85 -> 12286.599
A88: PFinal01 | B88: Precio Unitario Total Aproximado al Peso $ | N88: =N78+N86 -> 53241.929
E93: Firma
E94: Nombre:
E95: Representante Legal del Contratista o su Apoderado
E96: Matricula No. :
B98: OBSERVACIONES INTERVENTORÍA:
B104: APROBACIÓN POR INTERVENTORÍA
B105: Nota 1: Cuando se trate de Análisis de precios unitarios correspondientes a ítems de la propuesta económica aprobada, el Interventor aprueba el desglose de los componentes manteniendo el mismo precio unitario de cada ítem, cumpliendo con las especificaciones de construcción vigentes para el proyecto.
B107: Nota 2: Cuando se trate de Análisis de precios unitarios de ítems no previstos, el Interventor aprueba el desglose y precio unitario de cada ítem no previsto, exigiendo la aplicación de los costos correspondientes a insumos y tarifas de la propuesta económica inicial cuando estén contemplados, cumpliendo con las especificaciones de construcción vigente para el proyecto.
E113: Firma
E114: Nombre:
E115: Representante Legal del Interventor o su Apoderado
E116: Matricula No. :
B118: Original: Archivo de Gestión del Contrato (Subdirección Administrativa).
B119: Copias: Unidad Ejecutora, Contratista, Interventor y Dirección Territorial.

Sheet 201.5
K1: CÓDIGO | L1: MINFRA-MN-IN-10-FR-1
C2: INSTITUTO NACIONAL DE VIAS
C3: PROCESO GESTIÓN DE LA INFRAESTRUCTURA VIAL | K3: VERSIÓN | L3: 1
C4: MANUAL DE INTERVENTORÍA OBRA PÚBLICA
C5: ANÁLISIS DE PRECIOS UNITARIOS | K5: PÁGINA | M5: DE
K8: FECHA
L9: (Día) | M9: (Mes) | N9: (Año)
B10: ITEMS DE LA PROPUESTA ECONÓMICA | F10: □ | I10: ITEMS NO PREVISTOS | K10: □
B11: UNIDAD EJECUTORA: | J11: DIRECCIÓN TERRITORIAL:
B14: CONTRATO No. | D14: DE
B15: OBJETO DEL CONTRATO:
B18: CARRETERA: | J18: SECTOR:
B20: CONTRATISTA:
B22: INTERVENTOR: | K22: CTO No.: | M22: DE
B24: FECHA CIERRE PROCESO DE SELECCIÓN CONTRATO DE OBRA:
F25: (Día) | I25: (Mes) | J25: (Año)
B27: DATOS ESPECÍFICOS
B29: ITEM | C29: DESCRIPCIÓN | K29: GRUPO DE AJUSTE | L29: UNIDAD | N29: CANTIDAD
B30: ITEM | C30: DESCRIPCIÓN | L30: UNIDAD | N30: CANTIDAD
A31: Unidad | B31: 201.5 | C31: DEMOLICIÓN DE EDIFICACIONES | L31: UNIDAD
B33: I. EQUIPO
B35: DESCRIPCIÓN | I35: TIPO | K35: TARIFA/HORA | L35: RENDIMIENTO | N35: Vr. UNITARIO
A36: C0010140 | B36: =VLOOKUP(A36,EQUIPOS!A6:D154,3,FALSE) -> Cargador : Potencia en el volante 125 hp, Clasificación de RPM del motor 2300. | K36: =VLOOKUP(A36,EQUIPOS!A6:D161,4,FALSE) -> 196350 | M36: 2.375 | N36: =K36/M36 -> 82673.684
A37: C0010270 | B37: =VLOOKUP(A37,EQUIPOS!A7:D154,3,FALSE) -> Compresor 120 HP, con martillo. | K37: =VLOOKUP(A37,EQUIPOS!A7:D162,4,FALSE) -> 75000 | M37: 2.375 | N37: =K37/M37 -> 31578.947
A38: C0010330 | B38: =VLOOKUP(A38,EQUIPOS!A8:D154,3,FALSE) -> Equipo de oxicorte, Capacidad de corte: hasta 6´´ (152mm) | K38: =VLOOKUP(A38,EQUIPOS!A8:D163,4,FALSE) -> 8896.7365 | M38: 2.375 | N38: =K38/M38 -> 3745.9943
B42: HERRAMIENTA MENOR (%) | L42: 0.1 | N42: =N76*L42 -> 1197.1723
B43: SUBTOTAL $ | N43: =SUM(N36:N42) -> 119195.8
B45: II. MATERIALES
B47: DESCRIPCIÓN | J47: UNIDAD | K47: CANTIDAD | L47: PRECIO UNIT. | N47: Vr. UNITARIO
B54: SUBTOTAL $
B56: III. TRANSPORTES
B58: MATERIAL | H58: UNIDAD | I58: CANTIDAD (1) | J58: DISTANCIA (2) | K58: (1) * (2) | L58: TARIFA | N58: Vr. UNITARIO
A59: T0010032 | B59: =VLOOKUP(A59,TRANSPORTE!A5:D94,3,FALSE) -> Transporte de material de demolición | H59: =VLOOKUP(A59,TRANSPORTE!A6:D120,2,FALSE) -> m3k | I59: 1 | J59: 1 | K59: =I59*J59 -> 1 | L59: ='900.2'!N78 -> 946.9697 | N59: =K59*L59 -> 946.9697
B65: SUBTOTAL $ | N65: =N59+N60+N61+N62+N63 -> 946.9697
B67: IV. MANO DE OBRA
B69: TRABAJADOR | I69: JORNAL | J69: PRESTACIONES (%) | K69: JORNAL TOTAL | L69: RENDIMIENTO | N69: Vr. UNITARIO
A70: A0030030 | B70: =VLOOKUP(A70,'MANO DE OBRA'!A8:D68,3,FALSE) -> Obrero (3) | I70: =K70/J70*100 -> 73771.7 | J70: 185 | K70: =VLOOKUP(A70,'MANO DE OBRA'!A8:D99,4,FALSE) -> 136477.64 | M70: 19 | N70: =K70/M70 -> 7183.0339
A71: A0040010 | B71: =VLOOKUP(A71,'MANO DE OBRA'!A8:D69,3,FALSE) -> Oficial | I71: =K71/J71*100 -> 49181.133 | J71: 185 | K71: =VLOOKUP(A71,'MANO DE OBRA'!A8:D100,4,FALSE) -> 90985.097 | M71: 19 | N71: =K71/M71 -> 4788.6893
B76: SUBTOTAL $ | N76: =N70+N71+N72+N73+N74 -> 11971.723
B78: TOTAL COSTO DIRECTO $ | N78: =N43+N54+N65+N76 -> 132114.49
B80: V. COSTOS INDIRECTOS
B82: Descripción | K82: Porcentaje | L82: Valor Total
B83: ADMINISTRACION | K83: 0.2 | L83: =N78*K83 -> 26422.898
B84: IMPREVISTOS | K84: 0.05 | L84: =N78*K84 -> 6605.7246
B85: UTILIDAD | K85: 0.05 | L85: =N78*K85 -> 6605.7246
B86: SUBTOTAL $ | N86: =L83+L84+L85 -> 39634.347
A88: PFinal01 | B88: Precio Unitario Total Aproximado al Peso $ | N88: =N78+N86 -> 171748.84
E93: Firma
E94: Nombre:
E95: Representante Legal del Contratista o su Apoderado
E96: Matricula No. :
B98: OBSERVACIONES INTERVENTORÍA:
B104: APROBACIÓN POR INTERVENTORÍA
B105: Nota 1: Cuando se trate de Análisis de precios unitarios correspondientes a ítems de la propuesta económica aprobada, el Interventor aprueba el desglose de los componentes manteniendo el mismo precio unitario de cada ítem, cumpliendo con las especificaciones de construcción vigentes para el proyecto.
B107: Nota 2: Cuando se trate de Análisis de precios unitarios de ítems no previstos, el Interventor aprueba el desglose y precio unitario de cada ítem no previsto, exigiendo la aplicación de los costos correspondientes a insumos y tarifas de la propuesta económica inicial cuando estén contemplados, cumpliendo con las especificaciones de construcción vigente para el proyecto.
E113: Firma
E114: Nombre:
E115: Representante Legal del Interventor o su Apoderado
E116: Matricula No. :
B118: Original: Archivo de Gestión del Contrato (Subdirección Administrativa).
B119: Copias: Unidad Ejecutora, Contratista, Interventor y Dirección Territorial.

Sheet 201.6
K1: CÓDIGO | L1: MINFRA-MN-IN-10-FR-1
C2: INSTITUTO NACIONAL DE VIAS
C3: PROCESO GESTIÓN DE LA INFRAESTRUCTURA VIAL | K3: VERSIÓN | L3: 1
C4: MANUAL DE INTERVENTORÍA OBRA PÚBLICA
C5: ANÁLISIS DE PRECIOS UNITARIOS | K5: PÁGINA | M5: DE
K8: FECHA
L9: (Día) | M9: (Mes) | N9: (Año)
B10: ITEMS DE LA PROPUESTA ECONÓMICA | F10: □ | I10: ITEMS NO PREVISTOS | K10: □
B11: UNIDAD EJECUTORA: | J11: DIRECCIÓN TERRITORIAL:
B14: CONTRATO No. | D14: DE
B15: OBJETO DEL CONTRATO:
B18: CARRETERA: | J18: SECTOR:
B20: CONTRATISTA:
B22: INTERVENTOR: | K22: CTO No.: | M22: DE
B24: FECHA CIERRE PROCESO DE SELECCIÓN CONTRATO DE OBRA:
F25: (Día) | I25: (Mes) | J25: (Año)
B27: DATOS ESPECÍFICOS
B29: ITEM | C29: DESCRIPCIÓN | K29: GRUPO DE AJUSTE | L29: UNIDAD | N29: CANTIDAD
B30: ITEM | C30: DESCRIPCIÓN | L30: UNIDAD | N30: CANTIDAD
A31: Unidad | B31: 201.6 | C31: DEMOLICIÓN DE ESTRUCTURAS | L31: UNIDAD
B33: I. EQUIPO
B35: DESCRIPCIÓN | I35: TIPO | K35: TARIFA/HORA | L35: RENDIMIENTO | N35: Vr. UNITARIO
A36: C0010790 | B36: =VLOOKUP(A36,EQUIPOS!A6:D154,3,FALSE) -> Retroexcavadora sobre oruga, potencia 138 HP, balde de 1,5 m3. | K36: =VLOOKUP(A36,EQUIPOS!A6:D161,4,FALSE) -> 148800 | M36: 2.5 | N36: =K36/M36 -> 59520
A37: C0010270 | B37: =VLOOKUP(A37,EQUIPOS!A7:D154,3,FALSE) -> Compresor 120 HP, con martillo. | K37: =VLOOKUP(A37,EQUIPOS!A7:D162,4,FALSE) -> 75000 | M37: 2.5 | N37: =K37/M37 -> 30000
A38: C0010330 | B38: =VLOOKUP(A38,EQUIPOS!A8:D154,3,FALSE) -> Equipo de oxicorte, Capacidad de corte: hasta 6´´ (152mm) | K38: =VLOOKUP(A38,EQUIPOS!A8:D163,4,FALSE) -> 8896.7365 | M38: 2.5 | N38: =K38/M38 -> 3558.6946
B42: HERRAMIENTA MENOR (%) | L42: 0.02 | N42: =N76*L42 -> 227.46274
B43: SUBTOTAL $ | N43: =SUM(N36:N42) -> 93306.157
B45: II. MATERIALES
B47: DESCRIPCIÓN | J47: UNIDAD | K47: CANTIDAD | L47: PRECIO UNIT. | N47: Vr. UNITARIO
B54: SUBTOTAL $
B56: III. TRANSPORTES
B58: MATERIAL | H58: UNIDAD | I58: CANTIDAD (1) | J58: DISTANCIA (2) | K58: (1) * (2) | L58: TARIFA | N58: Vr. UNITARIO
A59: T0010032 | B59: =VLOOKUP(A59,TRANSPORTE!A5:D94,3,FALSE) -> Transporte de material de demolición | H59: =VLOOKUP(A59,TRANSPORTE!A6:D120,2,FALSE) -> m3k | I59: 1 | J59: 1 | K59: =I59*J59 -> 1 | L59: ='900.2'!N78 -> 946.9697 | N59: =K59*L59 -> 946.9697
B65: SUBTOTAL $ | N65: =N59+N60+N61+N62+N63 -> 946.9697
B67: IV. MANO DE OBRA
B69: TRABAJADOR | I69: JORNAL | J69: PRESTACIONES (%) | K69: JORNAL TOTAL | L69: RENDIMIENTO | N69: Vr. UNITARIO
A70: A0030030 | B70: =VLOOKUP(A70,'MANO DE OBRA'!A8:D68,3,FALSE) -> Obrero (3) | I70: =K70/J70*100 -> 73771.7 | J70: 185 | K70: =VLOOKUP(A70,'MANO DE OBRA'!A8:D99,4,FALSE) -> 136477.64 | M70: 20 | N70: =K70/M70 -> 6823.8822
A71: A0040010 | B71: =VLOOKUP(A71,'MANO DE OBRA'!A8:D69,3,FALSE) -> Oficial | I71: =K71/J71*100 -> 49181.133 | J71: 185 | K71: =VLOOKUP(A71,'MANO DE OBRA'!A8:D100,4,FALSE) -> 90985.097 | M71: 20 | N71: =K71/M71 -> 4549.2548
B76: SUBTOTAL $ | N76: =SUM(N70:N75) -> 11373.137
B78: TOTAL COSTO DIRECTO $ | N78: =N43+N54+N65+N76 -> 105626.26
B80: V. COSTOS INDIRECTOS
B82: Descripción | K82: Porcentaje | L82: Valor Total
B83: ADMINISTRACION | K83: 0.2 | L83: =N78*K83 -> 21125.253
B84: IMPREVISTOS | K84: 0.05 | L84: =N78*K84 -> 5281.3132
B85: UTILIDAD | K85: 0.05 | L85: =N78*K85 -> 5281.3132
B86: SUBTOTAL $ | N86: =L83+L84+L85 -> 31687.879
A88: PFinal01 | B88: Precio Unitario Total Aproximado al Peso $ | N88: =N78+N86 -> 137314.14
E93: Firma
E94: Nombre:
E95: Representante Legal del Contratista o su Apoderado
E96: Matricula No. :
B98: OBSERVACIONES INTERVENTORÍA:
B104: APROBACIÓN POR INTERVENTORÍA
B105: Nota 1: Cuando se trate de Análisis de precios unitarios correspondientes a ítems de la propuesta económica aprobada, el Interventor aprueba el desglose de los componentes manteniendo el mismo precio unitario de cada ítem, cumpliendo con las especificaciones de construcción vigentes para el proyecto.
B107: Nota 2: Cuando se trate de Análisis de precios unitarios de ítems no previstos, el Interventor aprueba el desglose y precio unitario de cada ítem no previsto, exigiendo la aplicación de los costos correspondientes a insumos y tarifas de la propuesta económica inicial cuando estén contemplados, cumpliendo con las especificaciones de construcción vigente para el proyecto.
E113: Firma
E114: Nombre:
E115: Representante Legal del Interventor o su Apoderado
E116: Matricula No. :
B118: Original: Archivo de Gestión del Contrato (Subdirección Administrativa).
B119: Copias: Unidad Ejecutora, Contratista, Interventor y Dirección Territorial.

Sheet 201.7
K1: CÓDIGO | L1: MINFRA-MN-IN-10-FR-1
C2: INSTITUTO NACIONAL DE VIAS
C3: PROCESO GESTIÓN DE LA INFRAESTRUCTURA VIAL | K3: VERSIÓN | L3: 1
C4: MANUAL DE INTERVENTORÍA OBRA PÚBLICA
C5: ANÁLISIS DE PRECIOS UNITARIOS | K5: PÁGINA | M5: DE
K8: FECHA
L9: (Día) | M9: (Mes) | N9: (Año)
B10: ITEMS DE LA PROPUESTA ECONÓMICA | F10: □ | I10: ITEMS NO PREVISTOS | K10: □
B11: UNIDAD EJECUTORA: | J11: DIRECCIÓN TERRITORIAL:
B14: CONTRATO No. | D14: DE
B15: OBJETO DEL CONTRATO:
B18: CARRETERA: | J18: SECTOR:
B20: CONTRATISTA:
B22: INTERVENTOR: | K22: CTO No.: | M22: DE
B24: FECHA CIERRE PROCESO DE SELECCIÓN CONTRATO DE OBRA:
F25: (Día) | I25: (Mes) | J25: (Año)
B27: DATOS ESPECÍFICOS
B29: ITEM | C29: DESCRIPCIÓN | K29: GRUPO DE AJUSTE | L29: UNIDAD | N29: CANTIDAD
B30: ITEM | C30: DESCRIPCIÓN | L30: UNIDAD | N30: CANTIDAD
A31: Unidad | B31: 201.7 | C31: DEMOLICIÓN DE ESTRUCTURAS | L31: m3
B33: I. EQUIPO
B35: DESCRIPCIÓN | I35: TIPO | K35: TARIFA/HORA | L35: RENDIMIENTO | N35: Vr. UNITARIO
A36: C0010790 | B36: =VLOOKUP(A36,EQUIPOS!A6:D154,3,FALSE) -> Retroexcavadora sobre oruga, potencia 138 HP, balde de 1,5 m3. | K36: =VLOOKUP(A36,EQUIPOS!A6:D161,4,FALSE) -> 148800 | M36: 2.5 | N36: =K36/M36 -> 59520
A37: C0010270 | B37: =VLOOKUP(A37,EQUIPOS!A7:D154,3,FALSE) -> Compresor 120 HP, con martillo. | K37: =VLOOKUP(A37,EQUIPOS!A7:D162,4,FALSE) -> 75000 | M37: 2.5 | N37: =K37/M37 -> 30000
A38: C0010330 | B38: =VLOOKUP(A38,EQUIPOS!A8:D154,3,FALSE) -> Equipo de oxicorte, Capacidad de corte: hasta 6´´ (152mm) | K38: =VLOOKUP(A38,EQUIPOS!A8:D163,4,FALSE) -> 8896.7365 | M38: 2.5 | N38: =K38/M38 -> 3558.6946
B42: HERRAMIENTA MENOR (%) | L42: 0.02 | N42: =N76*L42 -> 181.97019
B43: SUBTOTAL $ | N43: =SUM(N36:N42) -> 93260.665
B45: II. MATERIALES
B47: DESCRIPCIÓN | J47: UNIDAD | K47: CANTIDAD | L47: PRECIO UNIT. | N47: Vr. UNITARIO
B54: SUBTOTAL $
B56: III. TRANSPORTES
B58: MATERIAL | H58: UNIDAD | I58: CANTIDAD (1) | J58: DISTANCIA (2) | K58: (1) * (2) | L58: TARIFA | N58: Vr. UNITARIO
A59: T0010032 | B59: =VLOOKUP(A59,TRANSPORTE!A5:D94,3,FALSE) -> Transporte de material de demolición | H59: =VLOOKUP(A59,TRANSPORTE!A6:D120,2,FALSE) -> m3k | I59: 1.4 | J59: 1 | K59: =I59*J59 -> 1.4 | L59: ='900.2'!N78 -> 946.9697 | N59: =K59*L59 -> 1325.7576
B65: SUBTOTAL $ | N65: =N59+N60+N61+N62+N63 -> 1325.7576
B67: IV. MANO DE OBRA
B69: TRABAJADOR | I69: JORNAL | J69: PRESTACIONES (%) | K69: JORNAL TOTAL | L69: RENDIMIENTO | N69: Vr. UNITARIO
A70: A0030020 | B70: =VLOOKUP(A70,'MANO DE OBRA'!A8:D68,3,FALSE) -> Obrero (2) | I70: =K70/J70*100 -> 49181.133 | J70: 185 | K70: =VLOOKUP(A70,'MANO DE OBRA'!A8:D99,4,FALSE) -> 90985.097 | M70: 20 | N70: =K70/M70 -> 4549.2548
A71: A0040010 | B71: =VLOOKUP(A71,'MANO DE OBRA'!A8:D69,3,FALSE) -> Oficial | I71: =K71/J71*100 -> 49181.133 | J71: 185 | K71: =VLOOKUP(A71,'MANO DE OBRA'!A8:D100,4,FALSE) -> 90985.097 | M71: 20 | N71: =K71/M71 -> 4549.2548
B76: SUBTOTAL $ | N76: =SUM(N70:N75) -> 9098.5097
B78: TOTAL COSTO DIRECTO $ | N78: =N43+N54+N65+N76 -> 103684.93
B80: V. COSTOS INDIRECTOS
B82: Descripción | K82: Porcentaje | L82: Valor Total
B83: ADMINISTRACION | K83: 0.2 | L83: =N78*K83 -> 20736.986
B84: IMPREVISTOS | K84: 0.05 | L84: =N78*K84 -> 5184.2466
B85: UTILIDAD | K85: 0.05 | L85: =N78*K85 -> 5184.2466
B86: SUBTOTAL $ | N86: =L83+L84+L85 -> 31105.48
A88: PFinal01 | B88: Precio Unitario Total Aproximado al Peso $ | N88: =N78+N86 -> 134790.41
E93: Firma
E94: Nombre:
E95: Representante Legal del Contratista o su Apoderado
E96: Matricula No. :
B98: OBSERVACIONES INTERVENTORÍA:
B104: APROBACIÓN POR INTERVENTORÍA
B105: Nota 1: Cuando se trate de Análisis de precios unitarios correspondientes a ítems de la propuesta económica aprobada, el Interventor aprueba el desglose de los componentes manteniendo el mismo precio unitario de cada ítem, cumpliendo con las especificaciones de construcción vigentes para el proyecto.
B107: Nota 2: Cuando se trate de Análisis de precios unitarios de ítems no previstos, el Interventor aprueba el desglose y precio unitario de cada ítem no previsto, exigiendo la aplicación de los costos correspondientes a insumos y tarifas de la propuesta económica inicial cuando estén contemplados, cumpliendo con las especificaciones de construcción vigente para el proyecto.
E113: Firma
E114: Nombre:
E115: Representante Legal del Interventor o su Apoderado
E116: Matricula No. :
B118: Original: Archivo de Gestión del Contrato (Subdirección Administrativa).
B119: Copias: Unidad Ejecutora, Contratista, Interventor y Dirección Territorial.

Sheet 201.8
K1: CÓDIGO | L1: MINFRA-MN-IN-10-FR-1
C2: INSTITUTO NACIONAL DE VIAS
C3: PROCESO GESTIÓN DE LA INFRAESTRUCTURA VIAL | K3: VERSIÓN | L3: 1
C4: MANUAL DE INTERVENTORÍA OBRA PÚBLICA
C5: ANÁLISIS DE PRECIOS UNITARIOS | K5: PÁGINA | M5: DE
K8: FECHA
L9: (Día) | M9: (Mes) | N9: (Año)
B10: ITEMS DE LA PROPUESTA ECONÓMICA | F10: □ | I10: ITEMS NO PREVISTOS | K10: □
B11: UNIDAD EJECUTORA: | J11: DIRECCIÓN TERRITORIAL:
B14: CONTRATO No. | D14: DE
B15: OBJETO DEL CONTRATO:
B18: CARRETERA: | J18: SECTOR:
B20: CONTRATISTA:
B22: INTERVENTOR: | K22: CTO No.: | M22: DE
B24: FECHA CIERRE PROCESO DE SELECCIÓN CONTRATO DE OBRA:
F25: (Día) | I25: (Mes) | J25: (Año)
B27: DATOS ESPECÍFICOS
B29: ITEM | C29: DESCRIPCIÓN | K29: GRUPO DE AJUSTE | L29: UNIDAD | N29: CANTIDAD
B30: ITEM | C30: DESCRIPCIÓN | L30: UNIDAD | N30: CANTIDAD
A31: Unidad | B31: 201.8 | C31: DEMOLICIÓN DE PAVIMENTOS RÍGIDOS | L31: m2
B33: I. EQUIPO
B35: DESCRIPCIÓN | I35: TIPO | K35: TARIFA/HORA | L35: RENDIMIENTO | N35: Vr. UNITARIO
A36: C0010140 | B36: =VLOOKUP(A36,EQUIPOS!A6:D154,3,FALSE) -> Cargador : Potencia en el volante 125 hp, Clasificación de RPM del motor 2300. | K36: =VLOOKUP(A36,EQUIPOS!A6:D161,4,FALSE) -> 196350 | M36: 22 | N36: =K36/M36 -> 8925
A37: C0010270 | B37: =VLOOKUP(A37,EQUIPOS!A7:D154,3,FALSE) -> Compresor 120 HP, con martillo. | K37: =VLOOKUP(A37,EQUIPOS!A7:D162,4,FALSE) -> 75000 | M37: 22 | N37: =K37/M37 -> 3409.0909
B42: HERRAMIENTA MENOR (%) | L42: 0.02 | N42: =N76*L42 -> 20.678431
B43: SUBTOTAL $ | N43: =SUM(N36:N42) -> 12354.769
B45: II. MATERIALES
B47: DESCRIPCIÓN | J47: UNIDAD | K47: CANTIDAD | L47: PRECIO UNIT. | N47: Vr. UNITARIO
B54: SUBTOTAL $
B56: III. TRANSPORTES
B58: MATERIAL | H58: UNIDAD | I58: CANTIDAD (1) | J58: DISTANCIA (2) | K58: (1) * (2) | L58: TARIFA | N58: Vr. UNITARIO
A59: T0010032 | B59: =VLOOKUP(A59,TRANSPORTE!A5:D94,3,FALSE) -> Transporte de material de demolición | H59: =VLOOKUP(A59,TRANSPORTE!A6:D120,2,FALSE) -> m3k | I59: 0.42 | J59: 1 | K59: =I59*J59 -> 0.42 | L59: ='900.2'!N78 -> 946.9697 | N59: =K59*L59 -> 397.72727
B65: SUBTOTAL $ | N65: =N59+N60+N61+N62+N63 -> 397.72727
B67: IV. MANO DE OBRA
B69: TRABAJADOR | I69: JORNAL | J69: PRESTACIONES (%) | K69: JORNAL TOTAL | L69: RENDIMIENTO | N69: Vr. UNITARIO
A70: A0030020 | B70: =VLOOKUP(A70,'MANO DE OBRA'!A8:D68,3,FALSE) -> Obrero (2) | I70: =K70/J70*100 -> 49181.133 | J70: 185 | K70: =VLOOKUP(A70,'MANO DE OBRA'!A8:D99,4,FALSE) -> 90985.097 | M70: 176 | N70: =K70/M70 -> 516.96078
A71: A0040010 | B71: =VLOOKUP(A71,'MANO DE OBRA'!A8:D69,3,FALSE) -> Oficial | I71: =K71/J71*100 -> 49181.133 | J71: 185 | K71: =VLOOKUP(A71,'MANO DE OBRA'!A8:D100,4,FALSE) -> 90985.097 | M71: 176 | N71: =K71/M71 -> 516.96078
B76: SUBTOTAL $ | N76: =SUM(N70:N75) -> 1033.9216
B78: TOTAL COSTO DIRECTO $ | N78: =N43+N54+N65+N76 -> 13786.418
B80: V. COSTOS INDIRECTOS
B82: Descripción | K82: Porcentaje | L82: Valor Total
B83: ADMINISTRACION | K83: 0.2 | L83: =N78*K83 -> 2757.2836
B84: IMPREVISTOS | K84: 0.05 | L84: =N78*K84 -> 689.32091
B85: UTILIDAD | K85: 0.05 | L85: =N78*K85 -> 689.32091
B86: SUBTOTAL $ | N86: =L83+L84+L85 -> 4135.9254
A88: PFinal01 | B88: Precio Unitario Total Aproximado al Peso $ | N88: =N78+N86 -> 17922.344
E93: Firma
E94: Nombre:
E95: Representante Legal del Contratista o su Apoderado
E96: Matricula No. :
B98: OBSERVACIONES INTERVENTORÍA:
B104: APROBACIÓN POR INTERVENTORÍA
B105: Nota 1: Cuando se trate de Análisis de precios unitarios correspondientes a ítems de la propuesta económica aprobada, el Interventor aprueba el desglose de los componentes manteniendo el mismo precio unitario de cada ítem, cumpliendo con las especificaciones de construcción vigentes para el proyecto.
B107: Nota 2: Cuando se trate de Análisis de precios unitarios de ítems no previstos, el Interventor aprueba el desglose y precio unitario de cada ítem no previsto, exigiendo la aplicación de los costos correspondientes a insumos y tarifas de la propuesta económica inicial cuando estén contemplados, cumpliendo con las especificaciones de construcción vigente para el proyecto.
E113: Firma
E114: Nombre:
E115: Representante Legal del Interventor o su Apoderado
E116: Matricula No. :
B118: Original: Archivo de Gestión del Contrato (Subdirección Administrativa).
B119: Copias: Unidad Ejecutora, Contratista, Interventor y Dirección Territorial.

Sheet 201.9
K1: CÓDIGO | L1: MINFRA-MN-IN-10-FR-1
C2: INSTITUTO NACIONAL DE VIAS
C3: PROCESO GESTIÓN DE LA INFRAESTRUCTURA VIAL | K3: VERSIÓN | L3: 1
C4: MANUAL DE INTERVENTORÍA OBRA PÚBLICA
C5: ANÁLISIS DE PRECIOS UNITARIOS | K5: PÁGINA | M5: DE
K8: FECHA
L9: (Día) | M9: (Mes) | N9: (Año)
B10: ITEMS DE LA PROPUESTA ECONÓMICA | F10: □ | I10: ITEMS NO PREVISTOS | K10: □
B11: UNIDAD EJECUTORA: | J11: DIRECCIÓN TERRITORIAL:
B14: CONTRATO No. | D14: DE
B15: OBJETO DEL CONTRATO:
B18: CARRETERA: | J18: SECTOR:
B20: CONTRATISTA:
B22: INTERVENTOR: | K22: CTO No.: | M22: DE
B24: FECHA CIERRE PROCESO DE SELECCIÓN CONTRATO DE OBRA:
F25: (Día) | I25: (Mes) | J25: (Año)
B27: DATOS ESPECÍFICOS
B29: ITEM | C29: DESCRIPCIÓN | K29: GRUPO DE AJUSTE | L29: UNIDAD | N29: CANTIDAD
B30: ITEM | C30: DESCRIPCIÓN | L30: UNIDAD | N30: CANTIDAD
A31: Unidad | B31: 201.9 | C31: DEMOLICIÓN DE PISOS Y ANDENES DE CONCRETO | L31: m2
B33: I. EQUIPO
B35: DESCRIPCIÓN | I35: TIPO | K35: TARIFA/HORA | L35: RENDIMIENTO | N35: Vr. UNITARIO
A36: C0010140 | B36: =VLOOKUP(A36,EQUIPOS!A6:D154,3,FALSE) -> Cargador : Potencia en el volante 125 hp, Clasificación de RPM del motor 2300. | K36: =VLOOKUP(A36,EQUIPOS!A6:D161,4,FALSE) -> 196350 | M36: 22 | N36: =K36/M36 -> 8925
A37: C0010270 | B37: =VLOOKUP(A37,EQUIPOS!A7:D154,3,FALSE) -> Compresor 120 HP, con martillo. | K37: =VLOOKUP(A37,EQUIPOS!A7:D162,4,FALSE) -> 75000 | M37: 22 | N37: =K37/M37 -> 3409.0909
B42: HERRAMIENTA MENOR (%) | L42: 0.02 | N42: =N76*L42 -> 20.678431
B43: SUBTOTAL $ | N43: =SUM(N36:N42) -> 12354.769
B45: II. MATERIALES
B47: DESCRIPCIÓN | J47: UNIDAD | K47: CANTIDAD | L47: PRECIO UNIT. | N47: Vr. UNITARIO
B54: SUBTOTAL $
B56: III. TRANSPORTES
B58: MATERIAL | H58: UNIDAD | I58: CANTIDAD (1) | J58: DISTANCIA (2) | K58: (1) * (2) | L58: TARIFA | N58: Vr. UNITARIO
A59: T0010032 | B59: =VLOOKUP(A59,TRANSPORTE!A5:D94,3,FALSE) -> Transporte de material de demolición | H59: =VLOOKUP(A59,TRANSPORTE!A6:D120,2,FALSE) -> m3k | I59: 0.21 | J59: 1 | K59: =I59*J59 -> 0.21 | L59: ='900.2'!N78 -> 946.9697 | N59: =K59*L59 -> 198.86364
B65: SUBTOTAL $ | N65: =N59+N60+N61+N62+N63 -> 198.86364
B67: IV. MANO DE OBRA
B69: TRABAJADOR | I69: JORNAL | J69: PRESTACIONES (%) | K69: JORNAL TOTAL | L69: RENDIMIENTO | N69: Vr. UNITARIO
A70: A0030020 | B70: =VLOOKUP(A70,'MANO DE OBRA'!A8:D68,3,FALSE) -> Obrero (2) | I70: =K70/J70*100 -> 49181.133 | J70: 185 | K70: =VLOOKUP(A70,'MANO DE OBRA'!A8:D99,4,FALSE) -> 90985.097 | M70: 176 | N70: =K70/M70 -> 516.96078
A71: A0040010 | B71: =VLOOKUP(A71,'MANO DE OBRA'!A8:D69,3,FALSE) -> Oficial | I71: =K71/J71*100 -> 49181.133 | J71: 185 | K71: =VLOOKUP(A71,'MANO DE OBRA'!A8:D100,4,FALSE) -> 90985.097 | M71: 176 | N71: =K71/M71 -> 516.96078
B76: SUBTOTAL $ | N76: =SUM(N70:N75) -> 1033.9216
B78: TOTAL COSTO DIRECTO $ | N78: =N43+N54+N65+N76 -> 13587.555
B80: V. COSTOS INDIRECTOS
B82: Descripción | K82: Porcentaje | L82: Valor Total
B83: ADMINISTRACION | K83: 0.2 | L83: =N78*K83 -> 2717.5109
B84: IMPREVISTOS | K84: 0.05 | L84: =N78*K84 -> 679.37773
B85: UTILIDAD | K85: 0.05 | L85: =N78*K85 -> 679.37773
B86: SUBTOTAL $ | N86: =L83+L84+L85 -> 4076.2664
A88: PFinal01 | B88: Precio Unitario Total Aproximado al Peso $ | N88: =N78+N86 -> 17663.821
E93: Firma
E94: Nombre:
E95: Representante Legal del Contratista o su Apoderado
E96: Matricula No. :
B98: OBSERVACIONES INTERVENTORÍA:
B104: APROBACIÓN POR INTERVENTORÍA
B105: Nota 1: Cuando se trate de Análisis de precios unitarios correspondientes a ítems de la propuesta económica aprobada, el Interventor aprueba el desglose de los componentes manteniendo el mismo precio unitario de cada ítem, cumpliendo con las especificaciones de construcción vigentes para el proyecto.
B107: Nota 2: Cuando se trate de Análisis de precios unitarios de ítems no previstos, el Interventor aprueba el desglose y precio unitario de cada ítem no previsto, exigiendo la aplicación de los costos correspondientes a insumos y tarifas de la propuesta económica inicial cuando estén contemplados, cumpliendo con las especificaciones de construcción vigente para el proyecto.
E113: Firma
E114: Nombre:
E115: Representante Legal del Interventor o su Apoderado
E116: Matricula No. :
B118: Original: Archivo de Gestión del Contrato (Subdirección Administrativa).
B119: Copias: Unidad Ejecutora, Contratista, Interventor y Dirección Territorial.

Sheet 201.10
K1: CÓDIGO | L1: MINFRA-MN-IN-10-FR-1
C2: INSTITUTO NACIONAL DE VIAS
C3: PROCESO GESTIÓN DE LA INFRAESTRUCTURA VIAL | K3: VERSIÓN | L3: 1
C4: MANUAL DE INTERVENTORÍA OBRA PÚBLICA
C5: ANÁLISIS DE PRECIOS UNITARIOS | K5: PÁGINA | M5: DE
K8: FECHA
L9: (Día) | M9: (Mes) | N9: (Año)
B10: ITEMS DE LA PROPUESTA ECONÓMICA | F10: □ | I10: ITEMS NO PREVISTOS | K10: □
B11: UNIDAD EJECUTORA: | J11: DIRECCIÓN TERRITORIAL:
B14: CONTRATO No. | D14: DE
B15: OBJETO DEL CONTRATO:
B18: CARRETERA: | J18: SECTOR:
B20: CONTRATISTA:
B22: INTERVENTOR: | K22: CTO No.: | M22: DE
B24: FECHA CIERRE PROCESO DE SELECCIÓN CONTRATO DE OBRA:
F25: (Día) | I25: (Mes) | J25: (Año)
B27: DATOS ESPECÍFICOS
B29: ITEM | C29: DESCRIPCIÓN | K29: GRUPO DE AJUSTE | L29: UNIDAD | N29: CANTIDAD
B30: ITEM | C30: DESCRIPCIÓN | L30: UNIDAD | N30: CANTIDAD
A31: Unidad | B31: 201.10 | C31: DEMOLICIÓN DE BORDILLOS DE CONCRETO | L31: m
B33: I. EQUIPO
B35: DESCRIPCIÓN | I35: TIPO | K35: TARIFA/HORA | L35: RENDIMIENTO | N35: Vr. UNITARIO
A36: C0010270 | B36: =VLOOKUP(A36,EQUIPOS!A6:D154,3,FALSE) -> Compresor 120 HP, con martillo. | K36: =VLOOKUP(A36,EQUIPOS!A6:D161,4,FALSE) -> 75000 | M36: 20 | N36: =K36/M36 -> 3750
B42: HERRAMIENTA MENOR (%) | L42: 0.1 | N42: =N76*L42 -> 56.865685
B43: SUBTOTAL $ | N43: =SUM(N36:N42) -> 3806.8657
B45: II. MATERIALES
B47: DESCRIPCIÓN | J47: UNIDAD | K47: CANTIDAD | L47: PRECIO UNIT. | N47: Vr. UNITARIO
B54: SUBTOTAL $
B56: III. TRANSPORTES
B58: MATERIAL | H58: UNIDAD | I58: CANTIDAD (1) | J58: DISTANCIA (2) | K58: (1) * (2) | L58: TARIFA | N58: Vr. UNITARIO
A59: T0010032 | B59: =VLOOKUP(A59,TRANSPORTE!A5:D94,3,FALSE) -> Transporte de material de demolición | H59: =VLOOKUP(A59,TRANSPORTE!A6:D120,2,FALSE) -> m3k | I59: 0.08 | J59: 1 | K59: =I59*J59 -> 0.08 | L59: ='900.2'!N78 -> 946.9697 | N59: =K59*L59 -> 75.757576
B65: SUBTOTAL $ | N65: =N59+N60+N61+N62+N63 -> 75.757576
B67: IV. MANO DE OBRA
B69: TRABAJADOR | I69: JORNAL | J69: PRESTACIONES (%) | K69: JORNAL TOTAL | L69: RENDIMIENTO | N69: Vr. UNITARIO
A70: A0030020 | B70: =VLOOKUP(A70,'MANO DE OBRA'!A8:D68,3,FALSE) -> Obrero (2) | I70: =K70/J70*100 -> 49181.133 | J70: 185 | K70: =VLOOKUP(A70,'MANO DE OBRA'!A8:D99,4,FALSE) -> 90985.097 | M70: 160 | N70: =K70/M70 -> 568.65685
B76: SUBTOTAL $ | N76: =SUM(N70:N75) -> 568.65685
B78: TOTAL COSTO DIRECTO $ | N78: =N43+N54+N65+N76 -> 4451.2801
B80: V. COSTOS INDIRECTOS
B82: Descripción | K82: Porcentaje | L82: Valor Total
B83: ADMINISTRACION | K83: 0.2 | L83: =N78*K83 -> 890.25602
B84: IMPREVISTOS | K84: 0.05 | L84: =N78*K84 -> 222.56401
B85: UTILIDAD | K85: 0.05 | L85: =N78*K85 -> 222.56401
B86: SUBTOTAL $ | N86: =L83+L84+L85 -> 1335.384
A88: PFinal01 | B88: Precio Unitario Total Aproximado al Peso $ | N88: =N78+N86 -> 5786.6641
E93: Firma
E94: Nombre:
E95: Representante Legal del Contratista o su Apoderado
E96: Matricula No. :
B98: OBSERVACIONES INTERVENTORÍA:
B104: APROBACIÓN POR INTERVENTORÍA
B105: Nota 1: Cuando se trate de Análisis de precios unitarios correspondientes a ítems de la propuesta económica aprobada, el Interventor aprueba el desglose de los componentes manteniendo el mismo precio unitario de cada ítem, cumpliendo con las especificaciones de construcción vigentes para el proyecto.
B107: Nota 2: Cuando se trate de Análisis de precios unitarios de ítems no previstos, el Interventor aprueba el desglose y precio unitario de cada ítem no previsto, exigiendo la aplicación de los costos correspondientes a insumos y tarifas de la propuesta económica inicial cuando estén contemplados, cumpliendo con las especificaciones de construcción vigente para el proyecto.
E113: Firma
E114: Nombre:
E115: Representante Legal del Interventor o su Apoderado
E116: Matricula No. :
B118: Original: Archivo de Gestión del Contrato (Subdirección Administrativa).
B119: Copias: Unidad Ejecutora, Contratista, Interventor y Dirección Territorial.

Sheet 201.11
K1: CÓDIGO | L1: MINFRA-MN-IN-10-FR-1
C2: INSTITUTO NACIONAL DE VIAS
C3: PROCESO GESTIÓN DE LA INFRAESTRUCTURA VIAL | K3: VERSIÓN | L3: 1
C4: MANUAL DE INTERVENTORÍA OBRA PÚBLICA
C5: ANÁLISIS DE PRECIOS UNITARIOS | K5: PÁGINA | M5: DE
K8: FECHA
L9: (Día) | M9: (Mes) | N9: (Año)
B10: ITEMS DE LA PROPUESTA ECONÓMICA | F10: □ | I10: ITEMS NO PREVISTOS | K10: □
B11: UNIDAD EJECUTORA: | J11: DIRECCIÓN TERRITORIAL:
B14: CONTRATO No. | D14: DE
B15: OBJETO DEL CONTRATO:
B18: CARRETERA: | J18: SECTOR:
B20: CONTRATISTA:
B22: INTERVENTOR: | K22: CTO No.: | M22: DE
B24: FECHA CIERRE PROCESO DE SELECCIÓN CONTRATO DE OBRA:
F25: (Día) | I25: (Mes) | J25: (Año)
B27: DATOS ESPECÍFICOS
B29: ITEM | C29: DESCRIPCIÓN | K29: GRUPO DE AJUSTE | L29: UNIDAD | N29: CANTIDAD
B30: ITEM | C30: DESCRIPCIÓN | L30: UNIDAD | N30: CANTIDAD
A31: Unidad | B31: 201.11 | C31: DESMONTAJE Y TRASLADO DE ESTRUCTURAS METÁLICAS | L31: Kg
B33: I. EQUIPO
B35: DESCRIPCIÓN | I35: TIPO | K35: TARIFA/HORA | L35: RENDIMIENTO | N35: Vr. UNITARIO
A36: C0010330 | B36: =VLOOKUP(A36,EQUIPOS!A6:D154,3,FALSE) -> Equipo de oxicorte, Capacidad de corte: hasta 6´´ (152mm) | K36: =VLOOKUP(A36,EQUIPOS!A6:D161,4,FALSE) -> 8896.7365 | M36: 321 | N36: =K36/M36 -> 27.71569
A37: C0010520 | B37: =VLOOKUP(A37,EQUIPOS!A7:D154,3,FALSE) -> Grúa telescópica de 50 Ton. | K37: =VLOOKUP(A37,EQUIPOS!A7:D162,4,FALSE) -> 289519.1 | M37: 321 | N37: =K37/M37 -> 901.92866
B42: HERRAMIENTA MENOR (%) | L42: 0.1 | N42: =N76*L42 -> 14.172133
B43: SUBTOTAL $ | N43: =SUM(N36:N42) -> 943.81649
B45: II. MATERIALES
B47: DESCRIPCIÓN | J47: UNIDAD | K47: CANTIDAD | L47: PRECIO UNIT. | N47: Vr. UNITARIO
B54: SUBTOTAL $
B56: III. TRANSPORTES
B58: MATERIAL | H58: UNIDAD | I58: CANTIDAD (1) | J58: DISTANCIA (2) | K58: (1) * (2) | L58: TARIFA | N58: Vr. UNITARIO
A59: T0010001 | B59: =VLOOKUP(A59,TRANSPORTE!A5:D117,3,FALSE) -> Transporte de acero | H59: =VLOOKUP(A59,TRANSPORTE!A6:D120,2,FALSE) -> tkm | I59: 1 | J59: 1 | K59: =I59*J59 -> 1 | L59: =VLOOKUP(A59,TRANSPORTE!A5:D120,4,FALSE) -> 0.29694158 | N59: =K59*L59 -> 0.29694158
B65: SUBTOTAL $ | N65: =N59+N60+N61+N62+N63 -> 0.29694158
B67: IV. MANO DE OBRA
B69: TRABAJADOR | I69: JORNAL | J69: PRESTACIONES (%) | K69: JORNAL TOTAL | L69: RENDIMIENTO | N69: Vr. UNITARIO
A70: A0030080 | B70: =VLOOKUP(A70,'MANO DE OBRA'!A8:D68,3,FALSE) -> Obrero (8) | I70: =K70/J70*100 -> 196724.53 | J70: 185 | K70: =VLOOKUP(A70,'MANO DE OBRA'!A8:D99,4,FALSE) -> 363940.39 | M70: 2568 | N70: =K70/M70 -> 141.72133
B76: SUBTOTAL $ | N76: =SUM(N70:N75) -> 141.72133
B78: TOTAL COSTO DIRECTO $ | N78: =N43+N54+N65+N76 -> 1085.8348
B80: V. COSTOS INDIRECTOS
B82: Descripción | K82: Porcentaje | L82: Valor Total
B83: ADMINISTRACION | K83: 0.2 | L83: =N78*K83 -> 217.16695
B84: IMPREVISTOS | K84: 0.05 | L84: =N78*K84 -> 54.291738
B85: UTILIDAD | K85: 0.05 | L85: =N78*K85 -> 54.291738
B86: SUBTOTAL $ | N86: =L83+L84+L85 -> 325.75043
A88: PFinal01 | B88: Precio Unitario Total Aproximado al Peso $ | N88: =N78+N86 -> 1411.5852
E93: Firma
E94: Nombre:
E95: Representante Legal del Contratista o su Apoderado
E96: Matricula No. :
B98: OBSERVACIONES INTERVENTORÍA:
B104: APROBACIÓN POR INTERVENTORÍA
B105: Nota 1: Cuando se trate de Análisis de precios unitarios correspondientes a ítems de la propuesta económica aprobada, el Interventor aprueba el desglose de los componentes manteniendo el mismo precio unitario de cada ítem, cumpliendo con las especificaciones de construcción vigentes para el proyecto.
B107: Nota 2: Cuando se trate de Análisis de precios unitarios de ítems no previstos, el Interventor aprueba el desglose y precio unitario de cada ítem no previsto, exigiendo la aplicación de los costos correspondientes a insumos y tarifas de la propuesta económica inicial cuando estén contemplados, cumpliendo con las especificaciones de construcción vigente para el proyecto.
E113: Firma
E114: Nombre:
E115: Representante Legal del Interventor o su Apoderado
E116: Matricula No. :
B118: Original: Archivo de Gestión del Contrato (Subdirección Administrativa).
B119: Copias: Unidad Ejecutora, Contratista, Interventor y Dirección Territorial.

Sheet 201.12
K1: CÓDIGO | L1: MINFRA-MN-IN-10-FR-1
C2: INSTITUTO NACIONAL DE VIAS
C3: PROCESO GESTIÓN DE LA INFRAESTRUCTURA VIAL | K3: VERSIÓN | L3: 1
C4: MANUAL DE INTERVENTORÍA OBRA PÚBLICA
C5: ANÁLISIS DE PRECIOS UNITARIOS | K5: PÁGINA | M5: DE
K8: FECHA
L9: (Día) | M9: (Mes) | N9: (Año)
B10: ITEMS DE LA PROPUESTA ECONÓMICA | F10: □ | I10: ITEMS NO PREVISTOS | K10: □
B11: UNIDAD EJECUTORA: | J11: DIRECCIÓN TERRITORIAL:
B14: CONTRATO No. | D14: DE
B15: OBJETO DEL CONTRATO:
B18: CARRETERA: | J18: SECTOR:
B20: CONTRATISTA:
B22: INTERVENTOR: | K22: CTO No.: | M22: DE
B24: FECHA CIERRE PROCESO DE SELECCIÓN CONTRATO DE OBRA:
F25: (Día) | I25: (Mes) | J25: (Año)
B27: DATOS ESPECÍFICOS
B29: ITEM | C29: DESCRIPCIÓN | K29: GRUPO DE AJUSTE | L29: UNIDAD | N29: CANTIDAD
B30: ITEM | C30: DESCRIPCIÓN | L30: UNIDAD | N30: CANTIDAD
A31: Unidad | B31: 201.12 | C31: REMOCIÓN DE ESPECIES VEGETALES | L31: UNIDAD
B33: I. EQUIPO
B35: DESCRIPCIÓN | I35: TIPO | K35: TARIFA/HORA | L35: RENDIMIENTO | N35: Vr. UNITARIO
A36: C0010620 | B36: =VLOOKUP(A36,EQUIPOS!A6:D154,3,FALSE) -> Motosierra, 93.6 cm3 - 7.1 HP, 45-90 cm - 7.9 kg | K36: =VLOOKUP(A36,EQUIPOS!A6:D161,4,FALSE) -> 6752.2472 | M36: 3 | N36: =K36/M36 -> 2250.7491
A37: C0010790 | B37: =VLOOKUP(A37,EQUIPOS!A7:D154,3,FALSE) -> Retroexcavadora sobre oruga, potencia 138 HP, balde de 1,5 m3. | K37: =VLOOKUP(A37,EQUIPOS!A7:D162,4,FALSE) -> 148800 | M37: 3 | N37: =K37/M37 -> 49600
B42: HERRAMIENTA MENOR (%) | L42: 0.05 | N42: =N76*L42 -> 568.65685
B43: SUBTOTAL $ | N43: =SUM(N36:N42) -> 52419.406
B45: II. MATERIALES
B47: DESCRIPCIÓN | J47: UNIDAD | K47: CANTIDAD | L47: PRECIO UNIT. | N47: Vr. UNITARIO
B54: SUBTOTAL $
B56: III. TRANSPORTES
B58: MATERIAL | H58: UNIDAD | I58: CANTIDAD (1) | J58: DISTANCIA (2) | K58: (1) * (2) | L58: TARIFA | N58: Vr. UNITARIO
A59: T0010032 | B59: =VLOOKUP(A59,TRANSPORTE!A5:D117,3,FALSE) -> Transporte de material de demolición | H59: =VLOOKUP(A59,TRANSPORTE!A6:D120,2,FALSE) -> m3k | I59: 6 | J59: 1 | K59: =I59*J59 -> 6 | L59: =VLOOKUP(A59,TRANSPORTE!A5:D94,4,FALSE) -> 946.9697 | N59: =K59*L59 -> 5681.8182
B65: SUBTOTAL $ | N65: =N59+N60+N61+N62+N63 -> 5681.8182
B67: IV. MANO DE OBRA
B69: TRABAJADOR | I69: JORNAL | J69: PRESTACIONES (%) | K69: JORNAL TOTAL | L69: RENDIMIENTO | N69: Vr. UNITARIO
A70: A0040010 | B70: =VLOOKUP(A70,'MANO DE OBRA'!A8:D68,3,FALSE) -> Oficial | I70: =K70/J70*100 -> 49181.133 | J70: 185 | K70: =VLOOKUP(A70,'MANO DE OBRA'!A8:D99,4,FALSE) -> 90985.097 | M70: 24 | N70: =K70/M70 -> 3791.0457
A71: A0030040 | B71: =VLOOKUP(A71,'MANO DE OBRA'!A8:D69,3,FALSE) -> Obrero (4) | I71: =K71/J71*100 -> 98362.267 | J71: 185 | K71: =VLOOKUP(A71,'MANO DE OBRA'!A8:D100,4,FALSE) -> 181970.19 | M71: 24 | N71: =K71/M71 -> 7582.0914
B76: SUBTOTAL $ | N76: =SUM(N70:N75) -> 11373.137
B78: TOTAL COSTO DIRECTO $ | N78: =N43+N54+N65+N76 -> 69474.361
B80: V. COSTOS INDIRECTOS
B82: Descripción | K82: Porcentaje | L82: Valor Total
B83: ADMINISTRACION | K83: 0.2 | L83: =N78*K83 -> 13894.872
B84: IMPREVISTOS | K84: 0.05 | L84: =N78*K84 -> 3473.7181
B85: UTILIDAD | K85: 0.05 | L85: =N78*K85 -> 3473.7181
B86: SUBTOTAL $ | N86: =L83+L84+L85 -> 20842.308
A88: PFinal01 | B88: Precio Unitario Total Aproximado al Peso $ | N88: =N78+N86 -> 90316.67
E93: Firma
E94: Nombre:
E95: Representante Legal del Contratista o su Apoderado
E96: Matricula No. :
B98: OBSERVACIONES INTERVENTORÍA:
B104: APROBACIÓN POR INTERVENTORÍA
B105: Nota 1: Cuando se trate de Análisis de precios unitarios correspondientes a ítems de la propuesta económica aprobada, el Interventor aprueba el desglose de los componentes manteniendo el mismo precio unitario de cada ítem, cumpliendo con las especificaciones de construcción vigentes para el proyecto.
B107: Nota 2: Cuando se trate de Análisis de precios unitarios de ítems no previstos, el Interventor aprueba el desglose y precio unitario de cada ítem no previsto, exigiendo la aplicación de los costos correspondientes a insumos y tarifas de la propuesta económica inicial cuando estén contemplados, cumpliendo con las especificaciones de construcción vigente para el proyecto.
E113: Firma
E114: Nombre:
E115: Representante Legal del Interventor o su Apoderado
E116: Matricula No. :
B118: Original: Archivo de Gestión del Contrato (Subdirección Administrativa).
B119: Copias: Unidad Ejecutora, Contratista, Interventor y Dirección Territorial.

Sheet 201.13
K1: CÓDIGO | L1: MINFRA-MN-IN-10-FR-1
C2: INSTITUTO NACIONAL DE VIAS
C3: PROCESO GESTIÓN DE LA INFRAESTRUCTURA VIAL | K3: VERSIÓN | L3: 1
C4: MANUAL DE INTERVENTORÍA OBRA PÚBLICA
C5: ANÁLISIS DE PRECIOS UNITARIOS | K5: PÁGINA | M5: DE
K8: FECHA
L9: (Día) | M9: (Mes) | N9: (Año)
B10: ITEMS DE LA PROPUESTA ECONÓMICA | F10: □ | I10: ITEMS NO PREVISTOS | K10: □
B11: UNIDAD EJECUTORA: | J11: DIRECCIÓN TERRITORIAL:
B14: CONTRATO No. | D14: DE
B15: OBJETO DEL CONTRATO:
B18: CARRETERA: | J18: SECTOR:
B20: CONTRATISTA:
B22: INTERVENTOR: | K22: CTO No.: | M22: DE
B24: FECHA CIERRE PROCESO DE SELECCIÓN CONTRATO DE OBRA:
F25: (Día) | I25: (Mes) | J25: (Año)
B27: DATOS ESPECÍFICOS
B29: ITEM | C29: DESCRIPCIÓN | K29: GRUPO DE AJUSTE | L29: UNIDAD | N29: CANTIDAD
B30: ITEM | C30: DESCRIPCIÓN | L30: UNIDAD | N30: CANTIDAD
A31: Unidad | B31: 201.13 | C31: REMOCIÓN DE OBSTÁCULOS (SE DEBERÁ HACER UN ÍTEM DE PAGO PARA CADA OBSTÁCULO) | L31: UNIDAD
B33: I. EQUIPO
B35: DESCRIPCIÓN | I35: TIPO | K35: TARIFA/HORA | L35: RENDIMIENTO | N35: Vr. UNITARIO
A36: C0010330 | B36: =VLOOKUP(A36,EQUIPOS!A6:D154,3,FALSE) -> Equipo de oxicorte, Capacidad de corte: hasta 6´´ (152mm) | K36: =VLOOKUP(A36,EQUIPOS!A6:D161,4,FALSE) -> 8896.7365 | M36: 4 | N36: =K36/M36 -> 2224.1841
A37: C0010520 | B37: =VLOOKUP(A37,EQUIPOS!A7:D154,3,FALSE) -> Grúa telescópica de 50 Ton. | K37: =VLOOKUP(A37,EQUIPOS!A7:D162,4,FALSE) -> 289519.1 | M37: 4 | N37: =K37/M37 -> 72379.775
B42: HERRAMIENTA MENOR (%) | L42: 0.1 | N42: =N76*L42 -> 852.98528
B43: SUBTOTAL $ | N43: =SUM(N36:N42) -> 75456.945
B45: II. MATERIALES
B47: DESCRIPCIÓN | J47: UNIDAD | K47: CANTIDAD | L47: PRECIO UNIT. | N47: Vr. UNITARIO
B54: SUBTOTAL $ | N54: =SUM(N48:N53) -> 0
B56: III. TRANSPORTES
B58: MATERIAL | H58: UNIDAD | I58: CANTIDAD (1) | J58: DISTANCIA (2) | K58: (1) * (2) | L58: TARIFA | N58: Vr. UNITARIO
A59: T0010160 | B59: =VLOOKUP(A59,TRANSPORTE!A5:D117,3,FALSE) -> Transporte de estructuras metálicas | H59: =VLOOKUP(A59,TRANSPORTE!A6:D120,2,FALSE) -> kgk | I59: 1 | J59: 1 | K59: =I59*J59 -> 1 | L59: =VLOOKUP(A59,TRANSPORTE!A5:D117,4,FALSE) -> 0.29694158 | N59: =K59*L59 -> 0.29694158
B65: SUBTOTAL $ | N65: =N59+N60+N61+N62+N63 -> 0.29694158
B67: IV. MANO DE OBRA
B69: TRABAJADOR | I69: JORNAL | J69: PRESTACIONES (%) | K69: JORNAL TOTAL | L69: RENDIMIENTO | N69: Vr. UNITARIO
A70: A0040010 | B70: =VLOOKUP(A70,'MANO DE OBRA'!A8:D68,3,FALSE) -> Oficial | I70: =K70/J70*100 -> 49181.133 | J70: 185 | K70: =VLOOKUP(A70,'MANO DE OBRA'!A8:D99,4,FALSE) -> 90985.097 | M70: 32 | N70: =K70/M70 -> 2843.2843
A71: A0030040 | B71: =VLOOKUP(A71,'MANO DE OBRA'!A8:D69,3,FALSE) -> Obrero (4) | I71: =K71/J71*100 -> 98362.267 | J71: 185 | K71: =VLOOKUP(A71,'MANO DE OBRA'!A8:D100,4,FALSE) -> 181970.19 | M71: 32 | N71: =K71/M71 -> 5686.5685
B76: SUBTOTAL $ | N76: =SUM(N70:N75) -> 8529.8528
B78: TOTAL COSTO DIRECTO $ | N78: =N43+N54+N65+N76 -> 83987.094
B80: V. COSTOS INDIRECTOS
B82: Descripción | K82: Porcentaje | L82: Valor Total
B83: ADMINISTRACION | K83: 0.2 | L83: =N78*K83 -> 16797.419
B84: IMPREVISTOS | K84: 0.05 | L84: =N78*K84 -> 4199.3547
B85: UTILIDAD | K85: 0.05 | L85: =N78*K85 -> 4199.3547
B86: SUBTOTAL $ | N86: =L83+L84+L85 -> 25196.128
A88: PFinal01 | B88: Precio Unitario Total Aproximado al Peso $ | N88: =N78+N86 -> 109183.22
E93: Firma
E94: Nombre:
E95: Representante Legal del Contratista o su Apoderado
E96: Matricula No. :
B98: OBSERVACIONES INTERVENTORÍA:
B104: APROBACIÓN POR INTERVENTORÍA
B105: Nota 1: Cuando se trate de Análisis de precios unitarios correspondientes a ítems de la propuesta económica aprobada, el Interventor aprueba el desglose de los componentes manteniendo el mismo precio unitario de cada ítem, cumpliendo con las especificaciones de construcción vigentes para el proyecto.
B107: Nota 2: Cuando se trate de Análisis de precios unitarios de ítems no previstos, el Interventor aprueba el desglose y precio unitario de cada ítem no previsto, exigiendo la aplicación de los costos correspondientes a insumos y tarifas de la propuesta económica inicial cuando estén contemplados, cumpliendo con las especificaciones de construcción vigente para el proyecto.
E113: Firma
E114: Nombre:
E115: Representante Legal del Interventor o su Apoderado
E116: Matricula No. :
B118: Original: Archivo de Gestión del Contrato (Subdirección Administrativa).
B119: Copias: Unidad Ejecutora, Contratista, Interventor y Dirección Territorial.

Sheet 201.14
K1: CÓDIGO | L1: MINFRA-MN-IN-10-FR-1
C2: INSTITUTO NACIONAL DE VIAS
C3: PROCESO GESTIÓN DE LA INFRAESTRUCTURA VIAL | K3: VERSIÓN | L3: 1
C4: MANUAL DE INTERVENTORÍA OBRA PÚBLICA
C5: ANÁLISIS DE PRECIOS UNITARIOS | K5: PÁGINA | M5: DE
K8: FECHA
L9: (Día) | M9: (Mes) | N9: (Año)
B10: ITEMS DE LA PROPUESTA ECONÓMICA | F10: □ | I10: ITEMS NO PREVISTOS | K10: □
B11: UNIDAD EJECUTORA: | J11: DIRECCIÓN TERRITORIAL:
B14: CONTRATO No. | D14: DE
B15: OBJETO DEL CONTRATO:
B18: CARRETERA: | J18: SECTOR:
B20: CONTRATISTA:
B22: INTERVENTOR: | K22: CTO No.: | M22: DE
B24: FECHA CIERRE PROCESO DE SELECCIÓN CONTRATO DE OBRA:
F25: (Día) | I25: (Mes) | J25: (Año)
B27: DATOS ESPECÍFICOS
B29: ITEM | C29: DESCRIPCIÓN | K29: GRUPO DE AJUSTE | L29: UNIDAD | N29: CANTIDAD
B30: ITEM | C30: DESCRIPCIÓN | L30: UNIDAD | N30: CANTIDAD
A31: Unidad | B31: 201.14 | C31: REMOCIÓN DE DUCTOS DE SERVICIOS EXISTENTES | L31: m
B33: I. EQUIPO
B35: DESCRIPCIÓN | I35: TIPO | K35: TARIFA/HORA | L35: RENDIMIENTO | N35: Vr. UNITARIO
A36: C0010765 | B36: =VLOOKUP(A36,EQUIPOS!A6:D154,3,FALSE) -> Retroexcavadora, Potencia en el Volante 78 HP 2200 RPM | K36: =VLOOKUP(A36,EQUIPOS!A6:D161,4,FALSE) -> 112432.24 | M36: 5 | N36: =K36/M36 -> 22486.449
B42: HERRAMIENTA MENOR (%) | L42: 0.02 | N42: =N76*L42 -> 90.985097
B43: SUBTOTAL $ | N43: =SUM(N36:N42) -> 22577.434
B45: II. MATERIALES
B47: DESCRIPCIÓN | J47: UNIDAD | K47: CANTIDAD | L47: PRECIO UNIT. | N47: Vr. UNITARIO
B54: SUBTOTAL $ | N54: =SUM(N48:N53) -> 0
B56: III. TRANSPORTES
B58: MATERIAL | H58: UNIDAD | I58: CANTIDAD (1) | J58: DISTANCIA (2) | K58: (1) * (2) | L58: TARIFA | N58: Vr. UNITARIO
A59: T0010032 | B59: =VLOOKUP(A59,TRANSPORTE!A5:D117,3,FALSE) -> Transporte de material de demolición | H59: =VLOOKUP(A59,TRANSPORTE!A6:D120,2,FALSE) -> m3k | I59: 0.702 | J59: 1 | K59: =I59*J59 -> 0.702 | L59: =VLOOKUP(A59,TRANSPORTE!A5:D94,4,FALSE) -> 946.9697 | N59: =K59*L59 -> 664.77273
B65: SUBTOTAL $ | N65: =N59+N60+N61+N62+N63 -> 664.77273
B67: IV. MANO DE OBRA
B69: TRABAJADOR | I69: JORNAL | J69: PRESTACIONES (%) | K69: JORNAL TOTAL | L69: RENDIMIENTO | N69: Vr. UNITARIO
A70: A0040010 | B70: =VLOOKUP(A70,'MANO DE OBRA'!A8:D68,3,FALSE) -> Oficial | I70: =K70/J70*100 -> 49181.133 | J70: 185 | K70: =VLOOKUP(A70,'MANO DE OBRA'!A8:D99,4,FALSE) -> 90985.097 | M70: 40 | N70: =K70/M70 -> 2274.6274
A71: A0030020 | B71: =VLOOKUP(A71,'MANO DE OBRA'!A8:D69,3,FALSE) -> Obrero (2) | I71: =K71/J71*100 -> 49181.133 | J71: 185 | K71: =VLOOKUP(A71,'MANO DE OBRA'!A8:D100,4,FALSE) -> 90985.097 | M71: 40 | N71: =K71/M71 -> 2274.6274
B76: SUBTOTAL $ | N76: =SUM(N70:N75) -> 4549.2548
B78: TOTAL COSTO DIRECTO $ | N78: =N43+N54+N65+N76 -> 27791.461
B80: V. COSTOS INDIRECTOS
B82: Descripción | K82: Porcentaje | L82: Valor Total
B83: ADMINISTRACION | K83: 0.2 | L83: =N78*K83 -> 5558.2922
B84: IMPREVISTOS | K84: 0.05 | L84: =N78*K84 -> 1389.5731
B85: UTILIDAD | K85: 0.05 | L85: =N78*K85 -> 1389.5731
B86: SUBTOTAL $ | N86: =L83+L84+L85 -> 8337.4384
A88: PFinal01 | B88: Precio Unitario Total Aproximado al Peso $ | N88: =N78+N86 -> 36128.9
E93: Firma
E94: Nombre:
E95: Representante Legal del Contratista o su Apoderado
E96: Matricula No. :
B98: OBSERVACIONES INTERVENTORÍA:
B104: APROBACIÓN POR INTERVENTORÍA
B105: Nota 1: Cuando se trate de Análisis de precios unitarios correspondientes a ítems de la propuesta económica aprobada, el Interventor aprueba el desglose de los componentes manteniendo el mismo precio unitario de cada ítem, cumpliendo con las especificaciones de construcción vigentes para el proyecto.
B107: Nota 2: Cuando se trate de Análisis de precios unitarios de ítems no previstos, el Interventor aprueba el desglose y precio unitario de cada ítem no previsto, exigiendo la aplicación de los costos correspondientes a insumos y tarifas de la propuesta económica inicial cuando estén contemplados, cumpliendo con las especificaciones de construcción vigente para el proyecto.
E113: Firma
E114: Nombre:
E115: Representante Legal del Interventor o su Apoderado
E116: Matricula No. :
B118: Original: Archivo de Gestión del Contrato (Subdirección Administrativa).
B119: Copias: Unidad Ejecutora, Contratista, Interventor y Dirección Territorial.

Sheet 201.15
K1: CÓDIGO | L1: MINFRA-MN-IN-10-FR-1
C2: INSTITUTO NACIONAL DE VIAS
C3: PROCESO GESTIÓN DE LA INFRAESTRUCTURA VIAL | K3: VERSIÓN | L3: 1
C4: MANUAL DE INTERVENTORÍA OBRA PÚBLICA
C5: ANÁLISIS DE PRECIOS UNITARIOS | K5: PÁGINA | M5: DE
K8: FECHA
L9: (Día) | M9: (Mes) | N9: (Año)
B10: ITEMS DE LA PROPUESTA ECONÓMICA | F10: □ | I10: ITEMS NO PREVISTOS | K10: □
B11: UNIDAD EJECUTORA: | J11: DIRECCIÓN TERRITORIAL:
B14: CONTRATO No. | D14: DE
B15: OBJETO DEL CONTRATO:
B18: CARRETERA: | J18: SECTOR:
B20: CONTRATISTA:
B22: INTERVENTOR: | K22: CTO No.: | M22: DE
B24: FECHA CIERRE PROCESO DE SELECCIÓN CONTRATO DE OBRA:
F25: (Día) | I25: (Mes) | J25: (Año)
B27: DATOS ESPECÍFICOS
B29: ITEM | C29: DESCRIPCIÓN | K29: GRUPO DE AJUSTE | L29: UNIDAD | N29: CANTIDAD
B30: ITEM | C30: DESCRIPCIÓN | L30: UNIDAD | N30: CANTIDAD
A31: Unidad | B31: 201.15 | C31: REMOCIÓN DE ALCANTARILLAS | L31: m
B33: I. EQUIPO
B35: DESCRIPCIÓN | I35: TIPO | K35: TARIFA/HORA | L35: RENDIMIENTO | N35: Vr. UNITARIO
A36: C0010765 | B36: =VLOOKUP(A36,EQUIPOS!A6:D154,3,FALSE) -> Retroexcavadora, Potencia en el Volante 78 HP 2200 RPM | K36: =VLOOKUP(A36,EQUIPOS!A6:D161,4,FALSE) -> 112432.24 | M36: 4 | N36: =K36/M36 -> 28108.061
B42: HERRAMIENTA MENOR (%) | L42: 0.02 | N42: =N76*L42 -> 56.865685
B43: SUBTOTAL $ | N43: =SUM(N36:N42) -> 28164.926
B45: II. MATERIALES
B47: DESCRIPCIÓN | J47: UNIDAD | K47: CANTIDAD | L47: PRECIO UNIT. | N47: Vr. UNITARIO
B54: SUBTOTAL $ | N54: =SUM(N48:N53) -> 0
B56: III. TRANSPORTES
B58: MATERIAL | H58: UNIDAD | I58: CANTIDAD (1) | J58: DISTANCIA (2) | K58: (1) * (2) | L58: TARIFA | N58: Vr. UNITARIO
A59: T0010032 | B59: =VLOOKUP(A59,TRANSPORTE!A5:D117,3,FALSE) -> Transporte de material de demolición | H59: =VLOOKUP(A59,TRANSPORTE!A6:D120,2,FALSE) -> m3k | I59: 3.03 | J59: 1 | K59: =I59*J59 -> 3.03 | L59: =VLOOKUP(A59,TRANSPORTE!A5:D94,4,FALSE) -> 946.9697 | N59: =K59*L59 -> 2869.3182
B65: SUBTOTAL $ | N65: =N59+N60+N61+N62+N63 -> 2869.3182
B67: IV. MANO DE OBRA
B69: TRABAJADOR | I69: JORNAL | J69: PRESTACIONES (%) | K69: JORNAL TOTAL | L69: RENDIMIENTO | N69: Vr. UNITARIO
A70: A0030020 | B70: =VLOOKUP(A70,'MANO DE OBRA'!A8:D68,3,FALSE) -> Obrero (2) | I70: =K70/J70*100 -> 49181.133 | J70: 185 | K70: =VLOOKUP(A70,'MANO DE OBRA'!A8:D99,4,FALSE) -> 90985.097 | M70: 32 | N70: =K70/M70 -> 2843.2843
B76: SUBTOTAL $ | N76: =SUM(N70:N75) -> 2843.2843
B78: TOTAL COSTO DIRECTO $ | N78: =N43+N54+N65+N76 -> 33877.529
B80: V. COSTOS INDIRECTOS
B82: Descripción | K82: Porcentaje | L82: Valor Total
B83: ADMINISTRACION | K83: 0.2 | L83: =N78*K83 -> 6775.5058
B84: IMPREVISTOS | K84: 0.05 | L84: =N78*K84 -> 1693.8764
B85: UTILIDAD | K85: 0.05 | L85: =N78*K85 -> 1693.8764
B86: SUBTOTAL $ | N86: =L83+L84+L85 -> 10163.259
A88: PFinal01 | B88: Precio Unitario Total Aproximado al Peso $ | N88: =N78+N86 -> 44040.788
E93: Firma
E94: Nombre:
E95: Representante Legal del Contratista o su Apoderado
E96: Matricula No. :
B98: OBSERVACIONES INTERVENTORÍA:
B104: APROBACIÓN POR INTERVENTORÍA
B105: Nota 1: Cuando se trate de Análisis de precios unitarios correspondientes a ítems de la propuesta económica aprobada, el Interventor aprueba el desglose de los componentes manteniendo el mismo precio unitario de cada ítem, cumpliendo con las especificaciones de construcción vigentes para el proyecto.
B107: Nota 2: Cuando se trate de Análisis de precios unitarios de ítems no previstos, el Interventor aprueba el desglose y precio unitario de cada ítem no previsto, exigiendo la aplicación de los costos correspondientes a insumos y tarifas de la propuesta económica inicial cuando estén contemplados, cumpliendo con las especificaciones de construcción vigente para el proyecto.
E113: Firma
E114: Nombre:
E115: Representante Legal del Interventor o su Apoderado
E116: Matricula No. :
B118: Original: Archivo de Gestión del Contrato (Subdirección Administrativa).
B119: Copias: Unidad Ejecutora, Contratista, Interventor y Dirección Territorial.

Sheet 201.16
K1: CÓDIGO | L1: MINFRA-MN-IN-10-FR-1
C2: INSTITUTO NACIONAL DE VIAS
C3: PROCESO GESTIÓN DE LA INFRAESTRUCTURA VIAL | K3: VERSIÓN | L3: 1
C4: MANUAL DE INTERVENTORÍA OBRA PÚBLICA
C5: ANÁLISIS DE PRECIOS UNITARIOS | K5: PÁGINA | M5: DE
K8: FECHA
L9: (Día) | M9: (Mes) | N9: (Año)
B10: ITEMS DE LA PROPUESTA ECONÓMICA | F10: □ | I10: ITEMS NO PREVISTOS | K10: □
B11: UNIDAD EJECUTORA: | J11: DIRECCIÓN TERRITORIAL:
B14: CONTRATO No. | D14: DE
B15: OBJETO DEL CONTRATO:
B18: CARRETERA: | J18: SECTOR:
B20: CONTRATISTA:
B22: INTERVENTOR: | K22: CTO No.: | M22: DE
B24: FECHA CIERRE PROCESO DE SELECCIÓN CONTRATO DE OBRA:
F25: (Día) | I25: (Mes) | J25: (Año)
B27: DATOS ESPECÍFICOS
B29: ITEM | C29: DESCRIPCIÓN | K29: GRUPO DE AJUSTE | L29: UNIDAD | N29: CANTIDAD
B30: ITEM | C30: DESCRIPCIÓN | L30: UNIDAD | N30: CANTIDAD
A31: Unidad | B31: 201.16 | C31: REMOCIÓN DE CERCAS DE ALAMBRE | L31: m
B33: I. EQUIPO
B35: DESCRIPCIÓN | I35: TIPO | K35: TARIFA/HORA | L35: RENDIMIENTO | N35: Vr. UNITARIO
B42: HERRAMIENTA MENOR (%) | L42: 0.1 | N42: =N76*L42 -> 121.31346
B43: SUBTOTAL $ | N43: =SUM(N36:N42) -> 121.31346
B45: II. MATERIALES
B47: DESCRIPCIÓN | J47: UNIDAD | K47: CANTIDAD | L47: PRECIO UNIT. | N47: Vr. UNITARIO
B54: SUBTOTAL $
B56: III. TRANSPORTES
B58: MATERIAL | H58: UNIDAD | I58: CANTIDAD (1) | J58: DISTANCIA (2) | K58: (1) * (2) | L58: TARIFA | N58: Vr. UNITARIO
B65: SUBTOTAL $
B67: IV. MANO DE OBRA
B69: TRABAJADOR | I69: JORNAL | J69: PRESTACIONES (%) | K69: JORNAL TOTAL | L69: RENDIMIENTO | N69: Vr. UNITARIO
A70: A0030040 | B70: =VLOOKUP(A70,'MANO DE OBRA'!A8:D68,3,FALSE) -> Obrero (4) | I70: =K70/J70*100 -> 98362.267 | J70: 185 | K70: =VLOOKUP(A70,'MANO DE OBRA'!A8:D99,4,FALSE) -> 181970.19 | M70: 150 | N70: =K70/M70 -> 1213.1346
B76: SUBTOTAL $ | N76: =SUM(N70:N75) -> 1213.1346
B78: TOTAL COSTO DIRECTO $ | N78: =N43+N54+N65+N76 -> 1334.4481
B80: V. COSTOS INDIRECTOS
B82: Descripción | K82: Porcentaje | L82: Valor Total
B83: ADMINISTRACION | K83: 0.2 | L83: =N78*K83 -> 266.88962
B84: IMPREVISTOS | K84: 0.05 | L84: =N78*K84 -> 66.722404
B85: UTILIDAD | K85: 0.05 | L85: =N78*K85 -> 66.722404
B86: SUBTOTAL $ | N86: =L83+L84+L85 -> 400.33443
A88: PFinal01 | B88: Precio Unitario Total Aproximado al Peso $ | N88: =N78+N86 -> 1734.7825
E93: Firma
E94: Nombre:
E95: Representante Legal del Contratista o su Apoderado
E96: Matricula No. :
B98: OBSERVACIONES INTERVENTORÍA:
B104: APROBACIÓN POR INTERVENTORÍA
B105: Nota 1: Cuando se trate de Análisis de precios unitarios correspondientes a ítems de la propuesta económica aprobada, el Interventor aprueba el desglose de los componentes manteniendo el mismo precio unitario de cada ítem, cumpliendo con las especificaciones de construcción vigentes para el proyecto.
B107: Nota 2: Cuando se trate de Análisis de precios unitarios de ítems no previstos, el Interventor aprueba el desglose y precio unitario de cada ítem no previsto, exigiendo la aplicación de los costos correspondientes a insumos y tarifas de la propuesta económica inicial cuando estén contemplados, cumpliendo con las especificaciones de construcción vigente para el proyecto.
E113: Firma
E114: Nombre:
E115: Representante Legal del Interventor o su Apoderado
E116: Matricula No. :
B118: Original: Archivo de Gestión del Contrato (Subdirección Administrativa).
B119: Copias: Unidad Ejecutora, Contratista, Interventor y Dirección Territorial.

Sheet 201.17
K1: CÓDIGO | L1: MINFRA-MN-IN-10-FR-1
C2: INSTITUTO NACIONAL DE VIAS
C3: PROCESO GESTIÓN DE LA INFRAESTRUCTURA VIAL | K3: VERSIÓN | L3: 1
C4: MANUAL DE INTERVENTORÍA OBRA PÚBLICA
C5: ANÁLISIS DE PRECIOS UNITARIOS | K5: PÁGINA | M5: DE
K8: FECHA
L9: (Día) | M9: (Mes) | N9: (Año)
B10: ITEMS DE LA PROPUESTA ECONÓMICA | F10: □ | I10: ITEMS NO PREVISTOS | K10: □
B11: UNIDAD EJECUTORA: | J11: DIRECCIÓN TERRITORIAL:
B14: CONTRATO No. | D14: DE
B15: OBJETO DEL CONTRATO:
B18: CARRETERA: | J18: SECTOR:
B20: CONTRATISTA:
B22: INTERVENTOR: | K22: CTO No.: | M22: DE
B24: FECHA CIERRE PROCESO DE SELECCIÓN CONTRATO DE OBRA:
F25: (Día) | I25: (Mes) | J25: (Año)
B27: DATOS ESPECÍFICOS
B29: ITEM | C29: DESCRIPCIÓN | K29: GRUPO DE AJUSTE | L29: UNIDAD | N29: CANTIDAD
B30: ITEM | C30: DESCRIPCIÓN | L30: UNIDAD | N30: CANTIDAD
A31: Unidad | B31: 201.17 | C31: TRANSLADO DE POSTES | L31: UNIDAD
B33: I. EQUIPO
B35: DESCRIPCIÓN | I35: TIPO | K35: TARIFA/HORA | L35: RENDIMIENTO | N35: Vr. UNITARIO
A36: C0010780 | B36: =VLOOKUP(A36,EQUIPOS!A6:D154,3,FALSE) -> Retroexcavadora A25C | K36: =VLOOKUP(A36,EQUIPOS!A6:D163,4,FALSE) -> 110088.76 | M36: 3 | N36: =K36/M36 -> 36696.252
B42: HERRAMIENTA MENOR (%) | L42: 0.01 | N42: =N76*L42 -> 75.820914
B43: SUBTOTAL $ | N43: =SUM(N36:N42) -> 36772.073
B45: II. MATERIALES
B47: DESCRIPCIÓN | J47: UNIDAD | K47: CANTIDAD | L47: PRECIO UNIT. | N47: Vr. UNITARIO
B54: SUBTOTAL $ | N54: =SUM(N48:N53) -> 0
B56: III. TRANSPORTES
B58: MATERIAL | H58: UNIDAD | I58: CANTIDAD (1) | J58: DISTANCIA (2) | K58: (1) * (2) | L58: TARIFA | N58: Vr. UNITARIO
A59: T0010038 | B59: =VLOOKUP(A59,TRANSPORTE!A6:D117,3,FALSE) -> Trasporte de material Remoción de Postes | H59: m3k | I59: 1.7 | J59: 1 | K59: =I59*J59 -> 1.7 | L59: =VLOOKUP(A59,TRANSPORTE!A6:D117,4,FALSE) -> 946.9697 | N59: =K59*L59 -> 1609.8485
B65: SUBTOTAL $ | N65: =N59+N60+N61+N62+N63 -> 1609.8485
B67: IV. MANO DE OBRA
B69: TRABAJADOR | I69: JORNAL | J69: PRESTACIONES (%) | K69: JORNAL TOTAL | L69: RENDIMIENTO | N69: Vr. UNITARIO
A70: A0030040 | B70: =VLOOKUP(A70,'MANO DE OBRA'!A8:D68,3,FALSE) -> Obrero (4) | I70: =K70/J70*100 -> 98362.267 | J70: 185 | K70: =VLOOKUP(A70,'MANO DE OBRA'!A8:D99,4,FALSE) -> 181970.19 | M70: 24 | N70: =K70/M70 -> 7582.0914
B76: SUBTOTAL $ | N76: =SUM(N70:N75) -> 7582.0914
B78: TOTAL COSTO DIRECTO $ | N78: =N43+N54+N65+N76 -> 45964.013
B80: V. COSTOS INDIRECTOS
B82: Descripción | K82: Porcentaje | L82: Valor Total
B83: ADMINISTRACION | K83: 0.2 | L83: =N78*K83 -> 9192.8026
B84: IMPREVISTOS | K84: 0.05 | L84: =N78*K84 -> 2298.2007
B85: UTILIDAD | K85: 0.05 | L85: =N78*K85 -> 2298.2007
B86: SUBTOTAL $ | N86: =L83+L84+L85 -> 13789.204
A88: PFinal01 | B88: Precio Unitario Total Aproximado al Peso $ | N88: =N78+N86 -> 59753.217
E93: Firma
E94: Nombre:
E95: Representante Legal del Contratista o su Apoderado
E96: Matricula No. :
B98: OBSERVACIONES INTERVENTORÍA:
B104: APROBACIÓN POR INTERVENTORÍA
B105: Nota 1: Cuando se trate de Análisis de precios unitarios correspondientes a ítems de la propuesta económica aprobada, el Interventor aprueba el desglose de los componentes manteniendo el mismo precio unitario de cada ítem, cumpliendo con las especificaciones de construcción vigentes para el proyecto.
B107: Nota 2: Cuando se trate de Análisis de precios unitarios de ítems no previstos, el Interventor aprueba el desglose y precio unitario de cada ítem no previsto, exigiendo la aplicación de los costos correspondientes a insumos y tarifas de la propuesta económica inicial cuando estén contemplados, cumpliendo con las especificaciones de construcción vigente para el proyecto.
E113: Firma
E114: Nombre:
E115: Representante Legal del Interventor o su Apoderado
E116: Matricula No. :
B118: Original: Archivo de Gestión del Contrato (Subdirección Administrativa).
B119: Copias: Unidad Ejecutora, Contratista, Interventor y Dirección Territorial.

Sheet 201.18
K1: CÓDIGO | L1: MINFRA-MN-IN-10-FR-1
C2: INSTITUTO NACIONAL DE VIAS
C3: PROCESO GESTIÓN DE LA INFRAESTRUCTURA VIAL | K3: VERSIÓN | L3: 1
C4: MANUAL DE INTERVENTORÍA OBRA PÚBLICA
C5: ANÁLISIS DE PRECIOS UNITARIOS | K5: PÁGINA | M5: DE
K8: FECHA
L9: (Día) | M9: (Mes) | N9: (Año)
B10: ITEMS DE LA PROPUESTA ECONÓMICA | F10: □ | I10: ITEMS NO PREVISTOS | K10: □
B11: UNIDAD EJECUTORA: | J11: DIRECCIÓN TERRITORIAL:
B14: CONTRATO No. | D14: DE
B15: OBJETO DEL CONTRATO:
B18: CARRETERA: | J18: SECTOR:
B20: CONTRATISTA:
B22: INTERVENTOR: | K22: CTO No.: | M22: DE
B24: FECHA CIERRE PROCESO DE SELECCIÓN CONTRATO DE OBRA:
F25: (Día) | I25: (Mes) | J25: (Año)
B27: DATOS ESPECÍFICOS
B29: ITEM | C29: DESCRIPCIÓN | K29: GRUPO DE AJUSTE | L29: UNIDAD | N29: CANTIDAD
B30: ITEM | C30: DESCRIPCIÓN | L30: UNIDAD | N30: CANTIDAD
A31: Unidad | B31: 201.18 | C31: TRASLADO DE TORRES | L31: UNIDAD
B33: I. EQUIPO
B35: DESCRIPCIÓN | I35: TIPO | K35: TARIFA/HORA | L35: RENDIMIENTO | N35: Vr. UNITARIO
A36: C0010780 | B36: =VLOOKUP(A36,EQUIPOS!A6:D154,3,FALSE) -> Retroexcavadora A25C | K36: =VLOOKUP(A36,EQUIPOS!A6:D163,4,FALSE) -> 110088.76 | M36: 3 | N36: =K36/M36 -> 36696.252
B42: HERRAMIENTA MENOR (%) | L42: 0.01 | N42: =N76*L42 -> 75.820914
B43: SUBTOTAL $ | N43: =SUM(N36:N42) -> 36772.073
B45: II. MATERIALES
B47: DESCRIPCIÓN | J47: UNIDAD | K47: CANTIDAD | L47: PRECIO UNIT. | N47: Vr. UNITARIO
B54: SUBTOTAL $ | N54: =SUM(N48:N53) -> 0
B56: III. TRANSPORTES
B58: MATERIAL | H58: UNIDAD | I58: CANTIDAD (1) | J58: DISTANCIA (2) | K58: (1) * (2) | L58: TARIFA | N58: Vr. UNITARIO
A59: T0010038 | B59: =VLOOKUP(A59,TRANSPORTE!A6:D117,3,FALSE) -> Trasporte de material Remoción de Postes | H59: m3k | I59: 1.7 | J59: 1 | K59: =I59*J59 -> 1.7 | L59: =VLOOKUP(A59,TRANSPORTE!A6:D117,4,FALSE) -> 946.9697 | N59: =K59*L59 -> 1609.8485
B65: SUBTOTAL $ | N65: =N59+N60+N61+N62+N63 -> 1609.8485
B67: IV. MANO DE OBRA
B69: TRABAJADOR | I69: JORNAL | J69: PRESTACIONES (%) | K69: JORNAL TOTAL | L69: RENDIMIENTO | N69: Vr. UNITARIO
A70: A0030040 | B70: =VLOOKUP(A70,'MANO DE OBRA'!A8:D68,3,FALSE) -> Obrero (4) | I70: =K70/J70*100 -> 98362.267 | J70: 185 | K70: =VLOOKUP(A70,'MANO DE OBRA'!A8:D99,4,FALSE) -> 181970.19 | M70: 24 | N70: =K70/M70 -> 7582.0914
B76: SUBTOTAL $ | N76: =SUM(N70:N75) -> 7582.0914
B78: TOTAL COSTO DIRECTO $ | N78: =N43+N54+N65+N76 -> 45964.013
B80: V. COSTOS INDIRECTOS
B82: Descripción | K82: Porcentaje | L82: Valor Total
B83: ADMINISTRACION | K83: 0.2 | L83: =N78*K83 -> 9192.8026
B84: IMPREVISTOS | K84: 0.05 | L84: =N78*K84 -> 2298.2007
B85: UTILIDAD | K85: 0.05 | L85: =N78*K85 -> 2298.2007
B86: SUBTOTAL $ | N86: =L83+L84+L85 -> 13789.204
A88: PFinal01 | B88: Precio Unitario Total Aproximado al Peso $ | N88: =N78+N86 -> 59753.217
E93: Firma
E94: Nombre:
E95: Representante Legal del Contratista o su Apoderado
E96: Matricula No. :
B98: OBSERVACIONES INTERVENTORÍA:
B104: APROBACIÓN POR INTERVENTORÍA
B105: Nota 1: Cuando se trate de Análisis de precios unitarios correspondientes a ítems de la propuesta económica aprobada, el Interventor aprueba el desglose de los componentes manteniendo el mismo precio unitario de cada ítem, cumpliendo con las especificaciones de construcción vigentes para el proyecto.
B107: Nota 2: Cuando se trate de Análisis de precios unitarios de ítems no previstos, el Interventor aprueba el desglose y precio unitario de cada ítem no previsto, exigiendo la aplicación de los costos correspondientes a insumos y tarifas de la propuesta económica inicial cuando estén contemplados, cumpliendo con las especificaciones de construcción vigente para el proyecto.
E113: Firma
E114: Nombre:
E115: Representante Legal del Interventor o su Apoderado
E116: Matricula No. :
B118: Original: Archivo de Gestión del Contrato (Subdirección Administrativa).
B119: Copias: Unidad Ejecutora, Contratista, Interventor y Dirección Territorial.

Sheet 201.19
K1: CÓDIGO | L1: MINFRA-MN-IN-10-FR-1
C2: INSTITUTO NACIONAL DE VIAS
C3: PROCESO GESTIÓN DE LA INFRAESTRUCTURA VIAL | K3: VERSIÓN | L3: 1
C4: MANUAL DE INTERVENTORÍA OBRA PÚBLICA
C5: ANÁLISIS DE PRECIOS UNITARIOS | K5: PÁGINA | M5: DE
K8: FECHA
L9: (Día) | M9: (Mes) | N9: (Año)
B10: ITEMS DE LA PROPUESTA ECONÓMICA | F10: □ | I10: ITEMS NO PREVISTOS | K10: □
B11: UNIDAD EJECUTORA: | J11: DIRECCIÓN TERRITORIAL:
B14: CONTRATO No. | D14: DE
B15: OBJETO DEL CONTRATO:
B18: CARRETERA: | J18: SECTOR:
B20: CONTRATISTA:
B22: INTERVENTOR: | K22: CTO No.: | M22: DE
B24: FECHA CIERRE PROCESO DE SELECCIÓN CONTRATO DE OBRA:
F25: (Día) | I25: (Mes) | J25: (Año)
B27: DATOS ESPECÍFICOS
B29: ITEM | C29: DESCRIPCIÓN | K29: GRUPO DE AJUSTE | L29: UNIDAD | N29: CANTIDAD
B30: ITEM | C30: DESCRIPCIÓN | L30: UNIDAD | N30: CANTIDAD
A31: Unidad | B31: 201.19 | C31: REMOCIÓN DE RIELES | L31: m
B33: I. EQUIPO
B35: DESCRIPCIÓN | I35: TIPO | K35: TARIFA/HORA | L35: RENDIMIENTO | N35: Vr. UNITARIO
A36: C0010790 | B36: =VLOOKUP(A36,EQUIPOS!A6:D154,3,FALSE) -> Retroexcavadora sobre oruga, potencia 138 HP, balde de 1,5 m3. | K36: =VLOOKUP(A36,EQUIPOS!A6:D163,4,FALSE) -> 148800 | M36: 45 | N36: =K36/M36 -> 3306.6667
B42: HERRAMIENTA MENOR (%) | L42: 0.01 | N42: =N76*L42 -> 1.2636819
B43: SUBTOTAL $ | N43: =SUM(N36:N42) -> 3307.9303
B45: II. MATERIALES
B47: DESCRIPCIÓN | J47: UNIDAD | K47: CANTIDAD | L47: PRECIO UNIT. | N47: Vr. UNITARIO
B54: SUBTOTAL $ | N54: =SUM(N48:N53) -> 0
B56: III. TRANSPORTES
B58: MATERIAL | H58: UNIDAD | I58: CANTIDAD (1) | J58: DISTANCIA (2) | K58: (1) * (2) | L58: TARIFA | N58: Vr. UNITARIO
A59: T0010160 | B59: =VLOOKUP(A59,TRANSPORTE!A6:D117,3,FALSE) -> Transporte de estructuras metálicas | H59: m3k | I59: 35.7 | J59: 1 | K59: =I59*J59 -> 35.7 | L59: =VLOOKUP(A59,TRANSPORTE!A6:D117,4,FALSE) -> 0.29694158 | N59: =K59*L59 -> 10.600814
B65: SUBTOTAL $ | N65: =N59+N60+N61+N62+N63 -> 10.600814
B67: IV. MANO DE OBRA
B69: TRABAJADOR | I69: JORNAL | J69: PRESTACIONES (%) | K69: JORNAL TOTAL | L69: RENDIMIENTO | N69: Vr. UNITARIO
A70: A0030010 | B70: =VLOOKUP(A70,'MANO DE OBRA'!A8:D68,3,FALSE) -> Obrero | I70: =K70/J70*100 -> 24590.567 | J70: 185 | K70: =VLOOKUP(A70,'MANO DE OBRA'!A8:D99,4,FALSE) -> 45492.548 | M70: 360 | N70: =K70/M70 -> 126.36819
B76: SUBTOTAL $ | N76: =SUM(N70:N75) -> 126.36819
B78: TOTAL COSTO DIRECTO $ | N78: =N43+N54+N65+N76 -> 3444.8994
B80: V. COSTOS INDIRECTOS
B82: Descripción | K82: Porcentaje | L82: Valor Total
B83: ADMINISTRACION | K83: 0.2 | L83: =N78*K83 -> 688.97987
B84: IMPREVISTOS | K84: 0.05 | L84: =N78*K84 -> 172.24497
B85: UTILIDAD | K85: 0.05 | L85: =N78*K85 -> 172.24497
B86: SUBTOTAL $ | N86: =L83+L84+L85 -> 1033.4698
A88: PFinal01 | B88: Precio Unitario Total Aproximado al Peso $ | N88: =N78+N86 -> 4478.3692
E93: Firma
E94: Nombre:
E95: Representante Legal del Contratista o su Apoderado
E96: Matricula No. :
B98: OBSERVACIONES INTERVENTORÍA:
B104: APROBACIÓN POR INTERVENTORÍA
B105: Nota 1: Cuando se trate de Análisis de precios unitarios correspondientes a ítems de la propuesta económica aprobada, el Interventor aprueba el desglose de los componentes manteniendo el mismo precio unitario de cada ítem, cumpliendo con las especificaciones de construcción vigentes para el proyecto.
B107: Nota 2: Cuando se trate de Análisis de precios unitarios de ítems no previstos, el Interventor aprueba el desglose y precio unitario de cada ítem no previsto, exigiendo la aplicación de los costos correspondientes a insumos y tarifas de la propuesta económica inicial cuando estén contemplados, cumpliendo con las especificaciones de construcción vigente para el proyecto.
E113: Firma
E114: Nombre:
E115: Representante Legal del Interventor o su Apoderado
E116: Matricula No. :
B118: Original: Archivo de Gestión del Contrato (Subdirección Administrativa).
B119: Copias: Unidad Ejecutora, Contratista, Interventor y Dirección Territorial.

Sheet 201.20
K1: CÓDIGO | L1: MINFRA-MN-IN-10-FR-1
C2: INSTITUTO NACIONAL DE VIAS
C3: PROCESO GESTIÓN DE LA INFRAESTRUCTURA VIAL | K3: VERSIÓN | L3: 1
C4: MANUAL DE INTERVENTORÍA OBRA PÚBLICA
C5: ANÁLISIS DE PRECIOS UNITARIOS | K5: PÁGINA | M5: DE
K8: FECHA
L9: (Día) | M9: (Mes) | N9: (Año)
B10: ITEMS DE LA PROPUESTA ECONÓMICA | F10: □ | I10: ITEMS NO PREVISTOS | K10: □
B11: UNIDAD EJECUTORA: | J11: DIRECCIÓN TERRITORIAL:
B14: CONTRATO No. | D14: DE
B15: OBJETO DEL CONTRATO:
B18: CARRETERA: | J18: SECTOR:
B20: CONTRATISTA:
B22: INTERVENTOR: | K22: CTO No.: | M22: DE
B24: FECHA CIERRE PROCESO DE SELECCIÓN CONTRATO DE OBRA:
F25: (Día) | I25: (Mes) | J25: (Año)
B27: DATOS ESPECÍFICOS
B29: ITEM | C29: DESCRIPCIÓN | K29: GRUPO DE AJUSTE | L29: UNIDAD | N29: CANTIDAD
B30: ITEM | C30: DESCRIPCIÓN | L30: UNIDAD | N30: CANTIDAD
A31: Unidad | B31: 201.20 | C31: REMOCIÓN DE DEFENSAS METÁLICAS | L31: m
B33: I. EQUIPO
B35: DESCRIPCIÓN | I35: TIPO | K35: TARIFA/HORA | L35: RENDIMIENTO | N35: Vr. UNITARIO
B42: HERRAMIENTA MENOR (%) | L42: 0.1 | N42: =N76*L42 -> 50.547276
B43: SUBTOTAL $ | N43: =SUM(N36:N42) -> 50.547276
B45: II. MATERIALES
B47: DESCRIPCIÓN | J47: UNIDAD | K47: CANTIDAD | L47: PRECIO UNIT. | N47: Vr. UNITARIO
B54: SUBTOTAL $ | N54: =SUM(N48:N53) -> 0
B56: III. TRANSPORTES
B58: MATERIAL | H58: UNIDAD | I58: CANTIDAD (1) | J58: DISTANCIA (2) | K58: (1) * (2) | L58: TARIFA | N58: Vr. UNITARIO
A59: T0010160 | B59: =VLOOKUP(A59,TRANSPORTE!A6:D117,3,FALSE) -> Transporte de estructuras metálicas | H59: m3k | I59: 10.25 | J59: 1 | K59: =I59*J59 -> 10.25 | L59: =VLOOKUP(A59,TRANSPORTE!A6:D117,4,FALSE) -> 0.29694158 | N59: =K59*L59 -> 3.0436512
B65: SUBTOTAL $ | N65: =N59+N60+N61+N62+N63 -> 3.0436512
B67: IV. MANO DE OBRA
B69: TRABAJADOR | I69: JORNAL | J69: PRESTACIONES (%) | K69: JORNAL TOTAL | L69: RENDIMIENTO | N69: Vr. UNITARIO
A70: A0030040 | B70: =VLOOKUP(A70,'MANO DE OBRA'!A8:D68,3,FALSE) -> Obrero (4) | I70: =K70/J70*100 -> 98362.267 | J70: 185 | K70: =VLOOKUP(A70,'MANO DE OBRA'!A8:D99,4,FALSE) -> 181970.19 | M70: 360 | N70: =K70/M70 -> 505.47276
B76: SUBTOTAL $ | N76: =SUM(N70:N75) -> 505.47276
B78: TOTAL COSTO DIRECTO $ | N78: =N43+N54+N65+N76 -> 559.06369
B80: V. COSTOS INDIRECTOS
B82: Descripción | K82: Porcentaje | L82: Valor Total
B83: ADMINISTRACION | K83: 0.2 | L83: =N78*K83 -> 111.81274
B84: IMPREVISTOS | K84: 0.05 | L84: =N78*K84 -> 27.953184
B85: UTILIDAD | K85: 0.05 | L85: =N78*K85 -> 27.953184
B86: SUBTOTAL $ | N86: =L83+L84+L85 -> 167.71911
A88: PFinal01 | B88: Precio Unitario Total Aproximado al Peso $ | N88: =N78+N86 -> 726.78279
E93: Firma
E94: Nombre:
E95: Representante Legal del Contratista o su Apoderado
E96: Matricula No. :
B98: OBSERVACIONES INTERVENTORÍA:
B104: APROBACIÓN POR INTERVENTORÍA
B105: Nota 1: Cuando se trate de Análisis de precios unitarios correspondientes a ítems de la propuesta económica aprobada, el Interventor aprueba el desglose de los componentes manteniendo el mismo precio unitario de cada ítem, cumpliendo con las especificaciones de construcción vigentes para el proyecto.
B107: Nota 2: Cuando se trate de Análisis de precios unitarios de ítems no previstos, el Interventor aprueba el desglose y precio unitario de cada ítem no previsto, exigiendo la aplicación de los costos correspondientes a insumos y tarifas de la propuesta económica inicial cuando estén contemplados, cumpliendo con las especificaciones de construcción vigente para el proyecto.
E113: Firma
E114: Nombre:
E115: Representante Legal del Interventor o su Apoderado
E116: Matricula No. :
B118: Original: Archivo de Gestión del Contrato (Subdirección Administrativa).
B119: Copias: Unidad Ejecutora, Contratista, Interventor y Dirección Territorial.

Sheet 201.21
K1: CÓDIGO | L1: MINFRA-MN-IN-10-FR-1
C2: INSTITUTO NACIONAL DE VIAS
C3: PROCESO GESTIÓN DE LA INFRAESTRUCTURA VIAL | K3: VERSIÓN | L3: 1
C4: MANUAL DE INTERVENTORÍA OBRA PÚBLICA
C5: ANÁLISIS DE PRECIOS UNITARIOS | K5: PÁGINA | M5: DE
K8: FECHA
L9: (Día) | M9: (Mes) | N9: (Año)
B10: ITEMS DE LA PROPUESTA ECONÓMICA | F10: □ | I10: ITEMS NO PREVISTOS | K10: □
B11: UNIDAD EJECUTORA: | J11: DIRECCIÓN TERRITORIAL:
B14: CONTRATO No. | D14: DE
B15: OBJETO DEL CONTRATO:
B18: CARRETERA: | J18: SECTOR:
B20: CONTRATISTA:
B22: INTERVENTOR: | K22: CTO No.: | M22: DE
B24: FECHA CIERRE PROCESO DE SELECCIÓN CONTRATO DE OBRA:
F25: (Día) | I25: (Mes) | J25: (Año)
B27: DATOS ESPECÍFICOS
B29: ITEM | C29: DESCRIPCIÓN | K29: GRUPO DE AJUSTE | L29: UNIDAD | N29: CANTIDAD
B30: ITEM | C30: DESCRIPCIÓN | L30: UNIDAD | N30: CANTIDAD
A31: Unidad | B31: 201.21 | C31: REMOCIÓN DE BARRERAS DE SEGURIDAD | L31: m
B33: I. EQUIPO
B35: DESCRIPCIÓN | I35: TIPO | K35: TARIFA/HORA | L35: RENDIMIENTO | N35: Vr. UNITARIO
A36: C0010790 | B36: =VLOOKUP(A36,EQUIPOS!A6:D154,3,FALSE) -> Retroexcavadora sobre oruga, potencia 138 HP, balde de 1,5 m3. | K36: =VLOOKUP(A36,EQUIPOS!A6:D163,4,FALSE) -> 148800 | M36: 45 | N36: =K36/M36 -> 3306.6667
B42: HERRAMIENTA MENOR (%) | L42: 0.01 | N42: =N76*L42 -> 1.2636819
B43: SUBTOTAL $ | N43: =SUM(N36:N42) -> 3307.9303
B45: II. MATERIALES
B47: DESCRIPCIÓN | J47: UNIDAD | K47: CANTIDAD | L47: PRECIO UNIT. | N47: Vr. UNITARIO
B54: SUBTOTAL $ | N54: =SUM(N48:N53) -> 0
B56: III. TRANSPORTES
B58: MATERIAL | H58: UNIDAD | I58: CANTIDAD (1) | J58: DISTANCIA (2) | K58: (1) * (2) | L58: TARIFA | N58: Vr. UNITARIO
A59: T0010053 | B59: =VLOOKUP(A59,TRANSPORTE!A6:D117,3,FALSE) -> Transporte de barrera de seguridad | H59: m3k | I59: 0.810495 | J59: 1 | K59: =I59*J59 -> 0.810495 | L59: =VLOOKUP(A59,TRANSPORTE!A6:D117,4,FALSE) -> 1120 | N59: =K59*L59 -> 907.7544
B65: SUBTOTAL $ | N65: =N59+N60+N61+N62+N63 -> 907.7544
B67: IV. MANO DE OBRA
B69: TRABAJADOR | I69: JORNAL | J69: PRESTACIONES (%) | K69: JORNAL TOTAL | L69: RENDIMIENTO | N69: Vr. UNITARIO
A70: A0030010 | B70: =VLOOKUP(A70,'MANO DE OBRA'!A8:D68,3,FALSE) -> Obrero | I70: =K70/J70*100 -> 24590.567 | J70: 185 | K70: =VLOOKUP(A70,'MANO DE OBRA'!A8:D99,4,FALSE) -> 45492.548 | M70: 360 | N70: =K70/M70 -> 126.36819
B76: SUBTOTAL $ | N76: =SUM(N70:N75) -> 126.36819
B78: TOTAL COSTO DIRECTO $ | N78: =N43+N54+N65+N76 -> 4342.0529
B80: V. COSTOS INDIRECTOS
B82: Descripción | K82: Porcentaje | L82: Valor Total
B83: ADMINISTRACION | K83: 0.2 | L83: =N78*K83 -> 868.41059
B84: IMPREVISTOS | K84: 0.05 | L84: =N78*K84 -> 217.10265
B85: UTILIDAD | K85: 0.05 | L85: =N78*K85 -> 217.10265
B86: SUBTOTAL $ | N86: =L83+L84+L85 -> 1302.6159
A88: PFinal01 | B88: Precio Unitario Total Aproximado al Peso $ | N88: =N78+N86 -> 5644.6688
E93: Firma
E94: Nombre:
E95: Representante Legal del Contratista o su Apoderado
E96: Matricula No. :
B98: OBSERVACIONES INTERVENTORÍA:
B104: APROBACIÓN POR INTERVENTORÍA
B105: Nota 1: Cuando se trate de Análisis de precios unitarios correspondientes a ítems de la propuesta económica aprobada, el Interventor aprueba el desglose de los componentes manteniendo el mismo precio unitario de cada ítem, cumpliendo con las especificaciones de construcción vigentes para el proyecto.
B107: Nota 2: Cuando se trate de Análisis de precios unitarios de ítems no previstos, el Interventor aprueba el desglose y precio unitario de cada ítem no previsto, exigiendo la aplicación de los costos correspondientes a insumos y tarifas de la propuesta económica inicial cuando estén contemplados, cumpliendo con las especificaciones de construcción vigente para el proyecto.
E113: Firma
E114: Nombre:
E115: Representante Legal del Interventor o su Apoderado
E116: Matricula No. :
B118: Original: Archivo de Gestión del Contrato (Subdirección Administrativa).
B119: Copias: Unidad Ejecutora, Contratista, Interventor y Dirección Territorial.

Sheet 203.1
K1: CÓDIGO | L1: MINFRA-MN-IN-10-FR-1
C2: INSTITUTO NACIONAL DE VIAS
C3: PROCESO GESTIÓN DE LA INFRAESTRUCTURA VIAL | K3: VERSIÓN | L3: 1
C4: MANUAL DE INTERVENTORÍA OBRA PÚBLICA
C5: ANÁLISIS DE PRECIOS UNITARIOS | K5: PÁGINA | M5: DE
K8: FECHA
L9: (Día) | M9: (Mes) | N9: (Año)
B10: ITEMS DE LA PROPUESTA ECONÓMICA | F10: □ | I10: ITEMS NO PREVISTOS | K10: □
B11: UNIDAD EJECUTORA: | J11: DIRECCIÓN TERRITORIAL:
B14: CONTRATO No. | D14: DE
B15: OBJETO DEL CONTRATO:
B18: CARRETERA: | J18: SECTOR:
B20: CONTRATISTA:
B22: INTERVENTOR: | K22: CTO No.: | M22: DE
B24: FECHA CIERRE PROCESO DE SELECCIÓN CONTRATO DE OBRA:
F25: (Día) | I25: (Mes) | J25: (Año)
B27: DATOS ESPECÍFICOS
B29: ITEM | C29: DESCRIPCIÓN | K29: GRUPO DE AJUSTE | L29: UNIDAD | N29: CANTIDAD
B30: ITEM | C30: DESCRIPCIÓN | L30: UNIDAD | N30: CANTIDAD
A31: Unidad | B31: 203.1 | C31: TRANSPLANTE DE ARBOLES TIPO I TRASLADO CORTO | L31: UNIDAD
B33: I. EQUIPO
B35: DESCRIPCIÓN | I35: TIPO | K35: TARIFA/HORA | L35: RENDIMIENTO | N35: Vr. UNITARIO
A36: C0010125 | B36: =VLOOKUP(A36,EQUIPOS!A6:D154,3,FALSE) -> Camabaja | K36: =VLOOKUP(A36,EQUIPOS!A5:D154,4,FALSE) -> 200000 | M36: 0.625 | N36: =K36/M36 -> 320000
A37: C0010490 | B37: =VLOOKUP(A37,EQUIPOS!A7:D154,3,FALSE) -> Grúa (capacidad 15 ton) | K37: =VLOOKUP(A37,EQUIPOS!A6:D154,4,FALSE) -> 143609.39 | M37: 0.625 | N37: =K37/M37 -> 229775.03
B42: HERRAMIENTA MENOR (%) | L42: 0.05 | N42: =N76*L42 -> 2274.6274
B43: SUBTOTAL $ | N43: =SUM(N36:N42) -> 552049.65
B45: II. MATERIALES
B47: DESCRIPCIÓN | J47: UNIDAD | K47: CANTIDAD | L47: PRECIO UNIT. | N47: Vr. UNITARIO
A48: B0013750 | B48: =VLOOKUP(A48,MATERIALES!A4:D373,3,FALSE) -> Costal de fibra o fique | J48: =VLOOKUP(A48,MATERIALES!A4:D373,2,FALSE) -> u | K48: 10 | M48: =VLOOKUP(A48,MATERIALES!A5:D373,4,FALSE) -> 500 | N48: =K48*M48 -> 5000
A49: B0013580 | B49: =VLOOKUP(A49,MATERIALES!A5:D373,3,FALSE) -> Cicatrizante (para remoción de especies vegetales) | J49: =VLOOKUP(A49,MATERIALES!A5:D373,2,FALSE) -> kg | K49: 1 | M49: =VLOOKUP(A49,MATERIALES!A6:D373,4,FALSE) -> 8636.5252 | N49: =K49*M49 -> 8636.5252
A50: B0014620 | B50: =VLOOKUP(A50,MATERIALES!A6:D373,3,FALSE) -> Nutrientes (para remoción de especies vegetales) (dap, triple 15 o similar) (ítem 201.9) | J50: =VLOOKUP(A50,MATERIALES!A6:D373,2,FALSE) -> kg | K50: 1 | M50: =VLOOKUP(A50,MATERIALES!A6:D373,4,FALSE) -> 1700 | N50: =K50*M50 -> 1700
A51: B0015130 | B51: =VLOOKUP(A51,MATERIALES!A6:D373,3,FALSE) -> Tierra abonada | J51: =VLOOKUP(A51,MATERIALES!A6:D373,2,FALSE) -> m3 | K51: 2 | M51: =VLOOKUP(A51,MATERIALES!A6:D373,4,FALSE) -> 28410.923 | N51: =K51*M51 -> 56821.846
B54: SUBTOTAL $ | N54: =SUM(N48:N53) -> 72158.371
B56: III. TRANSPORTES
B58: MATERIAL | H58: UNIDAD | I58: CANTIDAD (1) | J58: DISTANCIA (2) | K58: (1) * (2) | L58: TARIFA | N58: Vr. UNITARIO
B65: SUBTOTAL $
B67: IV. MANO DE OBRA
B69: TRABAJADOR | I69: JORNAL | J69: PRESTACIONES (%) | K69: JORNAL TOTAL | L69: RENDIMIENTO | N69: Vr. UNITARIO
A70: A0030050 | B70: =VLOOKUP(A70,'MANO DE OBRA'!A8:D68,3,FALSE) -> Obrero (5) | I70: =K70/J70*100 -> 122952.83 | J70: 185 | K70: =VLOOKUP(A70,'MANO DE OBRA'!A8:D99,4,FALSE) -> 227462.74 | M70: 5 | N70: =K70/M70 -> 45492.548
B76: SUBTOTAL $ | N76: =SUM(N70:N75) -> 45492.548
B78: TOTAL COSTO DIRECTO $ | N78: =N43+N54+N65+N76 -> 669700.57
B80: V. COSTOS INDIRECTOS
B82: Descripción | K82: Porcentaje | L82: Valor Total
B83: ADMINISTRACION | K83: 0.2 | L83: =N78*K83 -> 133940.11
B84: IMPREVISTOS | K84: 0.05 | L84: =N78*K84 -> 33485.029
B85: UTILIDAD | K85: 0.05 | L85: =N78*K85 -> 33485.029
B86: SUBTOTAL $ | N86: =L83+L84+L85 -> 200910.17
A88: PFinal01 | B88: Precio Unitario Total Aproximado al Peso $ | N88: =N78+N86 -> 870610.74
E93: Firma
E94: Nombre:
E95: Representante Legal del Contratista o su Apoderado
E96: Matricula No. :
B98: OBSERVACIONES INTERVENTORÍA:
B104: APROBACIÓN POR INTERVENTORÍA
B105: Nota 1: Cuando se trate de Análisis de precios unitarios correspondientes a ítems de la propuesta económica aprobada, el Interventor aprueba el desglose de los componentes manteniendo el mismo precio unitario de cada ítem, cumpliendo con las especificaciones de construcción vigentes para el proyecto.
B107: Nota 2: Cuando se trate de Análisis de precios unitarios de ítems no previstos, el Interventor aprueba el desglose y precio unitario de cada ítem no previsto, exigiendo la aplicación de los costos correspondientes a insumos y tarifas de la propuesta económica inicial cuando estén contemplados, cumpliendo con las especificaciones de construcción vigente para el proyecto.
E113: Firma
E114: Nombre:
E115: Representante Legal del Interventor o su Apoderado
E116: Matricula No. :
B118: Original: Archivo de Gestión del Contrato (Subdirección Administrativa).
B119: Copias: Unidad Ejecutora, Contratista, Interventor y Dirección Territorial.

Sheet 203.2
K1: CÓDIGO | L1: MINFRA-MN-IN-10-FR-1
C2: INSTITUTO NACIONAL DE VIAS
C3: PROCESO GESTIÓN DE LA INFRAESTRUCTURA VIAL | K3: VERSIÓN | L3: 1
C4: MANUAL DE INTERVENTORÍA OBRA PÚBLICA
C5: ANÁLISIS DE PRECIOS UNITARIOS | K5: PÁGINA | M5: DE
K8: FECHA
L9: (Día) | M9: (Mes) | N9: (Año)
B10: ITEMS DE LA PROPUESTA ECONÓMICA | F10: □ | I10: ITEMS NO PREVISTOS | K10: □
B11: UNIDAD EJECUTORA: | J11: DIRECCIÓN TERRITORIAL:
B14: CONTRATO No. | D14: DE
B15: OBJETO DEL CONTRATO:
B18: CARRETERA: | J18: SECTOR:
B20: CONTRATISTA:
B22: INTERVENTOR: | K22: CTO No.: | M22: DE
B24: FECHA CIERRE PROCESO DE SELECCIÓN CONTRATO DE OBRA:
F25: (Día) | I25: (Mes) | J25: (Año)
B27: DATOS ESPECÍFICOS
B29: ITEM | C29: DESCRIPCIÓN | K29: GRUPO DE AJUSTE | L29: UNIDAD | N29: CANTIDAD
B30: ITEM | C30: DESCRIPCIÓN | L30: UNIDAD | N30: CANTIDAD
A31: Unidad | B31: 203.2 | C31: TRANSPLANTE DE ARBOLES TIPO I TRASLADO LARGO | L31: UNIDAD
B33: I. EQUIPO
B35: DESCRIPCIÓN | I35: TIPO | K35: TARIFA/HORA | L35: RENDIMIENTO | N35: Vr. UNITARIO
A36: C0010125 | B36: =VLOOKUP(A36,EQUIPOS!A6:D154,3,FALSE) -> Camabaja | K36: =VLOOKUP(A36,EQUIPOS!A6:D163,4,FALSE) -> 200000 | M36: 0.5 | N36: =K36/M36 -> 400000
A37: C0010490 | B37: =VLOOKUP(A37,EQUIPOS!A7:D154,3,FALSE) -> Grúa (capacidad 15 ton) | K37: =VLOOKUP(A37,EQUIPOS!A7:D164,4,FALSE) -> 143609.39 | M37: 0.5 | N37: =K37/M37 -> 287218.78
B42: HERRAMIENTA MENOR (%) | L42: 0.05 | N42: =N76*L42 -> 2843.2843
B43: SUBTOTAL $ | N43: =SUM(N36:N42) -> 690062.07
B45: II. MATERIALES
B47: DESCRIPCIÓN | J47: UNIDAD | K47: CANTIDAD | L47: PRECIO UNIT. | N47: Vr. UNITARIO
A48: B0013750 | B48: =VLOOKUP(A48,MATERIALES!A4:D373,3,FALSE) -> Costal de fibra o fique | J48: =VLOOKUP(A48,MATERIALES!A4:D373,2,FALSE) -> u | K48: 10 | M48: =VLOOKUP(A48,MATERIALES!A5:D373,4,FALSE) -> 500 | N48: =K48*M48 -> 5000
A49: B0013580 | B49: =VLOOKUP(A49,MATERIALES!A5:D373,3,FALSE) -> Cicatrizante (para remoción de especies vegetales) | J49: =VLOOKUP(A49,MATERIALES!A5:D373,2,FALSE) -> kg | K49: 1 | M49: =VLOOKUP(A49,MATERIALES!A6:D373,4,FALSE) -> 8636.5252 | N49: =K49*M49 -> 8636.5252
A50: B0014620 | B50: =VLOOKUP(A50,MATERIALES!A6:D373,3,FALSE) -> Nutrientes (para remoción de especies vegetales) (dap, triple 15 o similar) (ítem 201.9) | J50: =VLOOKUP(A50,MATERIALES!A6:D373,2,FALSE) -> kg | K50: 1 | M50: =VLOOKUP(A50,MATERIALES!A6:D373,4,FALSE) -> 1700 | N50: =K50*M50 -> 1700
A51: B0015130 | B51: =VLOOKUP(A51,MATERIALES!A6:D373,3,FALSE) -> Tierra abonada | J51: =VLOOKUP(A51,MATERIALES!A6:D373,2,FALSE) -> m3 | K51: 2 | M51: =VLOOKUP(A51,MATERIALES!A6:D373,4,FALSE) -> 28410.923 | N51: =K51*M51 -> 56821.846
B54: SUBTOTAL $ | N54: =SUM(N48:N53) -> 72158.371
B56: III. TRANSPORTES
B58: MATERIAL | H58: UNIDAD | I58: CANTIDAD (1) | J58: DISTANCIA (2) | K58: (1) * (2) | L58: TARIFA | N58: Vr. UNITARIO
B65: SUBTOTAL $
B67: IV. MANO DE OBRA
B69: TRABAJADOR | I69: JORNAL | J69: PRESTACIONES (%) | K69: JORNAL TOTAL | L69: RENDIMIENTO | N69: Vr. UNITARIO
A70: A0030050 | B70: =VLOOKUP(A70,'MANO DE OBRA'!A8:D68,3,FALSE) -> Obrero (5) | I70: =K70/J70*100 -> 122952.83 | J70: 185 | K70: =VLOOKUP(A70,'MANO DE OBRA'!A8:D99,4,FALSE) -> 227462.74 | M70: 4 | N70: =K70/M70 -> 56865.685
B76: SUBTOTAL $ | N76: =SUM(N70:N75) -> 56865.685
B78: TOTAL COSTO DIRECTO $ | N78: =N43+N54+N65+N76 -> 819086.12
B80: V. COSTOS INDIRECTOS
B82: Descripción | K82: Porcentaje | L82: Valor Total
B83: ADMINISTRACION | K83: 0.2 | L83: =N78*K83 -> 163817.22
B84: IMPREVISTOS | K84: 0.05 | L84: =N78*K84 -> 40954.306
B85: UTILIDAD | K85: 0.05 | L85: =N78*K85 -> 40954.306
B86: SUBTOTAL $ | N86: =L83+L84+L85 -> 245725.84
A88: PFinal01 | B88: Precio Unitario Total Aproximado al Peso $ | N88: =N78+N86 -> 1064812
E93: Firma
E94: Nombre:
E95: Representante Legal del Contratista o su Apoderado
E96: Matricula No. :
B98: OBSERVACIONES INTERVENTORÍA:
B104: APROBACIÓN POR INTERVENTORÍA
B105: Nota 1: Cuando se trate de Análisis de precios unitarios correspondientes a ítems de la propuesta económica aprobada, el Interventor aprueba el desglose de los componentes manteniendo el mismo precio unitario de cada ítem, cumpliendo con las especificaciones de construcción vigentes para el proyecto.
B107: Nota 2: Cuando se trate de Análisis de precios unitarios de ítems no previstos, el Interventor aprueba el desglose y precio unitario de cada ítem no previsto, exigiendo la aplicación de los costos correspondientes a insumos y tarifas de la propuesta económica inicial cuando estén contemplados, cumpliendo con las especificaciones de construcción vigente para el proyecto.
E113: Firma
E114: Nombre:
E115: Representante Legal del Interventor o su Apoderado
E116: Matricula No. :
B118: Original: Archivo de Gestión del Contrato (Subdirección Administrativa).
B119: Copias: Unidad Ejecutora, Contratista, Interventor y Dirección Territorial.

Sheet 203.3
K1: CÓDIGO | L1: MINFRA-MN-IN-10-FR-1
C2: INSTITUTO NACIONAL DE VIAS
C3: PROCESO GESTIÓN DE LA INFRAESTRUCTURA VIAL | K3: VERSIÓN | L3: 1
C4: MANUAL DE INTERVENTORÍA OBRA PÚBLICA
C5: ANÁLISIS DE PRECIOS UNITARIOS | K5: PÁGINA | M5: DE
K8: FECHA
L9: (Día) | M9: (Mes) | N9: (Año)
B10: ITEMS DE LA PROPUESTA ECONÓMICA | F10: □ | I10: ITEMS NO PREVISTOS | K10: □
B11: UNIDAD EJECUTORA: | J11: DIRECCIÓN TERRITORIAL:
B14: CONTRATO No. | D14: DE
B15: OBJETO DEL CONTRATO:
B18: CARRETERA: | J18: SECTOR:
B20: CONTRATISTA:
B22: INTERVENTOR: | K22: CTO No.: | M22: DE
B24: FECHA CIERRE PROCESO DE SELECCIÓN CONTRATO DE OBRA:
F25: (Día) | I25: (Mes) | J25: (Año)
B27: DATOS ESPECÍFICOS
B29: ITEM | C29: DESCRIPCIÓN | K29: GRUPO DE AJUSTE | L29: UNIDAD | N29: CANTIDAD
B30: ITEM | C30: DESCRIPCIÓN | L30: UNIDAD | N30: CANTIDAD
A31: Unidad | B31: 203.3 | C31: TRANSPLANTE DE ARBOLES TIPO I TRASLADO ESPECIAL | L31: UNIDAD
B33: I. EQUIPO
B35: DESCRIPCIÓN | I35: TIPO | K35: TARIFA/HORA | L35: RENDIMIENTO | N35: Vr. UNITARIO
A36: C0010125 | B36: =VLOOKUP(A36,EQUIPOS!A6:D154,3,FALSE) -> Camabaja | K36: =VLOOKUP(A36,EQUIPOS!A6:D163,4,FALSE) -> 200000 | M36: 0.4375 | N36: =K36/M36 -> 457142.86
A37: C0010490 | B37: =VLOOKUP(A37,EQUIPOS!A7:D154,3,FALSE) -> Grúa (capacidad 15 ton) | K37: =VLOOKUP(A37,EQUIPOS!A7:D164,4,FALSE) -> 143609.39 | M37: 0.4375 | N37: =K37/M37 -> 328250.04
B42: HERRAMIENTA MENOR (%) | L42: 0.05 | N42: =N76*L42 -> 3249.4677
B43: SUBTOTAL $ | N43: =SUM(N36:N42) -> 788642.36
B45: II. MATERIALES
B47: DESCRIPCIÓN | J47: UNIDAD | K47: CANTIDAD | L47: PRECIO UNIT. | N47: Vr. UNITARIO
A48: B0013750 | B48: =VLOOKUP(A48,MATERIALES!A4:D373,3,FALSE) -> Costal de fibra o fique | J48: =VLOOKUP(A48,MATERIALES!A4:D373,2,FALSE) -> u | K48: 10 | M48: =VLOOKUP(A48,MATERIALES!A5:D373,4,FALSE) -> 500 | N48: =K48*M48 -> 5000
A49: B0013580 | B49: =VLOOKUP(A49,MATERIALES!A5:D373,3,FALSE) -> Cicatrizante (para remoción de especies vegetales) | J49: =VLOOKUP(A49,MATERIALES!A5:D373,2,FALSE) -> kg | K49: 1 | M49: =VLOOKUP(A49,MATERIALES!A6:D373,4,FALSE) -> 8636.5252 | N49: =K49*M49 -> 8636.5252
A50: B0014620 | B50: =VLOOKUP(A50,MATERIALES!A6:D373,3,FALSE) -> Nutrientes (para remoción de especies vegetales) (dap, triple 15 o similar) (ítem 201.9) | J50: =VLOOKUP(A50,MATERIALES!A6:D373,2,FALSE) -> kg | K50: 1 | M50: =VLOOKUP(A50,MATERIALES!A6:D373,4,FALSE) -> 1700 | N50: =K50*M50 -> 1700
A51: B0015130 | B51: =VLOOKUP(A51,MATERIALES!A6:D373,3,FALSE) -> Tierra abonada | J51: =VLOOKUP(A51,MATERIALES!A6:D373,2,FALSE) -> m3 | K51: 2 | M51: =VLOOKUP(A51,MATERIALES!A6:D373,4,FALSE) -> 28410.923 | N51: =K51*M51 -> 56821.846
B54: SUBTOTAL $ | N54: =SUM(N48:N53) -> 72158.371
B56: III. TRANSPORTES
B58: MATERIAL | H58: UNIDAD | I58: CANTIDAD (1) | J58: DISTANCIA (2) | K58: (1) * (2) | L58: TARIFA | N58: Vr. UNITARIO
B65: SUBTOTAL $
B67: IV. MANO DE OBRA
B69: TRABAJADOR | I69: JORNAL | J69: PRESTACIONES (%) | K69: JORNAL TOTAL | L69: RENDIMIENTO | N69: Vr. UNITARIO
A70: A0030050 | B70: =VLOOKUP(A70,'MANO DE OBRA'!A8:D68,3,FALSE) -> Obrero (5) | I70: =K70/J70*100 -> 122952.83 | J70: 185 | K70: =VLOOKUP(A70,'MANO DE OBRA'!A8:D99,4,FALSE) -> 227462.74 | M70: 3.5 | N70: =K70/M70 -> 64989.355
B76: SUBTOTAL $ | N76: =SUM(N70:N75) -> 64989.355
B78: TOTAL COSTO DIRECTO $ | N78: =N43+N54+N65+N76 -> 925790.09
B80: V. COSTOS INDIRECTOS
B82: Descripción | K82: Porcentaje | L82: Valor Total
B83: ADMINISTRACION | K83: 0.2 | L83: =N78*K83 -> 185158.02
B84: IMPREVISTOS | K84: 0.05 | L84: =N78*K84 -> 46289.504
B85: UTILIDAD | K85: 0.05 | L85: =N78*K85 -> 46289.504
B86: SUBTOTAL $ | N86: =L83+L84+L85 -> 277737.03
A88: PFinal01 | B88: Precio Unitario Total Aproximado al Peso $ | N88: =N78+N86 -> 1203527.1
E93: Firma
E94: Nombre:
E95: Representante Legal del Contratista o su Apoderado
E96: Matricula No. :
B98: OBSERVACIONES INTERVENTORÍA:
B104: APROBACIÓN POR INTERVENTORÍA
B105: Nota 1: Cuando se trate de Análisis de precios unitarios correspondientes a ítems de la propuesta económica aprobada, el Interventor aprueba el desglose de los componentes manteniendo el mismo precio unitario de cada ítem, cumpliendo con las especificaciones de construcción vigentes para el proyecto.
B107: Nota 2: Cuando se trate de Análisis de precios unitarios de ítems no previstos, el Interventor aprueba el desglose y precio unitario de cada ítem no previsto, exigiendo la aplicación de los costos correspondientes a insumos y tarifas de la propuesta económica inicial cuando estén contemplados, cumpliendo con las especificaciones de construcción vigente para el proyecto.
E113: Firma
E114: Nombre:
E115: Representante Legal del Interventor o su Apoderado
E116: Matricula No. :
B118: Original: Archivo de Gestión del Contrato (Subdirección Administrativa).
B119: Copias: Unidad Ejecutora, Contratista, Interventor y Dirección Territorial.

Sheet 203.4
K1: CÓDIGO | L1: MINFRA-MN-IN-10-FR-1
C2: INSTITUTO NACIONAL DE VIAS
C3: PROCESO GESTIÓN DE LA INFRAESTRUCTURA VIAL | K3: VERSIÓN | L3: 1
C4: MANUAL DE INTERVENTORÍA OBRA PÚBLICA
C5: ANÁLISIS DE PRECIOS UNITARIOS | K5: PÁGINA | M5: DE
K8: FECHA
L9: (Día) | M9: (Mes) | N9: (Año)
B10: ITEMS DE LA PROPUESTA ECONÓMICA | F10: □ | I10: ITEMS NO PREVISTOS | K10: □
B11: UNIDAD EJECUTORA: | J11: DIRECCIÓN TERRITORIAL:
B14: CONTRATO No. | D14: DE
B15: OBJETO DEL CONTRATO:
B18: CARRETERA: | J18: SECTOR:
B20: CONTRATISTA:
B22: INTERVENTOR: | K22: CTO No.: | M22: DE
B24: FECHA CIERRE PROCESO DE SELECCIÓN CONTRATO DE OBRA:
F25: (Día) | I25: (Mes) | J25: (Año)
B27: DATOS ESPECÍFICOS
B29: ITEM | C29: DESCRIPCIÓN | K29: GRUPO DE AJUSTE | L29: UNIDAD | N29: CANTIDAD
B30: ITEM | C30: DESCRIPCIÓN | L30: UNIDAD | N30: CANTIDAD
A31: Unidad | B31: 203.4 | C31: TRANSPLANTE DE ARBOLES TIPO II TRASLADO CORTO | L31: UNIDAD
B33: I. EQUIPO
B35: DESCRIPCIÓN | I35: TIPO | K35: TARIFA/HORA | L35: RENDIMIENTO | N35: Vr. UNITARIO
A36: C0010125 | B36: =VLOOKUP(A36,EQUIPOS!A6:D154,3,FALSE) -> Camabaja | K36: =VLOOKUP(A36,EQUIPOS!A6:D163,4,FALSE) -> 200000 | M36: 0.875 | N36: =K36/M36 -> 228571.43
A37: C0010490 | B37: =VLOOKUP(A37,EQUIPOS!A7:D154,3,FALSE) -> Grúa (capacidad 15 ton) | K37: =VLOOKUP(A37,EQUIPOS!A7:D164,4,FALSE) -> 143609.39 | M37: 0.875 | N37: =K37/M37 -> 164125.02
B42: HERRAMIENTA MENOR (%) | L42: 0.05 | N42: =N76*L42 -> 1299.7871
B43: SUBTOTAL $ | N43: =SUM(N36:N42) -> 393996.23
B45: II. MATERIALES
B47: DESCRIPCIÓN | J47: UNIDAD | K47: CANTIDAD | L47: PRECIO UNIT. | N47: Vr. UNITARIO
A48: B0013750 | B48: =VLOOKUP(A48,MATERIALES!A4:D373,3,FALSE) -> Costal de fibra o fique | J48: =VLOOKUP(A48,MATERIALES!A4:D373,2,FALSE) -> u | K48: 10 | M48: =VLOOKUP(A48,MATERIALES!A5:D373,4,FALSE) -> 500 | N48: =K48*M48 -> 5000
A49: B0013580 | B49: =VLOOKUP(A49,MATERIALES!A5:D373,3,FALSE) -> Cicatrizante (para remoción de especies vegetales) | J49: =VLOOKUP(A49,MATERIALES!A5:D373,2,FALSE) -> kg | K49: 1 | M49: =VLOOKUP(A49,MATERIALES!A6:D373,4,FALSE) -> 8636.5252 | N49: =K49*M49 -> 8636.5252
A50: B0014620 | B50: =VLOOKUP(A50,MATERIALES!A6:D373,3,FALSE) -> Nutrientes (para remoción de especies vegetales) (dap, triple 15 o similar) (ítem 201.9) | J50: =VLOOKUP(A50,MATERIALES!A6:D373,2,FALSE) -> kg | K50: 1 | M50: =VLOOKUP(A50,MATERIALES!A6:D373,4,FALSE) -> 1700 | N50: =K50*M50 -> 1700
B54: SUBTOTAL $ | N54: =SUM(N48:N53) -> 15336.525
B56: III. TRANSPORTES
B58: MATERIAL | H58: UNIDAD | I58: CANTIDAD (1) | J58: DISTANCIA (2) | K58: (1) * (2) | L58: TARIFA | N58: Vr. UNITARIO
B65: SUBTOTAL $
B67: IV. MANO DE OBRA
B69: TRABAJADOR | I69: JORNAL | J69: PRESTACIONES (%) | K69: JORNAL TOTAL | L69: RENDIMIENTO | N69: Vr. UNITARIO
A70: A0030040 | B70: =VLOOKUP(A70,'MANO DE OBRA'!A8:D68,3,FALSE) -> Obrero (4) | I70: =K70/J70*100 -> 98362.267 | J70: 185 | K70: =VLOOKUP(A70,'MANO DE OBRA'!A8:D99,4,FALSE) -> 181970.19 | M70: 7 | N70: =K70/M70 -> 25995.742
B76: SUBTOTAL $ | N76: =SUM(N70:N75) -> 25995.742
B78: TOTAL COSTO DIRECTO $ | N78: =N43+N54+N65+N76 -> 435328.5
B80: V. COSTOS INDIRECTOS
B82: Descripción | K82: Porcentaje | L82: Valor Total
B83: ADMINISTRACION | K83: 0.2 | L83: =N78*K83 -> 87065.7
B84: IMPREVISTOS | K84: 0.05 | L84: =N78*K84 -> 21766.425
B85: UTILIDAD | K85: 0.05 | L85: =N78*K85 -> 21766.425
B86: SUBTOTAL $ | N86: =L83+L84+L85 -> 130598.55
A88: PFinal01 | B88: Precio Unitario Total Aproximado al Peso $ | N88: =N78+N86 -> 565927.05
E93: Firma
E94: Nombre:
E95: Representante Legal del Contratista o su Apoderado
E96: Matricula No. :
B98: OBSERVACIONES INTERVENTORÍA:
B104: APROBACIÓN POR INTERVENTORÍA
B105: Nota 1: Cuando se trate de Análisis de precios unitarios correspondientes a ítems de la propuesta económica aprobada, el Interventor aprueba el desglose de los componentes manteniendo el mismo precio unitario de cada ítem, cumpliendo con las especificaciones de construcción vigentes para el proyecto.
B107: Nota 2: Cuando se trate de Análisis de precios unitarios de ítems no previstos, el Interventor aprueba el desglose y precio unitario de cada ítem no previsto, exigiendo la aplicación de los costos correspondientes a insumos y tarifas de la propuesta económica inicial cuando estén contemplados, cumpliendo con las especificaciones de construcción vigente para el proyecto.
E113: Firma
E114: Nombre:
E115: Representante Legal del Interventor o su Apoderado
E116: Matricula No. :
B118: Original: Archivo de Gestión del Contrato (Subdirección Administrativa).
B119: Copias: Unidad Ejecutora, Contratista, Interventor y Dirección Territorial.

Sheet 203.5
K1: CÓDIGO | L1: MINFRA-MN-IN-10-FR-1
C2: INSTITUTO NACIONAL DE VIAS
C3: PROCESO GESTIÓN DE LA INFRAESTRUCTURA VIAL | K3: VERSIÓN | L3: 1
C4: MANUAL DE INTERVENTORÍA OBRA PÚBLICA
C5: ANÁLISIS DE PRECIOS UNITARIOS | K5: PÁGINA | M5: DE
K8: FECHA
L9: (Día) | M9: (Mes) | N9: (Año)
B10: ITEMS DE LA PROPUESTA ECONÓMICA | F10: □ | I10: ITEMS NO PREVISTOS | K10: □
B11: UNIDAD EJECUTORA: | J11: DIRECCIÓN TERRITORIAL:
B14: CONTRATO No. | D14: DE
B15: OBJETO DEL CONTRATO:
B18: CARRETERA: | J18: SECTOR:
B20: CONTRATISTA:
B22: INTERVENTOR: | K22: CTO No.: | M22: DE
B24: FECHA CIERRE PROCESO DE SELECCIÓN CONTRATO DE OBRA:
F25: (Día) | I25: (Mes) | J25: (Año)
B27: DATOS ESPECÍFICOS
B29: ITEM | C29: DESCRIPCIÓN | K29: GRUPO DE AJUSTE | L29: UNIDAD | N29: CANTIDAD
B30: ITEM | C30: DESCRIPCIÓN | L30: UNIDAD | N30: CANTIDAD
A31: Unidad | B31: 203.5 | C31: TRANSPLANTE DE ARBOLES TIPO II. TRASLADO LARGO | L31: UNIDAD
B33: I. EQUIPO
B35: DESCRIPCIÓN | I35: TIPO | K35: TARIFA/HORA | L35: RENDIMIENTO | N35: Vr. UNITARIO
A36: C0010125 | B36: =VLOOKUP(A36,EQUIPOS!A6:D154,3,FALSE) -> Camabaja | K36: =VLOOKUP(A36,EQUIPOS!A6:D163,4,FALSE) -> 200000 | M36: 0.75 | N36: =K36/M36 -> 266666.67
A37: C0010490 | B37: =VLOOKUP(A37,EQUIPOS!A7:D154,3,FALSE) -> Grúa (capacidad 15 ton) | K37: =VLOOKUP(A37,EQUIPOS!A7:D164,4,FALSE) -> 143609.39 | M37: 0.75 | N37: =K37/M37 -> 191479.19
B42: HERRAMIENTA MENOR (%) | L42: 0.05 | N42: =N76*L42 -> 1516.4183
B43: SUBTOTAL $ | N43: =SUM(N36:N42) -> 459662.27
B45: II. MATERIALES
B47: DESCRIPCIÓN | J47: UNIDAD | K47: CANTIDAD | L47: PRECIO UNIT. | N47: Vr. UNITARIO
A48: B0013750 | B48: =VLOOKUP(A48,MATERIALES!A4:D373,3,FALSE) -> Costal de fibra o fique | J48: =VLOOKUP(A48,MATERIALES!A4:D373,2,FALSE) -> u | K48: 10 | M48: =VLOOKUP(A48,MATERIALES!A5:D373,4,FALSE) -> 500 | N48: =K48*M48 -> 5000
A49: B0013580 | B49: =VLOOKUP(A49,MATERIALES!A5:D373,3,FALSE) -> Cicatrizante (para remoción de especies vegetales) | J49: =VLOOKUP(A49,MATERIALES!A5:D373,2,FALSE) -> kg | K49: 1 | M49: =VLOOKUP(A49,MATERIALES!A6:D373,4,FALSE) -> 8636.5252 | N49: =K49*M49 -> 8636.5252
A50: B0014620 | B50: =VLOOKUP(A50,MATERIALES!A6:D373,3,FALSE) -> Nutrientes (para remoción de especies vegetales) (dap, triple 15 o similar) (ítem 201.9) | J50: =VLOOKUP(A50,MATERIALES!A6:D373,2,FALSE) -> kg | K50: 1 | M50: =VLOOKUP(A50,MATERIALES!A6:D373,4,FALSE) -> 1700 | N50: =K50*M50 -> 1700
B54: SUBTOTAL $ | N54: =SUM(N48:N53) -> 15336.525
B56: III. TRANSPORTES
B58: MATERIAL | H58: UNIDAD | I58: CANTIDAD (1) | J58: DISTANCIA (2) | K58: (1) * (2) | L58: TARIFA | N58: Vr. UNITARIO
B65: SUBTOTAL $
B67: IV. MANO DE OBRA
B69: TRABAJADOR | I69: JORNAL | J69: PRESTACIONES (%) | K69: JORNAL TOTAL | L69: RENDIMIENTO | N69: Vr. UNITARIO
A70: A0030040 | B70: =VLOOKUP(A70,'MANO DE OBRA'!A8:D68,3,FALSE) -> Obrero (4) | I70: =K70/J70*100 -> 98362.267 | J70: 185 | K70: =VLOOKUP(A70,'MANO DE OBRA'!A8:D99,4,FALSE) -> 181970.19 | M70: 6 | N70: =K70/M70 -> 30328.366
B76: SUBTOTAL $ | N76: =SUM(N70:N75) -> 30328.366
B78: TOTAL COSTO DIRECTO $ | N78: =N43+N54+N65+N76 -> 505327.16
B80: V. COSTOS INDIRECTOS
B82: Descripción | K82: Porcentaje | L82: Valor Total
B83: ADMINISTRACION | K83: 0.2 | L83: =N78*K83 -> 101065.43
B84: IMPREVISTOS | K84: 0.05 | L84: =N78*K84 -> 25266.358
B85: UTILIDAD | K85: 0.05 | L85: =N78*K85 -> 25266.358
B86: SUBTOTAL $ | N86: =L83+L84+L85 -> 151598.15
A88: PFinal01 | B88: Precio Unitario Total Aproximado al Peso $ | N88: =N78+N86 -> 656925.31
E93: Firma
E94: Nombre:
E95: Representante Legal del Contratista o su Apoderado
E96: Matricula No. :
B98: OBSERVACIONES INTERVENTORÍA:
B104: APROBACIÓN POR INTERVENTORÍA
B105: Nota 1: Cuando se trate de Análisis de precios unitarios correspondientes a ítems de la propuesta económica aprobada, el Interventor aprueba el desglose de los componentes manteniendo el mismo precio unitario de cada ítem, cumpliendo con las especificaciones de construcción vigentes para el proyecto.
B107: Nota 2: Cuando se trate de Análisis de precios unitarios de ítems no previstos, el Interventor aprueba el desglose y precio unitario de cada ítem no previsto, exigiendo la aplicación de los costos correspondientes a insumos y tarifas de la propuesta económica inicial cuando estén contemplados, cumpliendo con las especificaciones de construcción vigente para el proyecto.
E113: Firma
E114: Nombre:
E115: Representante Legal del Interventor o su Apoderado
E116: Matricula No. :
B118: Original: Archivo de Gestión del Contrato (Subdirección Administrativa).
B119: Copias: Unidad Ejecutora, Contratista, Interventor y Dirección Territorial.

Sheet 203.6
K1: CÓDIGO | L1: MINFRA-MN-IN-10-FR-1
C2: INSTITUTO NACIONAL DE VIAS
C3: PROCESO GESTIÓN DE LA INFRAESTRUCTURA VIAL | K3: VERSIÓN | L3: 1
C4: MANUAL DE INTERVENTORÍA OBRA PÚBLICA
C5: ANÁLISIS DE PRECIOS UNITARIOS | K5: PÁGINA | M5: DE
K8: FECHA
L9: (Día) | M9: (Mes) | N9: (Año)
B10: ITEMS DE LA PROPUESTA ECONÓMICA | F10: □ | I10: ITEMS NO PREVISTOS | K10: □
B11: UNIDAD EJECUTORA: | J11: DIRECCIÓN TERRITORIAL:
B14: CONTRATO No. | D14: DE
B15: OBJETO DEL CONTRATO:
B18: CARRETERA: | J18: SECTOR:
B20: CONTRATISTA:
B22: INTERVENTOR: | K22: CTO No.: | M22: DE
B24: FECHA CIERRE PROCESO DE SELECCIÓN CONTRATO DE OBRA:
F25: (Día) | I25: (Mes) | J25: (Año)
B27: DATOS ESPECÍFICOS
B29: ITEM | C29: DESCRIPCIÓN | K29: GRUPO DE AJUSTE | L29: UNIDAD | N29: CANTIDAD
B30: ITEM | C30: DESCRIPCIÓN | L30: UNIDAD | N30: CANTIDAD
A31: Unidad | B31: 203.6 | C31: TRANSPLANTE DE ARBOLES TIPO II TRASLADO ESPECIAL | L31: UNIDAD
B33: I. EQUIPO
B35: DESCRIPCIÓN | I35: TIPO | K35: TARIFA/HORA | L35: RENDIMIENTO | N35: Vr. UNITARIO
A36: C0010125 | B36: =VLOOKUP(A36,EQUIPOS!A6:D154,3,FALSE) -> Camabaja | K36: =VLOOKUP(A36,EQUIPOS!A6:D163,4,FALSE) -> 200000 | M36: 0.6875 | N36: =K36/M36 -> 290909.09
A37: C0010490 | B37: =VLOOKUP(A37,EQUIPOS!A7:D154,3,FALSE) -> Grúa (capacidad 15 ton) | K37: =VLOOKUP(A37,EQUIPOS!A7:D164,4,FALSE) -> 143609.39 | M37: 0.6875 | N37: =K37/M37 -> 208886.39
B42: HERRAMIENTA MENOR (%) | L42: 0.05 | N42: =N76*L42 -> 1654.2745
B43: SUBTOTAL $ | N43: =SUM(N36:N42) -> 501449.75
B45: II. MATERIALES
B47: DESCRIPCIÓN | J47: UNIDAD | K47: CANTIDAD | L47: PRECIO UNIT. | N47: Vr. UNITARIO
A48: B0013750 | B48: =VLOOKUP(A48,MATERIALES!A4:D373,3,FALSE) -> Costal de fibra o fique | J48: =VLOOKUP(A48,MATERIALES!A4:D373,2,FALSE) -> u | K48: 10 | M48: =VLOOKUP(A48,MATERIALES!A5:D373,4,FALSE) -> 500 | N48: =K48*M48 -> 5000
A49: B0013580 | B49: =VLOOKUP(A49,MATERIALES!A5:D373,3,FALSE) -> Cicatrizante (para remoción de especies vegetales) | J49: =VLOOKUP(A49,MATERIALES!A5:D373,2,FALSE) -> kg | K49: 1 | M49: =VLOOKUP(A49,MATERIALES!A6:D373,4,FALSE) -> 8636.5252 | N49: =K49*M49 -> 8636.5252
A50: B0014620 | B50: =VLOOKUP(A50,MATERIALES!A6:D373,3,FALSE) -> Nutrientes (para remoción de especies vegetales) (dap, triple 15 o similar) (ítem 201.9) | J50: =VLOOKUP(A50,MATERIALES!A6:D373,2,FALSE) -> kg | K50: 1 | M50: =VLOOKUP(A50,MATERIALES!A6:D373,4,FALSE) -> 1700 | N50: =K50*M50 -> 1700
B54: SUBTOTAL $ | N54: =SUM(N48:N53) -> 15336.525
B56: III. TRANSPORTES
B58: MATERIAL | H58: UNIDAD | I58: CANTIDAD (1) | J58: DISTANCIA (2) | K58: (1) * (2) | L58: TARIFA | N58: Vr. UNITARIO
B65: SUBTOTAL $
B67: IV. MANO DE OBRA
B69: TRABAJADOR | I69: JORNAL | J69: PRESTACIONES (%) | K69: JORNAL TOTAL | L69: RENDIMIENTO | N69: Vr. UNITARIO
A70: A0030040 | B70: =VLOOKUP(A70,'MANO DE OBRA'!A8:D68,3,FALSE) -> Obrero (4) | I70: =K70/J70*100 -> 98362.267 | J70: 185 | K70: =VLOOKUP(A70,'MANO DE OBRA'!A8:D99,4,FALSE) -> 181970.19 | M70: 5.5 | N70: =K70/M70 -> 33085.49
B76: SUBTOTAL $ | N76: =SUM(N70:N75) -> 33085.49
B78: TOTAL COSTO DIRECTO $ | N78: =N43+N54+N65+N76 -> 549871.77
B80: V. COSTOS INDIRECTOS
B82: Descripción | K82: Porcentaje | L82: Valor Total
B83: ADMINISTRACION | K83: 0.2 | L83: =N78*K83 -> 109974.35
B84: IMPREVISTOS | K84: 0.05 | L84: =N78*K84 -> 27493.588
B85: UTILIDAD | K85: 0.05 | L85: =N78*K85 -> 27493.588
B86: SUBTOTAL $ | N86: =L83+L84+L85 -> 164961.53
A88: PFinal01 | B88: Precio Unitario Total Aproximado al Peso $ | N88: =N78+N86 -> 714833.3
E93: Firma
E94: Nombre:
E95: Representante Legal del Contratista o su Apoderado
E96: Matricula No. :
B98: OBSERVACIONES INTERVENTORÍA:
B104: APROBACIÓN POR INTERVENTORÍA
B105: Nota 1: Cuando se trate de Análisis de precios unitarios correspondientes a ítems de la propuesta económica aprobada, el Interventor aprueba el desglose de los componentes manteniendo el mismo precio unitario de cada ítem, cumpliendo con las especificaciones de construcción vigentes para el proyecto.
B107: Nota 2: Cuando se trate de Análisis de precios unitarios de ítems no previstos, el Interventor aprueba el desglose y precio unitario de cada ítem no previsto, exigiendo la aplicación de los costos correspondientes a insumos y tarifas de la propuesta económica inicial cuando estén contemplados, cumpliendo con las especificaciones de construcción vigente para el proyecto.
E113: Firma
E114: Nombre:
E115: Representante Legal del Interventor o su Apoderado
E116: Matricula No. :
B118: Original: Archivo de Gestión del Contrato (Subdirección Administrativa).
B119: Copias: Unidad Ejecutora, Contratista, Interventor y Dirección Territorial.

Sheet 203.7
K1: CÓDIGO | L1: MINFRA-MN-IN-10-FR-1
C2: INSTITUTO NACIONAL DE VIAS
C3: PROCESO GESTIÓN DE LA INFRAESTRUCTURA VIAL | K3: VERSIÓN | L3: 1
C4: MANUAL DE INTERVENTORÍA OBRA PÚBLICA
C5: ANÁLISIS DE PRECIOS UNITARIOS | K5: PÁGINA | M5: DE
K8: FECHA
L9: (Día) | M9: (Mes) | N9: (Año)
B10: ITEMS DE LA PROPUESTA ECONÓMICA | F10: □ | I10: ITEMS NO PREVISTOS | K10: □
B11: UNIDAD EJECUTORA: | J11: DIRECCIÓN TERRITORIAL:
B14: CONTRATO No. | D14: DE
B15: OBJETO DEL CONTRATO:
B18: CARRETERA: | J18: SECTOR:
B20: CONTRATISTA:
B22: INTERVENTOR: | K22: CTO No.: | M22: DE
B24: FECHA CIERRE PROCESO DE SELECCIÓN CONTRATO DE OBRA:
F25: (Día) | I25: (Mes) | J25: (Año)
B27: DATOS ESPECÍFICOS
B29: ITEM | C29: DESCRIPCIÓN | K29: GRUPO DE AJUSTE | L29: UNIDAD | N29: CANTIDAD
B30: ITEM | C30: DESCRIPCIÓN | L30: UNIDAD | N30: CANTIDAD
A31: Unidad | B31: 203.7 | C31: TRANSPLANTE DE ARBOLES TIPO III TRASLADO CORTO | L31: UNIDAD
B33: I. EQUIPO
B35: DESCRIPCIÓN | I35: TIPO | K35: TARIFA/HORA | L35: RENDIMIENTO | N35: Vr. UNITARIO
A36: C0010490 | B36: =VLOOKUP(A36,EQUIPOS!A6:D154,3,FALSE) -> Grúa (capacidad 15 ton) | K36: =VLOOKUP(A36,EQUIPOS!A6:D163,4,FALSE) -> 143609.39 | M36: 1.125 | N36: =K36/M36 -> 127652.79
B42: HERRAMIENTA MENOR (%) | L42: 0.05 | N42: =N76*L42 -> 1010.9455
B43: SUBTOTAL $ | N43: =SUM(N36:N42) -> 128663.74
B45: II. MATERIALES
B47: DESCRIPCIÓN | J47: UNIDAD | K47: CANTIDAD | L47: PRECIO UNIT. | N47: Vr. UNITARIO
A48: B0013750 | B48: =VLOOKUP(A48,MATERIALES!A4:D373,3,FALSE) -> Costal de fibra o fique | J48: =VLOOKUP(A48,MATERIALES!A4:D373,2,FALSE) -> u | K48: 10 | M48: =VLOOKUP(A48,MATERIALES!A5:D373,4,FALSE) -> 500 | N48: =K48*M48 -> 5000
A49: B0014620 | B49: =VLOOKUP(A49,MATERIALES!A5:D373,3,FALSE) -> Nutrientes (para remoción de especies vegetales) (dap, triple 15 o similar) (ítem 201.9) | J49: =VLOOKUP(A49,MATERIALES!A5:D373,2,FALSE) -> kg | K49: 1 | M49: =VLOOKUP(A49,MATERIALES!A6:D373,4,FALSE) -> 1700 | N49: =K49*M49 -> 1700
A50: B0013580 | B50: =VLOOKUP(A50,MATERIALES!A6:D373,3,FALSE) -> Cicatrizante (para remoción de especies vegetales) | J50: =VLOOKUP(A50,MATERIALES!A6:D373,2,FALSE) -> kg | K50: 1 | M50: =VLOOKUP(A50,MATERIALES!A6:D373,4,FALSE) -> 8636.5252 | N50: =K50*M50 -> 8636.5252
B54: SUBTOTAL $ | N54: =SUM(N48:N53) -> 15336.525
B56: III. TRANSPORTES
B58: MATERIAL | H58: UNIDAD | I58: CANTIDAD (1) | J58: DISTANCIA (2) | K58: (1) * (2) | L58: TARIFA | N58: Vr. UNITARIO
B65: SUBTOTAL $
B67: IV. MANO DE OBRA
B69: TRABAJADOR | I69: JORNAL | J69: PRESTACIONES (%) | K69: JORNAL TOTAL | L69: RENDIMIENTO | N69: Vr. UNITARIO
A70: A0030040 | B70: =VLOOKUP(A70,'MANO DE OBRA'!A8:D68,3,FALSE) -> Obrero (4) | I70: =K70/J70*100 -> 98362.267 | J70: 185 | K70: =VLOOKUP(A70,'MANO DE OBRA'!A8:D99,4,FALSE) -> 181970.19 | M70: 9 | N70: =K70/M70 -> 20218.91
B76: SUBTOTAL $ | N76: =SUM(N70:N75) -> 20218.91
B78: TOTAL COSTO DIRECTO $ | N78: =N43+N54+N65+N76 -> 164219.17
B80: V. COSTOS INDIRECTOS
B82: Descripción | K82: Porcentaje | L82: Valor Total
B83: ADMINISTRACION | K83: 0.2 | L83: =N78*K83 -> 32843.835
B84: IMPREVISTOS | K84: 0.05 | L84: =N78*K84 -> 8210.9587
B85: UTILIDAD | K85: 0.05 | L85: =N78*K85 -> 8210.9587
B86: SUBTOTAL $ | N86: =L83+L84+L85 -> 49265.752
A88: PFinal01 | B88: Precio Unitario Total Aproximado al Peso $ | N88: =N78+N86 -> 213484.93
E93: Firma
E94: Nombre:
E95: Representante Legal del Contratista o su Apoderado
E96: Matricula No. :
B98: OBSERVACIONES INTERVENTORÍA:
B104: APROBACIÓN POR INTERVENTORÍA
B105: Nota 1: Cuando se trate de Análisis de precios unitarios correspondientes a ítems de la propuesta económica aprobada, el Interventor aprueba el desglose de los componentes manteniendo el mismo precio unitario de cada ítem, cumpliendo con las especificaciones de construcción vigentes para el proyecto.
B107: Nota 2: Cuando se trate de Análisis de precios unitarios de ítems no previstos, el Interventor aprueba el desglose y precio unitario de cada ítem no previsto, exigiendo la aplicación de los costos correspondientes a insumos y tarifas de la propuesta económica inicial cuando estén contemplados, cumpliendo con las especificaciones de construcción vigente para el proyecto.
E113: Firma
E114: Nombre:
E115: Representante Legal del Interventor o su Apoderado
E116: Matricula No. :
B118: Original: Archivo de Gestión del Contrato (Subdirección Administrativa).
B119: Copias: Unidad Ejecutora, Contratista, Interventor y Dirección Territorial.

Sheet 203.8
K1: CÓDIGO | L1: MINFRA-MN-IN-10-FR-1
C2: INSTITUTO NACIONAL DE VIAS
C3: PROCESO GESTIÓN DE LA INFRAESTRUCTURA VIAL | K3: VERSIÓN | L3: 1
C4: MANUAL DE INTERVENTORÍA OBRA PÚBLICA
C5: ANÁLISIS DE PRECIOS UNITARIOS | K5: PÁGINA | M5: DE
K8: FECHA
L9: (Día) | M9: (Mes) | N9: (Año)
B10: ITEMS DE LA PROPUESTA ECONÓMICA | F10: □ | I10: ITEMS NO PREVISTOS | K10: □
B11: UNIDAD EJECUTORA: | J11: DIRECCIÓN TERRITORIAL:
B14: CONTRATO No. | D14: DE
B15: OBJETO DEL CONTRATO:
B18: CARRETERA: | J18: SECTOR:
B20: CONTRATISTA:
B22: INTERVENTOR: | K22: CTO No.: | M22: DE
B24: FECHA CIERRE PROCESO DE SELECCIÓN CONTRATO DE OBRA:
F25: (Día) | I25: (Mes) | J25: (Año)
B27: DATOS ESPECÍFICOS
B29: ITEM | C29: DESCRIPCIÓN | K29: GRUPO DE AJUSTE | L29: UNIDAD | N29: CANTIDAD
B30: ITEM | C30: DESCRIPCIÓN | L30: UNIDAD | N30: CANTIDAD
A31: Unidad | B31: 203.8 | C31: TRANSPLANTE DE ARBOLE TIPO III TRASLADO LARGO | L31: UNIDAD
B33: I. EQUIPO
B35: DESCRIPCIÓN | I35: TIPO | K35: TARIFA/HORA | L35: RENDIMIENTO | N35: Vr. UNITARIO
A36: C0010490 | B36: =VLOOKUP(A36,EQUIPOS!A6:D154,3,FALSE) -> Grúa (capacidad 15 ton) | K36: =VLOOKUP(A36,EQUIPOS!A6:D163,4,FALSE) -> 143609.39 | M36: 1 | N36: =K36/M36 -> 143609.39
A37: C0010960 | B37: =VLOOKUP(A37,EQUIPOS!A7:D154,3,FALSE) -> Volqueta 6 m3 | K37: =VLOOKUP(A37,EQUIPOS!A7:D164,4,FALSE) -> 62500 | M37: 1 | N37: =K37/M37 -> 62500
B42: HERRAMIENTA MENOR (%) | L42: 0.05 | N42: =N76*L42 -> 1137.3137
B43: SUBTOTAL $ | N43: =SUM(N36:N42) -> 207246.7
B45: II. MATERIALES
B47: DESCRIPCIÓN | J47: UNIDAD | K47: CANTIDAD | L47: PRECIO UNIT. | N47: Vr. UNITARIO
A48: B0013750 | B48: =VLOOKUP(A48,MATERIALES!A4:D373,3,FALSE) -> Costal de fibra o fique | J48: =VLOOKUP(A48,MATERIALES!A4:D385,2,FALSE) -> u | K48: 10 | M48: =VLOOKUP(A48,MATERIALES!A5:D373,4,FALSE) -> 500 | N48: =K48*M48 -> 5000
A49: B0014620 | B49: =VLOOKUP(A49,MATERIALES!A5:D373,3,FALSE) -> Nutrientes (para remoción de especies vegetales) (dap, triple 15 o similar) (ítem 201.9) | J49: =VLOOKUP(A49,MATERIALES!A5:D386,2,FALSE) -> kg | K49: 1 | M49: =VLOOKUP(A49,MATERIALES!A6:D373,4,FALSE) -> 1700 | N49: =K49*M49 -> 1700
A50: B0013580 | B50: =VLOOKUP(A50,MATERIALES!A6:D373,3,FALSE) -> Cicatrizante (para remoción de especies vegetales) | J50: =VLOOKUP(A50,MATERIALES!A6:D387,2,FALSE) -> kg | K50: 1 | M50: =VLOOKUP(A50,MATERIALES!A6:D373,4,FALSE) -> 8636.5252 | N50: =K50*M50 -> 8636.5252
B54: SUBTOTAL $ | N54: =SUM(N48:N53) -> 15336.525
B56: III. TRANSPORTES
B58: MATERIAL | H58: UNIDAD | I58: CANTIDAD (1) | J58: DISTANCIA (2) | K58: (1) * (2) | L58: TARIFA | N58: Vr. UNITARIO
B65: SUBTOTAL $
B67: IV. MANO DE OBRA
B69: TRABAJADOR | I69: JORNAL | J69: PRESTACIONES (%) | K69: JORNAL TOTAL | L69: RENDIMIENTO | N69: Vr. UNITARIO
A70: A0030040 | B70: =VLOOKUP(A70,'MANO DE OBRA'!A8:D68,3,FALSE) -> Obrero (4) | I70: =K70/J70*100 -> 98362.267 | J70: 185 | K70: =VLOOKUP(A70,'MANO DE OBRA'!A8:D99,4,FALSE) -> 181970.19 | M70: 8 | N70: =K70/M70 -> 22746.274
B76: SUBTOTAL $ | N76: =SUM(N70:N75) -> 22746.274
B78: TOTAL COSTO DIRECTO $ | N78: =N43+N54+N65+N76 -> 245329.5
B80: V. COSTOS INDIRECTOS
B82: Descripción | K82: Porcentaje | L82: Valor Total
B83: ADMINISTRACION | K83: 0.2 | L83: =N78*K83 -> 49065.901
B84: IMPREVISTOS | K84: 0.05 | L84: =N78*K84 -> 12266.475
B85: UTILIDAD | K85: 0.05 | L85: =N78*K85 -> 12266.475
B86: SUBTOTAL $ | N86: =L83+L84+L85 -> 73598.851
A88: PFinal01 | B88: Precio Unitario Total Aproximado al Peso $ | N88: =N78+N86 -> 318928.36
E93: Firma
E94: Nombre:
E95: Representante Legal del Contratista o su Apoderado
E96: Matricula No. :
B98: OBSERVACIONES INTERVENTORÍA:
B104: APROBACIÓN POR INTERVENTORÍA
B105: Nota 1: Cuando se trate de Análisis de precios unitarios correspondientes a ítems de la propuesta económica aprobada, el Interventor aprueba el desglose de los componentes manteniendo el mismo precio unitario de cada ítem, cumpliendo con las especificaciones de construcción vigentes para el proyecto.
B107: Nota 2: Cuando se trate de Análisis de precios unitarios de ítems no previstos, el Interventor aprueba el desglose y precio unitario de cada ítem no previsto, exigiendo la aplicación de los costos correspondientes a insumos y tarifas de la propuesta económica inicial cuando estén contemplados, cumpliendo con las especificaciones de construcción vigente para el proyecto.
E113: Firma
E114: Nombre:
E115: Representante Legal del Interventor o su Apoderado
E116: Matricula No. :
B118: Original: Archivo de Gestión del Contrato (Subdirección Administrativa).
B119: Copias: Unidad Ejecutora, Contratista, Interventor y Dirección Territorial.

Sheet 203.9
K1: CÓDIGO | L1: MINFRA-MN-IN-10-FR-1
C2: INSTITUTO NACIONAL DE VIAS
C3: PROCESO GESTIÓN DE LA INFRAESTRUCTURA VIAL | K3: VERSIÓN | L3: 1
C4: MANUAL DE INTERVENTORÍA OBRA PÚBLICA
C5: ANÁLISIS DE PRECIOS UNITARIOS | K5: PÁGINA | M5: DE
K8: FECHA
L9: (Día) | M9: (Mes) | N9: (Año)
B10: ITEMS DE LA PROPUESTA ECONÓMICA | F10: □ | I10: ITEMS NO PREVISTOS | K10: □
B11: UNIDAD EJECUTORA: | J11: DIRECCIÓN TERRITORIAL:
B14: CONTRATO No. | D14: DE
B15: OBJETO DEL CONTRATO:
B18: CARRETERA: | J18: SECTOR:
B20: CONTRATISTA:
B22: INTERVENTOR: | K22: CTO No.: | M22: DE
B24: FECHA CIERRE PROCESO DE SELECCIÓN CONTRATO DE OBRA:
F25: (Día) | I25: (Mes) | J25: (Año)
B27: DATOS ESPECÍFICOS
B29: ITEM | C29: DESCRIPCIÓN | K29: GRUPO DE AJUSTE | L29: UNIDAD | N29: CANTIDAD
B30: ITEM | C30: DESCRIPCIÓN | L30: UNIDAD | N30: CANTIDAD
A31: Unidad | B31: 203.9 | C31: TRANSPLANTE DE ARBOLES TIPO III TRASLADO ESPECIAL | L31: UNIDAD
B33: I. EQUIPO
B35: DESCRIPCIÓN | I35: TIPO | K35: TARIFA/HORA | L35: RENDIMIENTO | N35: Vr. UNITARIO
A36: C0010490 | B36: =VLOOKUP(A36,EQUIPOS!A6:D154,3,FALSE) -> Grúa (capacidad 15 ton) | K36: =VLOOKUP(A36,EQUIPOS!A6:D163,4,FALSE) -> 143609.39 | M36: 0.9375 | N36: =K36/M36 -> 153183.35
A37: C0010960 | B37: =VLOOKUP(A37,EQUIPOS!A7:D154,3,FALSE) -> Volqueta 6 m3 | K37: =VLOOKUP(A37,EQUIPOS!A7:D164,4,FALSE) -> 62500 | M37: 0.9375 | N37: =K37/M37 -> 66666.667
B42: HERRAMIENTA MENOR (%) | L42: 0.05 | N42: =N76*L42 -> 1213.1346
B43: SUBTOTAL $ | N43: =SUM(N36:N42) -> 221063.15
B45: II. MATERIALES
B47: DESCRIPCIÓN | J47: UNIDAD | K47: CANTIDAD | L47: PRECIO UNIT. | N47: Vr. UNITARIO
A48: B0013750 | B48: =VLOOKUP(A48,MATERIALES!A4:D373,3,FALSE) -> Costal de fibra o fique | J48: =VLOOKUP(A48,MATERIALES!A4:D385,2,FALSE) -> u | K48: 10 | M48: =VLOOKUP(A48,MATERIALES!A5:D373,4,FALSE) -> 500 | N48: =K48*M48 -> 5000
A49: B0013580 | B49: =VLOOKUP(A49,MATERIALES!A5:D373,3,FALSE) -> Cicatrizante (para remoción de especies vegetales) | J49: =VLOOKUP(A49,MATERIALES!A5:D386,2,FALSE) -> kg | K49: 1 | M49: =VLOOKUP(A49,MATERIALES!A6:D373,4,FALSE) -> 8636.5252 | N49: =K49*M49 -> 8636.5252
A50: B0014620 | B50: =VLOOKUP(A50,MATERIALES!A6:D373,3,FALSE) -> Nutrientes (para remoción de especies vegetales) (dap, triple 15 o similar) (ítem 201.9) | J50: =VLOOKUP(A50,MATERIALES!A6:D387,2,FALSE) -> kg | K50: 1 | M50: =VLOOKUP(A50,MATERIALES!A6:D373,4,FALSE) -> 1700 | N50: =K50*M50 -> 1700
B54: SUBTOTAL $ | N54: =SUM(N48:N53) -> 15336.525
B56: III. TRANSPORTES
B58: MATERIAL | H58: UNIDAD | I58: CANTIDAD (1) | J58: DISTANCIA (2) | K58: (1) * (2) | L58: TARIFA | N58: Vr. UNITARIO
B65: SUBTOTAL $
B67: IV. MANO DE OBRA
B69: TRABAJADOR | I69: JORNAL | J69: PRESTACIONES (%) | K69: JORNAL TOTAL | L69: RENDIMIENTO | N69: Vr. UNITARIO
A70: A0030040 | B70: =VLOOKUP(A70,'MANO DE OBRA'!A8:D68,3,FALSE) -> Obrero (4) | I70: =K70/J70*100 -> 98362.267 | J70: 185 | K70: =VLOOKUP(A70,'MANO DE OBRA'!A8:D99,4,FALSE) -> 181970.19 | M70: 7.5 | N70: =K70/M70 -> 24262.692
B76: SUBTOTAL $ | N76: =SUM(N70:N75) -> 24262.692
B78: TOTAL COSTO DIRECTO $ | N78: =N43+N54+N65+N76 -> 260662.37
B80: V. COSTOS INDIRECTOS
B82: Descripción | K82: Porcentaje | L82: Valor Total
B83: ADMINISTRACION | K83: 0.2 | L83: =N78*K83 -> 52132.474
B84: IMPREVISTOS | K84: 0.05 | L84: =N78*K84 -> 13033.118
B85: UTILIDAD | K85: 0.05 | L85: =N78*K85 -> 13033.118
B86: SUBTOTAL $ | N86: =L83+L84+L85 -> 78198.711
A88: PFinal01 | B88: Precio Unitario Total Aproximado al Peso $ | N88: =N78+N86 -> 338861.08
E93: Firma
E94: Nombre:
E95: Representante Legal del Contratista o su Apoderado
E96: Matricula No. :
B98: OBSERVACIONES INTERVENTORÍA:
B104: APROBACIÓN POR INTERVENTORÍA
B105: Nota 1: Cuando se trate de Análisis de precios unitarios correspondientes a ítems de la propuesta económica aprobada, el Interventor aprueba el desglose de los componentes manteniendo el mismo precio unitario de cada ítem, cumpliendo con las especificaciones de construcción vigentes para el proyecto.
B107: Nota 2: Cuando se trate de Análisis de precios unitarios de ítems no previstos, el Interventor aprueba el desglose y precio unitario de cada ítem no previsto, exigiendo la aplicación de los costos correspondientes a insumos y tarifas de la propuesta económica inicial cuando estén contemplados, cumpliendo con las especificaciones de construcción vigente para el proyecto.
E113: Firma
E114: Nombre:
E115: Representante Legal del Interventor o su Apoderado
E116: Matricula No. :
B118: Original: Archivo de Gestión del Contrato (Subdirección Administrativa).
B119: Copias: Unidad Ejecutora, Contratista, Interventor y Dirección Territorial.

Sheet 203.10
K1: CÓDIGO | L1: MINFRA-MN-IN-10-FR-1
C2: INSTITUTO NACIONAL DE VIAS
C3: PROCESO GESTIÓN DE LA INFRAESTRUCTURA VIAL | K3: VERSIÓN | L3: 1
C4: MANUAL DE INTERVENTORÍA OBRA PÚBLICA
C5: ANÁLISIS DE PRECIOS UNITARIOS | K5: PÁGINA | M5: DE
K8: FECHA
L9: (Día) | M9: (Mes) | N9: (Año)
B10: ITEMS DE LA PROPUESTA ECONÓMICA | F10: □ | I10: ITEMS NO PREVISTOS | K10: □
B11: UNIDAD EJECUTORA: | J11: DIRECCIÓN TERRITORIAL:
B14: CONTRATO No. | D14: DE
B15: OBJETO DEL CONTRATO:
B18: CARRETERA: | J18: SECTOR:
B20: CONTRATISTA:
B22: INTERVENTOR: | K22: CTO No.: | M22: DE
B24: FECHA CIERRE PROCESO DE SELECCIÓN CONTRATO DE OBRA:
F25: (Día) | I25: (Mes) | J25: (Año)
B27: DATOS ESPECÍFICOS
B29: ITEM | C29: DESCRIPCIÓN | K29: GRUPO DE AJUSTE | L29: UNIDAD | N29: CANTIDAD
B30: ITEM | C30: DESCRIPCIÓN | L30: UNIDAD | N30: CANTIDAD
A31: Unidad | B31: 203.10 | C31: TRANSPLANTE DE ARBOLES TIPO IV TRASLADO CORTO | L31: UNIDAD
B33: I. EQUIPO
B35: DESCRIPCIÓN | I35: TIPO | K35: TARIFA/HORA | L35: RENDIMIENTO | N35: Vr. UNITARIO
A36: C0010490 | B36: =VLOOKUP(A36,EQUIPOS!A6:D154,3,FALSE) -> Grúa (capacidad 15 ton) | K36: =VLOOKUP(A36,EQUIPOS!A6:D163,4,FALSE) -> 143609.39 | M36: 1.5 | N36: =K36/M36 -> 95739.594
B42: HERRAMIENTA MENOR (%) | L42: 0.05 | N42: =N76*L42 -> 758.20914
B43: SUBTOTAL $ | N43: =SUM(N36:N42) -> 96497.803
B45: II. MATERIALES
B47: DESCRIPCIÓN | J47: UNIDAD | K47: CANTIDAD | L47: PRECIO UNIT. | N47: Vr. UNITARIO
A48: B0013750 | B48: =VLOOKUP(A48,MATERIALES!A4:D373,3,FALSE) -> Costal de fibra o fique | J48: =VLOOKUP(A48,MATERIALES!A4:D385,2,FALSE) -> u | K48: 10 | M48: =VLOOKUP(A48,MATERIALES!A5:D373,4,FALSE) -> 500 | N48: =K48*M48 -> 5000
A49: B0013580 | B49: =VLOOKUP(A49,MATERIALES!A5:D373,3,FALSE) -> Cicatrizante (para remoción de especies vegetales) | J49: =VLOOKUP(A49,MATERIALES!A5:D386,2,FALSE) -> kg | K49: 1 | M49: =VLOOKUP(A49,MATERIALES!A6:D373,4,FALSE) -> 8636.5252 | N49: =K49*M49 -> 8636.5252
A50: B0014620 | B50: =VLOOKUP(A50,MATERIALES!A6:D373,3,FALSE) -> Nutrientes (para remoción de especies vegetales) (dap, triple 15 o similar) (ítem 201.9) | J50: =VLOOKUP(A50,MATERIALES!A6:D387,2,FALSE) -> kg | K50: 1 | M50: =VLOOKUP(A50,MATERIALES!A6:D373,4,FALSE) -> 1700 | N50: =K50*M50 -> 1700
B54: SUBTOTAL $ | N54: =SUM(N48:N53) -> 15336.525
B56: III. TRANSPORTES
B58: MATERIAL | H58: UNIDAD | I58: CANTIDAD (1) | J58: DISTANCIA (2) | K58: (1) * (2) | L58: TARIFA | N58: Vr. UNITARIO
B65: SUBTOTAL $
B67: IV. MANO DE OBRA
B69: TRABAJADOR | I69: JORNAL | J69: PRESTACIONES (%) | K69: JORNAL TOTAL | L69: RENDIMIENTO | N69: Vr. UNITARIO
A70: A0030040 | B70: =VLOOKUP(A70,'MANO DE OBRA'!A8:D68,3,FALSE) -> Obrero (4) | I70: =K70/J70*100 -> 98362.267 | J70: 185 | K70: =VLOOKUP(A70,'MANO DE OBRA'!A8:D99,4,FALSE) -> 181970.19 | M70: 12 | N70: =K70/M70 -> 15164.183
B76: SUBTOTAL $ | N76: =SUM(N70:N75) -> 15164.183
B78: TOTAL COSTO DIRECTO $ | N78: =N43+N54+N65+N76 -> 126998.51
B80: V. COSTOS INDIRECTOS
B82: Descripción | K82: Porcentaje | L82: Valor Total
B83: ADMINISTRACION | K83: 0.2 | L83: =N78*K83 -> 25399.702
B84: IMPREVISTOS | K84: 0.05 | L84: =N78*K84 -> 6349.9256
B85: UTILIDAD | K85: 0.05 | L85: =N78*K85 -> 6349.9256
B86: SUBTOTAL $ | N86: =L83+L84+L85 -> 38099.553
A88: PFinal01 | B88: Precio Unitario Total Aproximado al Peso $ | N88: =N78+N86 -> 165098.06
E93: Firma
E94: Nombre:
E95: Representante Legal del Contratista o su Apoderado
E96: Matricula No. :
B98: OBSERVACIONES INTERVENTORÍA:
B104: APROBACIÓN POR INTERVENTORÍA
B105: Nota 1: Cuando se trate de Análisis de precios unitarios correspondientes a ítems de la propuesta económica aprobada, el Interventor aprueba el desglose de los componentes manteniendo el mismo precio unitario de cada ítem, cumpliendo con las especificaciones de construcción vigentes para el proyecto.
B107: Nota 2: Cuando se trate de Análisis de precios unitarios de ítems no previstos, el Interventor aprueba el desglose y precio unitario de cada ítem no previsto, exigiendo la aplicación de los costos correspondientes a insumos y tarifas de la propuesta económica inicial cuando estén contemplados, cumpliendo con las especificaciones de construcción vigente para el proyecto.
E113: Firma
E114: Nombre:
E115: Representante Legal del Interventor o su Apoderado
E116: Matricula No. :
B118: Original: Archivo de Gestión del Contrato (Subdirección Administrativa).
B119: Copias: Unidad Ejecutora, Contratista, Interventor y Dirección Territorial.

Sheet 203.11
K1: CÓDIGO | L1: MINFRA-MN-IN-10-FR-1
C2: INSTITUTO NACIONAL DE VIAS
C3: PROCESO GESTIÓN DE LA INFRAESTRUCTURA VIAL | K3: VERSIÓN | L3: 1
C4: MANUAL DE INTERVENTORÍA OBRA PÚBLICA
C5: ANÁLISIS DE PRECIOS UNITARIOS | K5: PÁGINA | M5: DE
K8: FECHA
L9: (Día) | M9: (Mes) | N9: (Año)
B10: ITEMS DE LA PROPUESTA ECONÓMICA | F10: □ | I10: ITEMS NO PREVISTOS | K10: □
B11: UNIDAD EJECUTORA: | J11: DIRECCIÓN TERRITORIAL:
B14: CONTRATO No. | D14: DE
B15: OBJETO DEL CONTRATO:
B18: CARRETERA: | J18: SECTOR:
B20: CONTRATISTA:
B22: INTERVENTOR: | K22: CTO No.: | M22: DE
B24: FECHA CIERRE PROCESO DE SELECCIÓN CONTRATO DE OBRA:
F25: (Día) | I25: (Mes) | J25: (Año)
B27: DATOS ESPECÍFICOS
B29: ITEM | C29: DESCRIPCIÓN | K29: GRUPO DE AJUSTE | L29: UNIDAD | N29: CANTIDAD
B30: ITEM | C30: DESCRIPCIÓN | L30: UNIDAD | N30: CANTIDAD
A31: Unidad | B31: 203.11 | C31: TRANSPLANTE DE ARBOLES TIPO IV TRASLADO LARGO | L31: UNIDAD
B33: I. EQUIPO
B35: DESCRIPCIÓN | I35: TIPO | K35: TARIFA/HORA | L35: RENDIMIENTO | N35: Vr. UNITARIO
A36: C0010490 | B36: =VLOOKUP(A36,EQUIPOS!A6:D154,3,FALSE) -> Grúa (capacidad 15 ton) | K36: =VLOOKUP(A36,EQUIPOS!A6:D163,4,FALSE) -> 143609.39 | M36: 1.375 | N36: =K36/M36 -> 104443.19
A37: C0010960 | B37: =VLOOKUP(A37,EQUIPOS!A7:D154,3,FALSE) -> Volqueta 6 m3 | K37: =VLOOKUP(A37,EQUIPOS!A7:D164,4,FALSE) -> 62500 | M37: 1.375 | N37: =K37/M37 -> 45454.545
B42: HERRAMIENTA MENOR (%) | L42: 0.05 | N42: =N76*L42 -> 827.13724
B43: SUBTOTAL $ | N43: =SUM(N36:N42) -> 150724.88
B45: II. MATERIALES
B47: DESCRIPCIÓN | J47: UNIDAD | K47: CANTIDAD | L47: PRECIO UNIT. | N47: Vr. UNITARIO
A48: B0013750 | B48: =VLOOKUP(A48,MATERIALES!A4:D373,3,FALSE) -> Costal de fibra o fique | J48: =VLOOKUP(A48,MATERIALES!A4:D385,2,FALSE) -> u | K48: 10 | M48: =VLOOKUP(A48,MATERIALES!A5:D373,4,FALSE) -> 500 | N48: =K48*M48 -> 5000
A49: B0013580 | B49: =VLOOKUP(A49,MATERIALES!A5:D373,3,FALSE) -> Cicatrizante (para remoción de especies vegetales) | J49: =VLOOKUP(A49,MATERIALES!A5:D386,2,FALSE) -> kg | K49: 1 | M49: =VLOOKUP(A49,MATERIALES!A6:D373,4,FALSE) -> 8636.5252 | N49: =K49*M49 -> 8636.5252
A50: B0014620 | B50: =VLOOKUP(A50,MATERIALES!A6:D373,3,FALSE) -> Nutrientes (para remoción de especies vegetales) (dap, triple 15 o similar) (ítem 201.9) | J50: =VLOOKUP(A50,MATERIALES!A6:D387,2,FALSE) -> kg | K50: 1 | M50: =VLOOKUP(A50,MATERIALES!A6:D373,4,FALSE) -> 1700 | N50: =K50*M50 -> 1700
B54: SUBTOTAL $ | N54: =SUM(N48:N53) -> 15336.525
B56: III. TRANSPORTES
B58: MATERIAL | H58: UNIDAD | I58: CANTIDAD (1) | J58: DISTANCIA (2) | K58: (1) * (2) | L58: TARIFA | N58: Vr. UNITARIO
B65: SUBTOTAL $
B67: IV. MANO DE OBRA
B69: TRABAJADOR | I69: JORNAL | J69: PRESTACIONES (%) | K69: JORNAL TOTAL | L69: RENDIMIENTO | N69: Vr. UNITARIO
A70: A0030040 | B70: =VLOOKUP(A70,'MANO DE OBRA'!A8:D68,3,FALSE) -> Obrero (4) | I70: =K70/J70*100 -> 98362.267 | J70: 185 | K70: =VLOOKUP(A70,'MANO DE OBRA'!A8:D99,4,FALSE) -> 181970.19 | M70: 11 | N70: =K70/M70 -> 16542.745
B76: SUBTOTAL $ | N76: =SUM(N70:N75) -> 16542.745
B78: TOTAL COSTO DIRECTO $ | N78: =N43+N54+N65+N76 -> 182604.15
B80: V. COSTOS INDIRECTOS
B82: Descripción | K82: Porcentaje | L82: Valor Total
B83: ADMINISTRACION | K83: 0.2 | L83: =N78*K83 -> 36520.829
B84: IMPREVISTOS | K84: 0.05 | L84: =N78*K84 -> 9130.2073
B85: UTILIDAD | K85: 0.05 | L85: =N78*K85 -> 9130.2073
B86: SUBTOTAL $ | N86: =L83+L84+L85 -> 54781.244
A88: PFinal01 | B88: Precio Unitario Total Aproximado al Peso $ | N88: =N78+N86 -> 237385.39
E93: Firma
E94: Nombre:
E95: Representante Legal del Contratista o su Apoderado
E96: Matricula No. :
B98: OBSERVACIONES INTERVENTORÍA:
B104: APROBACIÓN POR INTERVENTORÍA
B105: Nota 1: Cuando se trate de Análisis de precios unitarios correspondientes a ítems de la propuesta económica aprobada, el Interventor aprueba el desglose de los componentes manteniendo el mismo precio unitario de cada ítem, cumpliendo con las especificaciones de construcción vigentes para el proyecto.
B107: Nota 2: Cuando se trate de Análisis de precios unitarios de ítems no previstos, el Interventor aprueba el desglose y precio unitario de cada ítem no previsto, exigiendo la aplicación de los costos correspondientes a insumos y tarifas de la propuesta económica inicial cuando estén contemplados, cumpliendo con las especificaciones de construcción vigente para el proyecto.
E113: Firma
E114: Nombre:
E115: Representante Legal del Interventor o su Apoderado
E116: Matricula No. :
B118: Original: Archivo de Gestión del Contrato (Subdirección Administrativa).
B119: Copias: Unidad Ejecutora, Contratista, Interventor y Dirección Territorial.

Sheet 203.12
K1: CÓDIGO | L1: MINFRA-MN-IN-10-FR-1
C2: INSTITUTO NACIONAL DE VIAS
C3: PROCESO GESTIÓN DE LA INFRAESTRUCTURA VIAL | K3: VERSIÓN | L3: 1
C4: MANUAL DE INTERVENTORÍA OBRA PÚBLICA
C5: ANÁLISIS DE PRECIOS UNITARIOS | K5: PÁGINA | M5: DE
K8: FECHA
L9: (Día) | M9: (Mes) | N9: (Año)
B10: ITEMS DE LA PROPUESTA ECONÓMICA | F10: □ | I10: ITEMS NO PREVISTOS | K10: □
B11: UNIDAD EJECUTORA: | J11: DIRECCIÓN TERRITORIAL:
B14: CONTRATO No. | D14: DE
B15: OBJETO DEL CONTRATO:
B18: CARRETERA: | J18: SECTOR:
B20: CONTRATISTA:
B22: INTERVENTOR: | K22: CTO No.: | M22: DE
B24: FECHA CIERRE PROCESO DE SELECCIÓN CONTRATO DE OBRA:
F25: (Día) | I25: (Mes) | J25: (Año)
B27: DATOS ESPECÍFICOS
B29: ITEM | C29: DESCRIPCIÓN | K29: GRUPO DE AJUSTE | L29: UNIDAD | N29: CANTIDAD
B30: ITEM | C30: DESCRIPCIÓN | L30: UNIDAD | N30: CANTIDAD
A31: Unidad | B31: 203.12 | C31: TRANSPLANTE DE ARBOLES TIPO IV TRASLADO ESPECIAL | L31: UNIDAD
B33: I. EQUIPO
B35: DESCRIPCIÓN | I35: TIPO | K35: TARIFA/HORA | L35: RENDIMIENTO | N35: Vr. UNITARIO
A36: C0010490 | B36: =VLOOKUP(A36,EQUIPOS!A6:D154,3,FALSE) -> Grúa (capacidad 15 ton) | K36: =VLOOKUP(A36,EQUIPOS!A6:D163,4,FALSE) -> 143609.39 | M36: 1.3125 | N36: =K36/M36 -> 109416.68
A37: C0010960 | B37: =VLOOKUP(A37,EQUIPOS!A7:D154,3,FALSE) -> Volqueta 6 m3 | K37: =VLOOKUP(A37,EQUIPOS!A7:D164,4,FALSE) -> 62500 | M37: 1.3125 | N37: =K37/M37 -> 47619.048
B42: HERRAMIENTA MENOR (%) | L42: 0.05 | N42: =N76*L42 -> 866.52473
B43: SUBTOTAL $ | N43: =SUM(N36:N42) -> 157902.25
B45: II. MATERIALES
B47: DESCRIPCIÓN | J47: UNIDAD | K47: CANTIDAD | L47: PRECIO UNIT. | N47: Vr. UNITARIO
A48: B0013750 | B48: =VLOOKUP(A48,MATERIALES!A4:D373,3,FALSE) -> Costal de fibra o fique | J48: =VLOOKUP(A48,MATERIALES!A4:D373,2,FALSE) -> u | K48: 10 | M48: =VLOOKUP(A48,MATERIALES!A5:D373,4,FALSE) -> 500 | N48: =K48*M48 -> 5000
A49: B0013580 | B49: =VLOOKUP(A49,MATERIALES!A5:D373,3,FALSE) -> Cicatrizante (para remoción de especies vegetales) | J49: =VLOOKUP(A49,MATERIALES!A5:D373,2,FALSE) -> kg | K49: 1 | M49: =VLOOKUP(A49,MATERIALES!A6:D373,4,FALSE) -> 8636.5252 | N49: =K49*M49 -> 8636.5252
A50: B0014620 | B50: =VLOOKUP(A50,MATERIALES!A6:D373,3,FALSE) -> Nutrientes (para remoción de especies vegetales) (dap, triple 15 o similar) (ítem 201.9) | J50: =VLOOKUP(A50,MATERIALES!A6:D373,2,FALSE) -> kg | K50: 1 | M50: =VLOOKUP(A50,MATERIALES!A6:D373,4,FALSE) -> 1700 | N50: =K50*M50 -> 1700
B54: SUBTOTAL $ | N54: =SUM(N48:N53) -> 15336.525
B56: III. TRANSPORTES
B58: MATERIAL | H58: UNIDAD | I58: CANTIDAD (1) | J58: DISTANCIA (2) | K58: (1) * (2) | L58: TARIFA | N58: Vr. UNITARIO
B65: SUBTOTAL $
B67: IV. MANO DE OBRA
B69: TRABAJADOR | I69: JORNAL | J69: PRESTACIONES (%) | K69: JORNAL TOTAL | L69: RENDIMIENTO | N69: Vr. UNITARIO
A70: A0030040 | B70: =VLOOKUP(A70,'MANO DE OBRA'!A8:D68,3,FALSE) -> Obrero (4) | I70: =K70/J70*100 -> 98362.267 | J70: 185 | K70: =VLOOKUP(A70,'MANO DE OBRA'!A8:D99,4,FALSE) -> 181970.19 | M70: 10.5 | N70: =K70/M70 -> 17330.495
B76: SUBTOTAL $ | N76: =SUM(N70:N75) -> 17330.495
B78: TOTAL COSTO DIRECTO $ | N78: =N43+N54+N65+N76 -> 190569.27
B80: V. COSTOS INDIRECTOS
B82: Descripción | K82: Porcentaje | L82: Valor Total
B83: ADMINISTRACION | K83: 0.2 | L83: =N78*K83 -> 38113.854
B84: IMPREVISTOS | K84: 0.05 | L84: =N78*K84 -> 9528.4636
B85: UTILIDAD | K85: 0.05 | L85: =N78*K85 -> 9528.4636
B86: SUBTOTAL $ | N86: =L83+L84+L85 -> 57170.781
A88: PFinal01 | B88: Precio Unitario Total Aproximado al Peso $ | N88: =N78+N86 -> 247740.05
E93: Firma
E94: Nombre:
E95: Representante Legal del Contratista o su Apoderado
E96: Matricula No. :
B98: OBSERVACIONES INTERVENTORÍA:
B104: APROBACIÓN POR INTERVENTORÍA
B105: Nota 1: Cuando se trate de Análisis de precios unitarios correspondientes a ítems de la propuesta económica aprobada, el Interventor aprueba el desglose de los componentes manteniendo el mismo precio unitario de cada ítem, cumpliendo con las especificaciones de construcción vigentes para el proyecto.
B107: Nota 2: Cuando se trate de Análisis de precios unitarios de ítems no previstos, el Interventor aprueba el desglose y precio unitario de cada ítem no previsto, exigiendo la aplicación de los costos correspondientes a insumos y tarifas de la propuesta económica inicial cuando estén contemplados, cumpliendo con las especificaciones de construcción vigente para el proyecto.
E113: Firma
E114: Nombre:
E115: Representante Legal del Interventor o su Apoderado
E116: Matricula No. :
B118: Original: Archivo de Gestión del Contrato (Subdirección Administrativa).
B119: Copias: Unidad Ejecutora, Contratista, Interventor y Dirección Territorial.

Sheet 210.1.1
K1: CÓDIGO | L1: MINFRA-MN-IN-10-FR-1
C2: INSTITUTO NACIONAL DE VIAS
C3: PROCESO GESTIÓN DE LA INFRAESTRUCTURA VIAL | K3: VERSIÓN | L3: 1
C4: MANUAL DE INTERVENTORÍA OBRA PÚBLICA
C5: ANÁLISIS DE PRECIOS UNITARIOS | K5: PÁGINA | M5: DE
K8: FECHA
L9: (Día) | M9: (Mes) | N9: (Año)
B10: ITEMS DE LA PROPUESTA ECONÓMICA | F10: □ | I10: ITEMS NO PREVISTOS | K10: □
B11: UNIDAD EJECUTORA: | J11: DIRECCIÓN TERRITORIAL:
B14: CONTRATO No. | D14: DE
B15: OBJETO DEL CONTRATO:
B18: CARRETERA: | J18: SECTOR:
B20: CONTRATISTA:
B22: INTERVENTOR: | K22: CTO No.: | M22: DE
B24: FECHA CIERRE PROCESO DE SELECCIÓN CONTRATO DE OBRA:
F25: (Día) | I25: (Mes) | J25: (Año)
B27: DATOS ESPECÍFICOS
B29: ITEM | C29: DESCRIPCIÓN | K29: GRUPO DE AJUSTE | L29: UNIDAD | N29: CANTIDAD
B30: ITEM | C30: DESCRIPCIÓN | L30: UNIDAD | N30: CANTIDAD
A31: Unidad | B31: 210.1.1 | C31: EXCAVACIÓN SIN CLASIFICAR DE LA EXPLANACIÓN Y CANALES | L31: m3
B33: I. EQUIPO
B35: DESCRIPCIÓN | I35: TIPO | K35: TARIFA/HORA | L35: RENDIMIENTO | N35: Vr. UNITARIO
A36: C0010790 | B36: =VLOOKUP(A36,EQUIPOS!A6:D154,3,FALSE) -> Retroexcavadora sobre oruga, potencia 138 HP, balde de 1,5 m3. | K36: =VLOOKUP(A36,EQUIPOS!A6:D163,4,FALSE) -> 148800 | M36: 66 | N36: =K36/M36 -> 2254.5455
A37: C0010052 | B37: =VLOOKUP(A37,EQUIPOS!A7:D154,3,FALSE) -> Buldozer, Potencia al volante de 140 HP, motor de 2200 RPM, longitud de hoja 4,80m. | K37: =VLOOKUP(A37,EQUIPOS!A7:D164,4,FALSE) -> 196350 | M37: 100 | N37: =K37/M37 -> 1963.5
B42: HERRAMIENTA MENOR (%) | L42: 0.01 | N42: =N76*L42 -> 0.86160129
B43: SUBTOTAL $ | N43: =SUM(N36:N42) -> 4218.9071
B45: II. MATERIALES
B47: DESCRIPCIÓN | J47: UNIDAD | K47: CANTIDAD | L47: PRECIO UNIT. | N47: Vr. UNITARIO
A48: B0013790 | B48: =VLOOKUP(A48,MATERIALES!A4:D373,3,FALSE) -> Derechos de explotación y/o disposición de materiales | J48: =VLOOKUP(A48,MATERIALES!A4:D373,2,FALSE) -> m3 | K48: 1 | M48: =VLOOKUP(A48,MATERIALES!A5:D373,4,FALSE) -> 2784.8823 | N48: =K48*M48 -> 2784.8823
B54: SUBTOTAL $ | N54: =SUM(N48:N53) -> 2784.8823
B56: III. TRANSPORTES
B58: MATERIAL | H58: UNIDAD | I58: CANTIDAD (1) | J58: DISTANCIA (2) | K58: (1) * (2) | L58: TARIFA | N58: Vr. UNITARIO
B65: SUBTOTAL $
B67: IV. MANO DE OBRA
B69: TRABAJADOR | I69: JORNAL | J69: PRESTACIONES (%) | K69: JORNAL TOTAL | L69: RENDIMIENTO | N69: Vr. UNITARIO
A70: A0030010 | B70: =VLOOKUP(A70,'MANO DE OBRA'!A8:D68,3,FALSE) -> Obrero | I70: =K70/J70*100 -> 24590.567 | J70: 185 | K70: =VLOOKUP(A70,'MANO DE OBRA'!A8:D99,4,FALSE) -> 45492.548 | M70: 528 | N70: =K70/M70 -> 86.160129
B76: SUBTOTAL $ | N76: =SUM(N70:N75) -> 86.160129
B78: TOTAL COSTO DIRECTO $ | N78: =N43+N54+N65+N76 -> 7089.9495
B80: V. COSTOS INDIRECTOS
B82: Descripción | K82: Porcentaje | L82: Valor Total
B83: ADMINISTRACION | K83: 0.2 | L83: =N78*K83 -> 1417.9899
B84: IMPREVISTOS | K84: 0.05 | L84: =N78*K84 -> 354.49747
B85: UTILIDAD | K85: 0.05 | L85: =N78*K85 -> 354.49747
B86: SUBTOTAL $ | N86: =L83+L84+L85 -> 2126.9848
A88: PFinal01 | B88: Precio Unitario Total Aproximado al Peso $ | N88: =N78+N86 -> 9216.9343
E93: Firma
E94: Nombre:
E95: Representante Legal del Contratista o su Apoderado
E96: Matricula No. :
B98: OBSERVACIONES INTERVENTORÍA:
B104: APROBACIÓN POR INTERVENTORÍA
B105: Nota 1: Cuando se trate de Análisis de precios unitarios correspondientes a ítems de la propuesta económica aprobada, el Interventor aprueba el desglose de los componentes manteniendo el mismo precio unitario de cada ítem, cumpliendo con las especificaciones de construcción vigentes para el proyecto.
B107: Nota 2: Cuando se trate de Análisis de precios unitarios de ítems no previstos, el Interventor aprueba el desglose y precio unitario de cada ítem no previsto, exigiendo la aplicación de los costos correspondientes a insumos y tarifas de la propuesta económica inicial cuando estén contemplados, cumpliendo con las especificaciones de construcción vigente para el proyecto.
E113: Firma
E114: Nombre:
E115: Representante Legal del Interventor o su Apoderado
E116: Matricula No. :
B118: Original: Archivo de Gestión del Contrato (Subdirección Administrativa).
B119: Copias: Unidad Ejecutora, Contratista, Interventor y Dirección Territorial.

Sheet 210.1.2
K1: CÓDIGO | L1: MINFRA-MN-IN-10-FR-1
C2: INSTITUTO NACIONAL DE VIAS
C3: PROCESO GESTIÓN DE LA INFRAESTRUCTURA VIAL | K3: VERSIÓN | L3: 1
C4: MANUAL DE INTERVENTORÍA OBRA PÚBLICA
C5: ANÁLISIS DE PRECIOS UNITARIOS | K5: PÁGINA | M5: DE
K8: FECHA
L9: (Día) | M9: (Mes) | N9: (Año)
B10: ITEMS DE LA PROPUESTA ECONÓMICA | F10: □ | I10: ITEMS NO PREVISTOS | K10: □
B11: UNIDAD EJECUTORA: | J11: DIRECCIÓN TERRITORIAL:
B14: CONTRATO No. | D14: DE
B15: OBJETO DEL CONTRATO:
B18: CARRETERA: | J18: SECTOR:
B20: CONTRATISTA:
B22: INTERVENTOR: | K22: CTO No.: | M22: DE
B24: FECHA CIERRE PROCESO DE SELECCIÓN CONTRATO DE OBRA:
F25: (Día) | I25: (Mes) | J25: (Año)
B27: DATOS ESPECÍFICOS
B29: ITEM | C29: DESCRIPCIÓN | K29: GRUPO DE AJUSTE | L29: UNIDAD | N29: CANTIDAD
B30: ITEM | C30: DESCRIPCIÓN | L30: UNIDAD | N30: CANTIDAD
A31: Unidad | B31: 210.1.2 | C31: EXCAVACIÓN SIN CLASIFICAR DE PRÉSTAMOS | L31: m3
B33: I. EQUIPO
B35: DESCRIPCIÓN | I35: TIPO | K35: TARIFA/HORA | L35: RENDIMIENTO | N35: Vr. UNITARIO
A36: C0010790 | B36: =VLOOKUP(A36,EQUIPOS!A6:D154,3,FALSE) -> Retroexcavadora sobre oruga, potencia 138 HP, balde de 1,5 m3. | K36: =VLOOKUP(A36,EQUIPOS!A6:D163,4,FALSE) -> 148800 | M36: 66 | N36: =K36/M36 -> 2254.5455
B42: HERRAMIENTA MENOR (%) | L42: 0.01 | N42: =N76*L42 -> 0.86160129
B43: SUBTOTAL $ | N43: =SUM(N36:N42) -> 2255.4071
B45: II. MATERIALES
B47: DESCRIPCIÓN | J47: UNIDAD | K47: CANTIDAD | L47: PRECIO UNIT. | N47: Vr. UNITARIO
B54: SUBTOTAL $
B56: III. TRANSPORTES
B58: MATERIAL | H58: UNIDAD | I58: CANTIDAD (1) | J58: DISTANCIA (2) | K58: (1) * (2) | L58: TARIFA | N58: Vr. UNITARIO
B65: SUBTOTAL $
B67: IV. MANO DE OBRA
B69: TRABAJADOR | I69: JORNAL | J69: PRESTACIONES (%) | K69: JORNAL TOTAL | L69: RENDIMIENTO | N69: Vr. UNITARIO
A70: A0030010 | B70: =VLOOKUP(A70,'MANO DE OBRA'!A8:D68,3,FALSE) -> Obrero | I70: =K70/J70*100 -> 24590.567 | J70: 185 | K70: =VLOOKUP(A70,'MANO DE OBRA'!A8:D99,4,FALSE) -> 45492.548 | M70: 528 | N70: =K70/M70 -> 86.160129
B76: SUBTOTAL $ | N76: =SUM(N70:N75) -> 86.160129
B78: TOTAL COSTO DIRECTO $ | N78: =N43+N54+N65+N76 -> 2341.5672
B80: V. COSTOS INDIRECTOS
B82: Descripción | K82: Porcentaje | L82: Valor Total
B83: ADMINISTRACION | K83: 0.2 | L83: =N78*K83 -> 468.31344
B84: IMPREVISTOS | K84: 0.05 | L84: =N78*K84 -> 117.07836
B85: UTILIDAD | K85: 0.05 | L85: =N78*K85 -> 117.07836
B86: SUBTOTAL $ | N86: =L83+L84+L85 -> 702.47016
A88: PFinal01 | B88: Precio Unitario Total Aproximado al Peso $ | N88: =N78+N86 -> 3044.0373
E93: Firma
E94: Nombre:
E95: Representante Legal del Contratista o su Apoderado
E96: Matricula No. :
B98: OBSERVACIONES INTERVENTORÍA:
B104: APROBACIÓN POR INTERVENTORÍA
B105: Nota 1: Cuando se trate de Análisis de precios unitarios correspondientes a ítems de la propuesta económica aprobada, el Interventor aprueba el desglose de los componentes manteniendo el mismo precio unitario de cada ítem, cumpliendo con las especificaciones de construcción vigentes para el proyecto.
B107: Nota 2: Cuando se trate de Análisis de precios unitarios de ítems no previstos, el Interventor aprueba el desglose y precio unitario de cada ítem no previsto, exigiendo la aplicación de los costos correspondientes a insumos y tarifas de la propuesta económica inicial cuando estén contemplados, cumpliendo con las especificaciones de construcción vigente para el proyecto.
E113: Firma
E114: Nombre:
E115: Representante Legal del Interventor o su Apoderado
E116: Matricula No. :
B118: Original: Archivo de Gestión del Contrato (Subdirección Administrativa).
B119: Copias: Unidad Ejecutora, Contratista, Interventor y Dirección Territorial.

Sheet 210.2.1
K1: CÓDIGO | L1: MINFRA-MN-IN-10-FR-1
C2: INSTITUTO NACIONAL DE VIAS
C3: PROCESO GESTIÓN DE LA INFRAESTRUCTURA VIAL | K3: VERSIÓN | L3: 1
C4: MANUAL DE INTERVENTORÍA OBRA PÚBLICA
C5: ANÁLISIS DE PRECIOS UNITARIOS | K5: PÁGINA | M5: DE
K8: FECHA
L9: (Día) | M9: (Mes) | N9: (Año)
B10: ITEMS DE LA PROPUESTA ECONÓMICA | F10: □ | I10: ITEMS NO PREVISTOS | K10: □
B11: UNIDAD EJECUTORA: | J11: DIRECCIÓN TERRITORIAL:
B14: CONTRATO No. | D14: DE
B15: OBJETO DEL CONTRATO:
B18: CARRETERA: | J18: SECTOR:
B20: CONTRATISTA:
B22: INTERVENTOR: | K22: CTO No.: | M22: DE
B24: FECHA CIERRE PROCESO DE SELECCIÓN CONTRATO DE OBRA:
F25: (Día) | I25: (Mes) | J25: (Año)
B27: DATOS ESPECÍFICOS
B29: ITEM | C29: DESCRIPCIÓN | K29: GRUPO DE AJUSTE | L29: UNIDAD | N29: CANTIDAD
B30: ITEM | C30: DESCRIPCIÓN | L30: UNIDAD | N30: CANTIDAD
A31: Unidad | B31: 210.2.1 | C31: EXCAVACIÓN EN ROCA DE LA EXPLANACIÓN Y CANALES | L31: m3
B33: I. EQUIPO
B35: DESCRIPCIÓN | I35: TIPO | K35: TARIFA/HORA | L35: RENDIMIENTO | N35: Vr. UNITARIO
A36: C0010270 | B36: =VLOOKUP(A36,EQUIPOS!A6:D154,3,FALSE) -> Compresor 120 HP, con martillo. | K36: =VLOOKUP(A36,EQUIPOS!A6:D163,4,FALSE) -> 75000 | M36: 66 | N36: =K36/M36 -> 1136.3636
A37: C0010052 | B37: =VLOOKUP(A37,EQUIPOS!A7:D154,3,FALSE) -> Buldozer, Potencia al volante de 140 HP, motor de 2200 RPM, longitud de hoja 4,80m. | K37: =VLOOKUP(A37,EQUIPOS!A7:D164,4,FALSE) -> 196350 | M37: 100 | N37: =K37/M37 -> 1963.5
A38: C0010790 | B38: =VLOOKUP(A38,EQUIPOS!A8:D154,3,FALSE) -> Retroexcavadora sobre oruga, potencia 138 HP, balde de 1,5 m3. | K38: =VLOOKUP(A38,EQUIPOS!A8:D165,4,FALSE) -> 148800 | M38: 66 | N38: =K38/M38 -> 2254.5455
B42: HERRAMIENTA MENOR (%) | L42: 0.02 | N42: =N78*L42 -> 5.1696078
B43: SUBTOTAL $ | N43: =SUM(N36:N42) -> 5359.5787
B45: II. MATERIALES
B47: DESCRIPCIÓN | J47: UNIDAD | K47: CANTIDAD | L47: PRECIO UNIT. | N47: Vr. UNITARIO
A48: B0013270 | B48: =VLOOKUP(A48,MATERIALES!A4:D373,3,FALSE) -> Anfo | J48: =VLOOKUP(A48,MATERIALES!A4:D385,2,FALSE) -> kg | K48: 0.2 | M48: =VLOOKUP(A48,MATERIALES!A5:D373,4,FALSE) -> 4857.0484 | N48: =K48*M48 -> 971.40968
A49: B0013730 | B49: =VLOOKUP(A49,MATERIALES!A5:D373,3,FALSE) -> Cordón detonante | J49: =VLOOKUP(A49,MATERIALES!A5:D386,2,FALSE) -> m | K49: 3 | M49: =VLOOKUP(A49,MATERIALES!A6:D373,4,FALSE) -> 1267.8696 | N49: =K49*M49 -> 3803.6089
A50: B0013980 | B50: =VLOOKUP(A50,MATERIALES!A6:D373,3,FALSE) -> Explosivos 75% (INDUGEL) | J50: =VLOOKUP(A50,MATERIALES!A6:D387,2,FALSE) -> lb | K50: 0.3 | M50: =VLOOKUP(A50,MATERIALES!A6:D373,4,FALSE) -> 6350.6624 | N50: =K50*M50 -> 1905.1987
A51: B0014040 | B51: =VLOOKUP(A51,MATERIALES!A6:D373,3,FALSE) -> Fulminantes | J51: =VLOOKUP(A51,MATERIALES!A6:D388,2,FALSE) -> u | K51: 0.2 | M51: =VLOOKUP(A51,MATERIALES!A6:D373,4,FALSE) -> 694.1275 | N51: =K51*M51 -> 138.8255
A52: B0014420 | B52: =VLOOKUP(A52,MATERIALES!A6:D373,3,FALSE) -> Mecha Lenta | J52: =VLOOKUP(A52,MATERIALES!A6:D389,2,FALSE) -> m | K52: 0.5 | M52: =VLOOKUP(A52,MATERIALES!A7:D373,4,FALSE) -> 646.7999 | N52: =K52*M52 -> 323.39995
A53: B015002 | B53: =VLOOKUP(A53,MATERIALES!A7:D373,3,FALSE) -> Escolta y trasporte (Tarifa Porcentual de 40 %) por cada Metro Cubico exportado y trasportado | J53: =VLOOKUP(A53,MATERIALES!A7:D390,2,FALSE) -> % | K53: 7995.15 | M53: =VLOOKUP(A53,MATERIALES!A8:D373,4,FALSE) -> 0.019485786 | N53: =K53*M53 -> 155.79179
A54: B0013790 | B54: =VLOOKUP(A54,MATERIALES!A8:D373,3,FALSE) -> Derechos de explotación y/o disposición de materiales | J54: =VLOOKUP(A54,MATERIALES!A8:D391,2,FALSE) -> m3 | K54: 1 | M54: =VLOOKUP(A54,MATERIALES!A9:D374,4,FALSE) -> 2784.8823 | N54: =K54*M54 -> 2784.8823
B56: SUBTOTAL $ | N56: =SUM(N48:N55) -> 10083.117
B58: III. TRANSPORTES
B60: MATERIAL | H60: UNIDAD | I60: CANTIDAD (1) | J60: DISTANCIA (2) | K60: (1) * (2) | L60: TARIFA | N60: Vr. UNITARIO
B67: SUBTOTAL $
B69: IV. MANO DE OBRA
B71: TRABAJADOR | I71: JORNAL | J71: PRESTACIONES (%) | K71: JORNAL TOTAL | L71: RENDIMIENTO | N71: Vr. UNITARIO
A72: A0030010 | B72: =VLOOKUP(A72,'MANO DE OBRA'!A8:D68,3,FALSE) -> Obrero | I72: =K72/J72*100 -> 24590.567 | J72: 185 | K72: =VLOOKUP(A72,'MANO DE OBRA'!A8:D99,4,FALSE) -> 45492.548 | M72: 528 | N72: =K72/M72 -> 86.160129
A73: A0040010 | B73: =VLOOKUP(A73,'MANO DE OBRA'!A8:D69,3,FALSE) -> Oficial | I73: =K73/J73*100 -> 49181.133 | J73: 185 | K73: =VLOOKUP(A73,'MANO DE OBRA'!A8:D100,4,FALSE) -> 90985.097 | M73: 528 | N73: =K73/M73 -> 172.32026
B78: SUBTOTAL $ | N78: =SUM(N72:N77) -> 258.48039
B80: TOTAL COSTO DIRECTO $ | N80: =N43+N56+N67+N78 -> 15701.176
B82: V. COSTOS INDIRECTOS
B84: Descripción | K84: Porcentaje | L84: Valor Total
B85: ADMINISTRACION | K85: 0.2 | L85: =N80*K85 -> 3140.2352
B86: IMPREVISTOS | K86: 0.05 | L86: =N80*K86 -> 785.0588
B87: UTILIDAD | K87: 0.05 | L87: =N80*K87 -> 785.0588
B88: SUBTOTAL $ | N88: =L85+L86+L87 -> 4710.3528
A90: PFinal01 | B90: Precio Unitario Total Aproximado al Peso $ | N90: =N80+N88 -> 20411.529
E95: Firma
E96: Nombre:
E97: Representante Legal del Contratista o su Apoderado
E98: Matricula No. :
B100: OBSERVACIONES INTERVENTORÍA:
B106: APROBACIÓN POR INTERVENTORÍA
B107: Nota 1: Cuando se trate de Análisis de precios unitarios correspondientes a ítems de la propuesta económica aprobada, el Interventor aprueba el desglose de los componentes manteniendo el mismo precio unitario de cada ítem, cumpliendo con las especificaciones de construcción vigentes para el proyecto.
B109: Nota 2: Cuando se trate de Análisis de precios unitarios de ítems no previstos, el Interventor aprueba el desglose y precio unitario de cada ítem no previsto, exigiendo la aplicación de los costos correspondientes a insumos y tarifas de la propuesta económica inicial cuando estén contemplados, cumpliendo con las especificaciones de construcción vigente para el proyecto.
E115: Firma
E116: Nombre:
E117: Representante Legal del Interventor o su Apoderado
E118: Matricula No. :
B120: Original: Archivo de Gestión del Contrato (Subdirección Administrativa).
B121: Copias: Unidad Ejecutora, Contratista, Interventor y Dirección Territorial.

Sheet 210.2.2
K1: CÓDIGO | L1: MINFRA-MN-IN-10-FR-1
C2: INSTITUTO NACIONAL DE VIAS
C3: PROCESO GESTIÓN DE LA INFRAESTRUCTURA VIAL | K3: VERSIÓN | L3: 1
C4: MANUAL DE INTERVENTORÍA OBRA PÚBLICA
C5: ANÁLISIS DE PRECIOS UNITARIOS | K5: PÁGINA | M5: DE
K8: FECHA
L9: (Día) | M9: (Mes) | N9: (Año)
B10: ITEMS DE LA PROPUESTA ECONÓMICA | F10: □ | I10: ITEMS NO PREVISTOS | K10: □
B11: UNIDAD EJECUTORA: | J11: DIRECCIÓN TERRITORIAL:
B14: CONTRATO No. | D14: DE
B15: OBJETO DEL CONTRATO:
B18: CARRETERA: | J18: SECTOR:
B20: CONTRATISTA:
B22: INTERVENTOR: | K22: CTO No.: | M22: DE
B24: FECHA CIERRE PROCESO DE SELECCIÓN CONTRATO DE OBRA:
F25: (Día) | I25: (Mes) | J25: (Año)
B27: DATOS ESPECÍFICOS
B29: ITEM | C29: DESCRIPCIÓN | K29: GRUPO DE AJUSTE | L29: UNIDAD | N29: CANTIDAD
B30: ITEM | C30: DESCRIPCIÓN | L30: UNIDAD | N30: CANTIDAD
A31: Unidad | B31: 210.2.2 | C31: EXCAVACIÓN EN MATERIAL COMÚN DE LA EXPLANACIÓN Y CANALES | L31: m3
B33: I. EQUIPO
B35: DESCRIPCIÓN | I35: TIPO | K35: TARIFA/HORA | L35: RENDIMIENTO | N35: Vr. UNITARIO
A36: C0010790 | B36: =VLOOKUP(A36,EQUIPOS!A6:D154,3,FALSE) -> Retroexcavadora sobre oruga, potencia 138 HP, balde de 1,5 m3. | K36: =VLOOKUP(A36,EQUIPOS!A6:D163,4,FALSE) -> 148800 | M36: 66 | N36: =K36/M36 -> 2254.5455
A37: C0010052 | B37: =VLOOKUP(A37,EQUIPOS!A7:D154,3,FALSE) -> Buldozer, Potencia al volante de 140 HP, motor de 2200 RPM, longitud de hoja 4,80m. | K37: =VLOOKUP(A37,EQUIPOS!A7:D164,4,FALSE) -> 196350 | M37: 100 | N37: =K37/M37 -> 1963.5
B42: HERRAMIENTA MENOR (%) | L42: 0.01 | N42: =N76*L42 -> 0.86160129
B43: SUBTOTAL $ | N43: =SUM(N36:N42) -> 4218.9071
B45: II. MATERIALES
B47: DESCRIPCIÓN | J47: UNIDAD | K47: CANTIDAD | L47: PRECIO UNIT. | N47: Vr. UNITARIO
A48: B0013790 | B48: =VLOOKUP(A48,MATERIALES!A4:D373,3,FALSE) -> Derechos de explotación y/o disposición de materiales | J48: =VLOOKUP(A48,MATERIALES!A4:D373,2,FALSE) -> m3 | K48: 1 | M48: =VLOOKUP(A48,MATERIALES!A4:D395,4,FALSE) -> 2784.8823 | N48: =K48*M48 -> 2784.8823
B54: SUBTOTAL $ | N54: =SUM(N48:N53) -> 2784.8823
B56: III. TRANSPORTES
B58: MATERIAL | H58: UNIDAD | I58: CANTIDAD (1) | J58: DISTANCIA (2) | K58: (1) * (2) | L58: TARIFA | N58: Vr. UNITARIO
B65: SUBTOTAL $
B67: IV. MANO DE OBRA
B69: TRABAJADOR | I69: JORNAL | J69: PRESTACIONES (%) | K69: JORNAL TOTAL | L69: RENDIMIENTO | N69: Vr. UNITARIO
A70: A0030010 | B70: =VLOOKUP(A70,'MANO DE OBRA'!A8:D68,3,FALSE) -> Obrero | I70: =K70/J70*100 -> 24590.567 | J70: 185 | K70: =VLOOKUP(A70,'MANO DE OBRA'!A8:D99,4,FALSE) -> 45492.548 | M70: 528 | N70: =K70/M70 -> 86.160129
B76: SUBTOTAL $ | N76: =SUM(N70:N75) -> 86.160129
B78: TOTAL COSTO DIRECTO $ | N78: =N43+N54+N65+N76 -> 7089.9495
B80: V. COSTOS INDIRECTOS
B82: Descripción | K82: Porcentaje | L82: Valor Total
B83: ADMINISTRACION | K83: 0.2 | L83: =N78*K83 -> 1417.9899
B84: IMPREVISTOS | K84: 0.05 | L84: =N78*K84 -> 354.49747
B85: UTILIDAD | K85: 0.05 | L85: =N78*K85 -> 354.49747
B86: SUBTOTAL $ | N86: =L83+L84+L85 -> 2126.9848
A88: PFinal01 | B88: Precio Unitario Total Aproximado al Peso $ | N88: =N78+N86 -> 9216.9343
E93: Firma
E94: Nombre:
E95: Representante Legal del Contratista o su Apoderado
E96: Matricula No. :
B98: OBSERVACIONES INTERVENTORÍA:
B104: APROBACIÓN POR INTERVENTORÍA
B105: Nota 1: Cuando se trate de Análisis de precios unitarios correspondientes a ítems de la propuesta económica aprobada, el Interventor aprueba el desglose de los componentes manteniendo el mismo precio unitario de cada ítem, cumpliendo con las especificaciones de construcción vigentes para el proyecto.
B107: Nota 2: Cuando se trate de Análisis de precios unitarios de ítems no previstos, el Interventor aprueba el desglose y precio unitario de cada ítem no previsto, exigiendo la aplicación de los costos correspondientes a insumos y tarifas de la propuesta económica inicial cuando estén contemplados, cumpliendo con las especificaciones de construcción vigente para el proyecto.
E113: Firma
E114: Nombre:
E115: Representante Legal del Interventor o su Apoderado
E116: Matricula No. :
B118: Original: Archivo de Gestión del Contrato (Subdirección Administrativa).
B119: Copias: Unidad Ejecutora, Contratista, Interventor y Dirección Territorial.

Sheet 210.2.3
K1: CÓDIGO | L1: MINFRA-MN-IN-10-FR-1
C2: INSTITUTO NACIONAL DE VIAS
C3: PROCESO GESTIÓN DE LA INFRAESTRUCTURA VIAL | K3: VERSIÓN | L3: 1
C4: MANUAL DE INTERVENTORÍA OBRA PÚBLICA
C5: ANÁLISIS DE PRECIOS UNITARIOS | K5: PÁGINA | M5: DE
K8: FECHA
L9: (Día) | M9: (Mes) | N9: (Año)
B10: ITEMS DE LA PROPUESTA ECONÓMICA | F10: □ | I10: ITEMS NO PREVISTOS | K10: □
B11: UNIDAD EJECUTORA: | J11: DIRECCIÓN TERRITORIAL:
B14: CONTRATO No. | D14: DE
B15: OBJETO DEL CONTRATO:
B18: CARRETERA: | J18: SECTOR:
B20: CONTRATISTA:
B22: INTERVENTOR: | K22: CTO No.: | M22: DE
B24: FECHA CIERRE PROCESO DE SELECCIÓN CONTRATO DE OBRA:
F25: (Día) | I25: (Mes) | J25: (Año)
B27: DATOS ESPECÍFICOS
B29: ITEM | C29: DESCRIPCIÓN | K29: GRUPO DE AJUSTE | L29: UNIDAD | N29: CANTIDAD
B30: ITEM | C30: DESCRIPCIÓN | L30: UNIDAD | N30: CANTIDAD
A31: Unidad | B31: 210.2.3 | C31: EXCAVACIÓN EN ROCA DE PRÉSTAMOS | L31: m3
B33: I. EQUIPO
B35: DESCRIPCIÓN | I35: TIPO | K35: TARIFA/HORA | L35: RENDIMIENTO | N35: Vr. UNITARIO
A36: C0010790 | B36: =VLOOKUP(A36,EQUIPOS!A6:D154,3,FALSE) -> Retroexcavadora sobre oruga, potencia 138 HP, balde de 1,5 m3. | K36: =VLOOKUP(A36,EQUIPOS!A6:D163,4,FALSE) -> 148800 | M36: 66 | N36: =K36/M36 -> 2254.5455
A37: C0010270 | B37: =VLOOKUP(A37,EQUIPOS!A7:D154,3,FALSE) -> Compresor 120 HP, con martillo. | K37: =VLOOKUP(A37,EQUIPOS!A7:D164,4,FALSE) -> 75000 | M37: 66 | N37: =K37/M37 -> 1136.3636
B42: HERRAMIENTA MENOR (%) | L42: 0.02 | N42: =N79*L42 -> 5.1696078
B43: SUBTOTAL $ | N43: =SUM(N36:N42) -> 3396.0787
B45: II. MATERIALES
B47: DESCRIPCIÓN | J47: UNIDAD | K47: CANTIDAD | L47: PRECIO UNIT. | N47: Vr. UNITARIO
A48: B0013270 | B48: =VLOOKUP(A48,MATERIALES!A4:D373,3,FALSE) -> Anfo | J48: =VLOOKUP(A48,MATERIALES!A4:D373,2,FALSE) -> kg | K48: 0.2 | M48: =VLOOKUP(A48,MATERIALES!A4:D395,4,FALSE) -> 4857.0484 | N48: =K48*M48 -> 971.40968
A49: B0013730 | B49: =VLOOKUP(A49,MATERIALES!A5:D373,3,FALSE) -> Cordón detonante | J49: =VLOOKUP(A49,MATERIALES!A5:D373,2,FALSE) -> m | K49: 3 | M49: =VLOOKUP(A49,MATERIALES!A5:D396,4,FALSE) -> 1267.8696 | N49: =K49*M49 -> 3803.6089
A50: B0013980 | B50: =VLOOKUP(A50,MATERIALES!A6:D373,3,FALSE) -> Explosivos 75% (INDUGEL) | J50: =VLOOKUP(A50,MATERIALES!A6:D373,2,FALSE) -> lb | K50: 0.3 | M50: =VLOOKUP(A50,MATERIALES!A6:D397,4,FALSE) -> 6350.6624 | N50: =K50*M50 -> 1905.1987
A51: B0014040 | B51: =VLOOKUP(A51,MATERIALES!A6:D373,3,FALSE) -> Fulminantes | J51: =VLOOKUP(A51,MATERIALES!A6:D373,2,FALSE) -> u | K51: 0.2 | M51: =VLOOKUP(A51,MATERIALES!A6:D398,4,FALSE) -> 694.1275 | N51: =K51*M51 -> 138.8255
A52: B0014420 | B52: =VLOOKUP(A52,MATERIALES!A6:D374,3,FALSE) -> Mecha Lenta | J52: =VLOOKUP(A52,MATERIALES!A6:D374,2,FALSE) -> m | K52: 0.5 | M52: =VLOOKUP(A52,MATERIALES!A6:D399,4,FALSE) -> 646.7999 | N52: =K52*M52 -> 323.39995
A53: B015002 | B53: =VLOOKUP(A53,MATERIALES!A7:D375,3,FALSE) -> Escolta y trasporte (Tarifa Porcentual de 40 %) por cada Metro Cubico exportado y trasportado | J53: =VLOOKUP(A53,MATERIALES!A7:D375,2,FALSE) -> % | K53: 7995.15 | M53: =VLOOKUP(A53,MATERIALES!A7:D400,4,FALSE) -> 0.019485786 | N53: =K53*M53 -> 155.79179
B55: SUBTOTAL $ | N55: =SUM(N48:N54) -> 7298.2346
B57: III. TRANSPORTES
B59: MATERIAL | H59: UNIDAD | I59: CANTIDAD (1) | J59: DISTANCIA (2) | K59: (1) * (2) | L59: TARIFA | N59: Vr. UNITARIO
B68: SUBTOTAL $
B70: IV. MANO DE OBRA
B72: TRABAJADOR | I72: JORNAL | J72: PRESTACIONES (%) | K72: JORNAL TOTAL | L72: RENDIMIENTO | N72: Vr. UNITARIO
A73: A0030010 | B73: =VLOOKUP(A73,'MANO DE OBRA'!A8:D68,3,FALSE) -> Obrero | I73: =K73/J73*100 -> 24590.567 | J73: 185 | K73: =VLOOKUP(A73,'MANO DE OBRA'!A8:D99,4,FALSE) -> 45492.548 | M73: 528 | N73: =K73/M73 -> 86.160129
A74: A0040010 | B74: =VLOOKUP(A74,'MANO DE OBRA'!A8:D69,3,FALSE) -> Oficial | I74: =K74/J74*100 -> 49181.133 | J74: 185 | K74: =VLOOKUP(A74,'MANO DE OBRA'!A8:D100,4,FALSE) -> 90985.097 | M74: 528 | N74: =K74/M74 -> 172.32026
B79: SUBTOTAL $ | N79: =SUM(N73:N78) -> 258.48039
B81: TOTAL COSTO DIRECTO $ | N81: =N43+N55+N68+N79 -> 10952.794
B83: V. COSTOS INDIRECTOS
B85: Descripción | K85: Porcentaje | L85: Valor Total
B86: ADMINISTRACION | K86: 0.2 | L86: =N81*K86 -> 2190.5587
B87: IMPREVISTOS | K87: 0.05 | L87: =N81*K87 -> 547.63968
B88: UTILIDAD | K88: 0.05 | L88: =N81*K88 -> 547.63968
B89: SUBTOTAL $ | N89: =L86+L87+L88 -> 3285.8381
A91: PFinal01 | B91: Precio Unitario Total Aproximado al Peso $ | N91: =N81+N89 -> 14238.632
E96: Firma
E97: Nombre:
E98: Representante Legal del Contratista o su Apoderado
E99: Matricula No. :
B101: OBSERVACIONES INTERVENTORÍA:
B107: APROBACIÓN POR INTERVENTORÍA
B108: Nota 1: Cuando se trate de Análisis de precios unitarios correspondientes a ítems de la propuesta económica aprobada, el Interventor aprueba el desglose de los componentes manteniendo el mismo precio unitario de cada ítem, cumpliendo con las especificaciones de construcción vigentes para el proyecto.
B110: Nota 2: Cuando se trate de Análisis de precios unitarios de ítems no previstos, el Interventor aprueba el desglose y precio unitario de cada ítem no previsto, exigiendo la aplicación de los costos correspondientes a insumos y tarifas de la propuesta económica inicial cuando estén contemplados, cumpliendo con las especificaciones de construcción vigente para el proyecto.
E116: Firma
E117: Nombre:
E118: Representante Legal del Interventor o su Apoderado
E119: Matricula No. :
B121: Original: Archivo de Gestión del Contrato (Subdirección Administrativa).
B122: Copias: Unidad Ejecutora, Contratista, Interventor y Dirección Territorial.

Sheet 210.2.4
K1: CÓDIGO | L1: MINFRA-MN-IN-10-FR-1
C2: INSTITUTO NACIONAL DE VIAS
C3: PROCESO GESTIÓN DE LA INFRAESTRUCTURA VIAL | K3: VERSIÓN | L3: 1
C4: MANUAL DE INTERVENTORÍA OBRA PÚBLICA
C5: ANÁLISIS DE PRECIOS UNITARIOS | K5: PÁGINA | M5: DE
K8: FECHA
L9: (Día) | M9: (Mes) | N9: (Año)
B10: ITEMS DE LA PROPUESTA ECONÓMICA | F10: □ | I10: ITEMS NO PREVISTOS | K10: □
B11: UNIDAD EJECUTORA: | J11: DIRECCIÓN TERRITORIAL:
B14: CONTRATO No. | D14: DE
B15: OBJETO DEL CONTRATO:
B18: CARRETERA: | J18: SECTOR:
B20: CONTRATISTA:
B22: INTERVENTOR: | K22: CTO No.: | M22: DE
B24: FECHA CIERRE PROCESO DE SELECCIÓN CONTRATO DE OBRA:
F25: (Día) | I25: (Mes) | J25: (Año)
B27: DATOS ESPECÍFICOS
B29: ITEM | C29: DESCRIPCIÓN | K29: GRUPO DE AJUSTE | L29: UNIDAD | N29: CANTIDAD
B30: ITEM | C30: DESCRIPCIÓN | L30: UNIDAD | N30: CANTIDAD
A31: Unidad | B31: 210.2.4 | C31: EXCAVACIÓN EN MATERIAL COMÚN DE PRÉSTAMOS | L31: m3
B33: I. EQUIPO
B35: DESCRIPCIÓN | I35: TIPO | K35: TARIFA/HORA | L35: RENDIMIENTO | N35: Vr. UNITARIO
A36: C0010790 | B36: =VLOOKUP(A36,EQUIPOS!A6:D154,3,FALSE) -> Retroexcavadora sobre oruga, potencia 138 HP, balde de 1,5 m3. | K36: =VLOOKUP(A36,EQUIPOS!A6:D163,4,FALSE) -> 148800 | M36: 66 | N36: =K36/M36 -> 2254.5455
B42: HERRAMIENTA MENOR (%) | L42: 0.01 | N42: =N76*L42 -> 0.86160129
B43: SUBTOTAL $ | N43: =SUM(N36:N42) -> 2255.4071
B45: II. MATERIALES
B47: DESCRIPCIÓN | J47: UNIDAD | K47: CANTIDAD | L47: PRECIO UNIT. | N47: Vr. UNITARIO
B54: SUBTOTAL $
B56: III. TRANSPORTES
B58: MATERIAL | H58: UNIDAD | I58: CANTIDAD (1) | J58: DISTANCIA (2) | K58: (1) * (2) | L58: TARIFA | N58: Vr. UNITARIO
B65: SUBTOTAL $
B67: IV. MANO DE OBRA
B69: TRABAJADOR | I69: JORNAL | J69: PRESTACIONES (%) | K69: JORNAL TOTAL | L69: RENDIMIENTO | N69: Vr. UNITARIO
